Workbook

Sheet BAR
A1: Ибис Стайлс Красная Поляна 4*
A2: Тариф "Базовый с завтраком"
A3: Открытые тарифы
A4: завтраки формата "Шведский стол" | B4: 46274 | C4: 46275 | D4: 46276 | E4: 46277 | F4: 46278 | G4: 46279 | H4: 46280 | I4: 46281 | J4: 46282 | K4: 46283 | L4: 46284 | M4: 46285 | N4: 46286 | O4: 46287 | P4: 46288 | Q4: 46289 | R4: 46290 | S4: 46291 | T4: 46292 | U4: 46293 | V4: 46294 | W4: 46295 | X4: 46296 | Y4: 46297 | Z4: 46298 | AA4: 46299 | AB4: 46300 | AC4: 46301 | AD4: 46302 | AE4: 46303 | AF4: 46304 | AG4: 46305 | AH4: 46306 | AI4: 46307 | AJ4: 46308 | AK4: 46309 | AL4: 46310 | AM4: 46311 | AN4: 46312 | AO4: 46313 | AP4: 46314 | AQ4: 46315 | AR4: 46316 | AS4: 46317 | AT4: 46318 | AU4: 46319 | AV4: 46320 | AW4: 46321 | AX4: 46322 | AY4: 46323 | AZ4: 46324 | BA4: 46325 | BB4: 46326 | BC4: 46327 | BD4: 46328 | BE4: 46329 | BF4: 46330 | BG4: 46331 | BH4: 46332 | BI4: 46333 | BJ4: 46334 | BK4: 46335 | BL4: 46336 | BM4: 46337 | BN4: 46338 | BO4: 46339 | BP4: 46340 | BQ4: 46341 | BR4: 46342 | BS4: 46343 | BT4: 46344 | BU4: 46345 | BV4: 46346 | BW4: 46347 | BX4: 46348 | BY4: 46349 | BZ4: 46350 | CA4: 46351 | CB4: 46352 | CC4: 46353 | CD4: 46354 | CE4: 46355 | CF4: 46356 | CG4: 46357 | CH4: 46358 | CI4: 46359 | CJ4: 46360 | CK4: 46361 | CL4: 46362 | CM4: 46363 | CN4: 46364 | CO4: 46365 | CP4: 46366 | CQ4: 46367 | CR4: 46368 | CS4: 46369 | CT4: 46370 | CU4: 46371 | CV4: 46372 | CW4: 46373 | CX4: 46374 | CY4: 46375 | CZ4: 46376 | DA4: 46377 | DB4: 46378 | DC4: 46379 | DD4: 46380 | DE4: 46381 | DF4: 46382 | DG4: 46383 | DH4: 46384 | DI4: 46385 | DJ4: 46386 | DK4: 46387 | DL4: 46388 | DM4: 46389 | DN4: 46390 | DO4: 46391 | DP4: 46392 | DQ4: 46393 | DR4: 46394 | DS4: 46395 | DT4: 46396 | DU4: 46397 | DV4: 46398 | DW4: 46399 | DX4: 46400 | DY4: 46401 | DZ4: 46402 | EA4: 46403 | EB4: 46404 | EC4: 46405 | ED4: 46406 | EE4: 46407 | EF4: 46408 | EG4: 46409 | EH4: 46410 | EI4: 46411 | EJ4: 46412 | EK4: 46413 | EL4: 46414 | EM4: 46415 | EN4: 46416 | EO4: 46417 | EP4: 46418 | EQ4: 46419 | ER4: 46420 | ES4: 46421 | ET4: 46422 | EU4: 46423 | EV4: 46424 | EW4: 46425 | EX4: 46426 | EY4: 46427 | EZ4: 46428 | FA4: 46429 | FB4: 46430 | FC4: 46431 | FD4: 46432 | FE4: 46433 | FF4: 46434 | FG4: 46435 | FH4: 46436 | FI4: 46437 | FJ4: 46438 | FK4: 46439 | FL4: 46440 | FM4: 46441 | FN4: 46442 | FO4: 46443 | FP4: 46444 | FQ4: 46445 | FR4: 46446 | FS4: 46447 | FT4: 46448 | FU4: 46449 | FV4: 46450 | FW4: 46451 | FX4: 46452 | FY4: 46453 | FZ4: 46454 | GA4: 46455 | GB4: 46456 | GC4: 46457 | GD4: 46458 | GE4: 46459 | GF4: 46460 | GG4: 46461 | GH4: 46462 | GI4: 46463 | GJ4: 46464 | GK4: 46465 | GL4: 46466 | GM4: 46467 | GN4: 46468 | GO4: 46469 | GP4: 46470 | GQ4: 46471 | GR4: 46472 | GS4: 46473 | GT4: 46474 | GU4: 46475 | GV4: 46476 | GW4: 46477
A5: Стандартный номер - с двуспальной кроватью, Стандартный номер - с 2 односпальными кроватями
A6: 1 | B6: 6850 | C6: 6850 | D6: 6850 | E6: 6850 | F6: 6550 | G6: 6550 | H6: 6550 | I6: 6550 | J6: 6550 | K6: 6850 | L6: 6850 | M6: 6250 | N6: 6250 | O6: 6250 | P6: 6250 | Q6: 6250 | R6: 6550 | S6: 6550 | T6: 6250 | U6: 6250 | V6: 6250 | W6: 6250 | X6: 6050 | Y6: 6350 | Z6: 6350 | AA6: 6050 | AB6: 6050 | AC6: 6050 | AD6: 6050 | AE6: 6050 | AF6: 6350 | AG6: 6350 | AH6: 6050 | AI6: 6050 | AJ6: 6050 | AK6: 6050 | AL6: 6050 | AM6: 6350 | AN6: 6350 | AO6: 5750 | AP6: 5750 | AQ6: 5750 | AR6: 5750 | AS6: 5750 | AT6: 6050 | AU6: 6050 | AV6: 5750 | AW6: 5750 | AX6: 6650 | AY6: 6650 | AZ6: 6650 | BA6: 6050 | BB6: 6050 | BC6: 5750 | BD6: 5750 | BE6: 5750 | BF6: 6050 | BG6: 6050 | BH6: 6050 | BI6: 6050 | BJ6: 5450 | BK6: 5450 | BL6: 5450 | BM6: 5450 | BN6: 5450 | BO6: 5750 | BP6: 5750 | BQ6: 5450 | BR6: 5450 | BS6: 5450 | BT6: 5450 | BU6: 5450 | BV6: 5750 | BW6: 5750 | BX6: 5450 | BY6: 5450 | BZ6: 5450 | CA6: 5450 | CB6: 5450 | CC6: 5750 | CD6: 5750 | CE6: 5450 | CF6: 5450 | CG6: 5450 | CH6: 5450 | CI6: 5450 | CJ6: 5750 | CK6: 5750 | CL6: 5450 | CM6: 5450 | CN6: 5450 | CO6: 5450 | CP6: 5450 | CQ6: 6950 | CR6: 6950 | CS6: 6950 | CT6: 6950 | CU6: 6950 | CV6: 6950 | CW6: 6950 | CX6: 7850 | CY6: 7850 | CZ6: 7850 | DA6: 7850 | DB6: 7850 | DC6: 7850 | DD6: 7850 | DE6: 8850 | DF6: 8850 | DG6: 8850 | DH6: 8850 | DI6: 20200 | DJ6: 26100 | DK6: 26100 | DL6: 26100 | DM6: 26100 | DN6: 26100 | DO6: 26100 | DP6: 26100 | DQ6: 26100 | DR6: 26100 | DS6: 26100 | DT6: 16050 | DU6: 16050 | DV6: 16050 | DW6: 16050 | DX6: 16050 | DY6: 16050 | DZ6: 16750 | EA6: 16750 | EB6: 16750 | EC6: 16750 | ED6: 16750 | EE6: 19650 | EF6: 19650 | EG6: 19650 | EH6: 19650 | EI6: 19650 | EJ6: 19650 | EK6: 19650 | EL6: 19650 | EM6: 19650 | EN6: 19650 | EO6: 19650 | EP6: 19650 | EQ6: 18150 | ER6: 18150 | ES6: 18150 | ET6: 18150 | EU6: 18150 | EV6: 18150 | EW6: 18150 | EX6: 18150 | EY6: 18150 | EZ6: 18150 | FA6: 18150 | FB6: 18150 | FC6: 18150 | FD6: 18150 | FE6: 18150 | FF6: 18150 | FG6: 18150 | FH6: 18150 | FI6: 18150 | FJ6: 18150 | FK6: 21150 | FL6: 21150 | FM6: 21150 | FN6: 18150 | FO6: 18150 | FP6: 18150 | FQ6: 18150 | FR6: 18150 | FS6: 16750 | FT6: 16750 | FU6: 16750 | FV6: 16750 | FW6: 16750 | FX6: 16750 | FY6: 16750 | FZ6: 22650 | GA6: 17450 | GB6: 14250 | GC6: 14250 | GD6: 14250 | GE6: 14250 | GF6: 14250 | GG6: 14250 | GH6: 14250 | GI6: 14250 | GJ6: 14250 | GK6: 14250 | GL6: 14250 | GM6: 14250 | GN6: 14250 | GO6: 14250 | GP6: 14250 | GQ6: 14250 | GR6: 14250 | GS6: 14250 | GT6: 14250 | GU6: 14250 | GV6: 14250 | GW6: 14250
A7: 2 | B7: =B6+1650 -> 8500 | C7: =C6+1650 -> 8500 | D7: =D6+1650 -> 8500 | E7: =E6+1650 -> 8500 | F7: =F6+1650 -> 8200 | G7: =G6+1650 -> 8200 | H7: =H6+1650 -> 8200 | I7: =I6+1650 -> 8200 | ... DH7: =DH6+1650 -> 10500 | DI7: =DI6+2000 -> 22200 | DJ7: =DJ6+2000 -> 28100 | DK7: =DK6+2000 -> 28100 | DL7: =DL6+2000 -> 28100 | DM7: =DM6+2000 -> 28100 | DN7: =DN6+2000 -> 28100 | DO7: =DO6+2000 -> 28100 | DP7: =DP6+2000 -> 28100 | ... DS7: =DS6+2000 -> 28100 | DT7: =DT6+1850 -> 17900 | DU7: =DU6+1850 -> 17900 | DV7: =DV6+1850 -> 17900 | DW7: =DW6+1850 -> 17900 | DX7: =DX6+1850 -> 17900 | DY7: =DY6+1850 -> 17900 | DZ7: =DZ6+1850 -> 18600 | EA7: =EA6+1850 -> 18600 | ... GW7: =GW6+1850 -> 16100
A8: Стандартный номер, с балконом - с двуспальной кроватью
A9: 1 | B9: =B6+1000 -> 7850 | C9: =C6+1000 -> 7850 | D9: =D6+1000 -> 7850 | E9: =E6+1000 -> 7850 | F9: =F6+1000 -> 7550 | G9: =G6+1000 -> 7550 | H9: =H6+1000 -> 7550 | I9: =I6+1000 -> 7550 | ... W9: =W6+1000 -> 7250 | X9: =X6+700 -> 6750 | Y9: =Y6+700 -> 7050 | Z9: =Z6+700 -> 7050 | AA9: =AA6+700 -> 6750 | AB9: =AB6+700 -> 6750 | AC9: =AC6+700 -> 6750 | AD9: =AD6+700 -> 6750 | AE9: =AE6+700 -> 6750 | ... DH9: =DH6+700 -> 9550 | DI9: =DI6+2000 -> 22200 | DJ9: =DJ6+2000 -> 28100 | DK9: =DK6+2000 -> 28100 | DL9: =DL6+2000 -> 28100 | DM9: =DM6+2000 -> 28100 | DN9: =DN6+2000 -> 28100 | DO9: =DO6+2000 -> 28100 | DP9: =DP6+2000 -> 28100 | ... DS9: =DS6+2000 -> 28100 | DT9: =DT6+1500 -> 17550 | DU9: =DU6+1500 -> 17550 | DV9: =DV6+1500 -> 17550 | DW9: =DW6+1500 -> 17550 | DX9: =DX6+1500 -> 17550 | DY9: =DY6+1500 -> 17550 | DZ9: =DZ6+1500 -> 18250 | EA9: =EA6+1500 -> 18250 | ... GA9: =GA6+1500 -> 18950 | GB9: =GB6+1000 -> 15250 | GC9: =GC6+1000 -> 15250 | GD9: =GD6+1000 -> 15250 | GE9: =GE6+1000 -> 15250 | GF9: =GF6+1000 -> 15250 | GG9: =GG6+1000 -> 15250 | GH9: =GH6+1000 -> 15250 | GI9: =GI6+1000 -> 15250 | ... GW9: =GW6+1000 -> 15250
A10: 2 | B10: =B9+1650 -> 9500 | C10: =C9+1650 -> 9500 | D10: =D9+1650 -> 9500 | E10: =E9+1650 -> 9500 | F10: =F9+1650 -> 9200 | G10: =G9+1650 -> 9200 | H10: =H9+1650 -> 9200 | I10: =I9+1650 -> 9200 | ... DH10: =DH9+1650 -> 11200 | DI10: =DI9+2000 -> 24200 | DJ10: =DJ9+2000 -> 30100 | DK10: =DK9+2000 -> 30100 | DL10: =DL9+2000 -> 30100 | DM10: =DM9+2000 -> 30100 | DN10: =DN9+2000 -> 30100 | DO10: =DO9+2000 -> 30100 | DP10: =DP9+2000 -> 30100 | ... DS10: =DS9+2000 -> 30100 | DT10: =DT9+1850 -> 19400 | DU10: =DU9+1850 -> 19400 | DV10: =DV9+1850 -> 19400 | DW10: =DW9+1850 -> 19400 | DX10: =DX9+1850 -> 19400 | DY10: =DY9+1850 -> 19400 | DZ10: =DZ9+1850 -> 20100 | EA10: =EA9+1850 -> 20100 | ... GW10: =GW9+1850 -> 17100
A11: Стандартный номер, с видом на горы - с двуспальной кроватью
A12: 1 | B12: =B6+1500 -> 8350 | C12: =C6+1500 -> 8350 | D12: =D6+1500 -> 8350 | E12: =E6+1500 -> 8350 | F12: =F6+1500 -> 8050 | G12: =G6+1500 -> 8050 | H12: =H6+1500 -> 8050 | I12: =I6+1500 -> 8050 | ... DH12: =DH6+1500 -> 10350 | DI12: =DI6+2500 -> 22700 | DJ12: =DJ6+2500 -> 28600 | DK12: =DK6+2500 -> 28600 | DL12: =DL6+2500 -> 28600 | DM12: =DM6+2500 -> 28600 | DN12: =DN6+2500 -> 28600 | DO12: =DO6+2500 -> 28600 | DP12: =DP6+2500 -> 28600 | ... GA12: =GA6+2500 -> 19950 | GB12: =GB6+1500 -> 15750 | GC12: =GC6+1500 -> 15750 | GD12: =GD6+1500 -> 15750 | GE12: =GE6+1500 -> 15750 | GF12: =GF6+1500 -> 15750 | GG12: =GG6+1500 -> 15750 | GH12: =GH6+1500 -> 15750 | GI12: =GI6+1500 -> 15750 | ... GW12: =GW6+1500 -> 15750
A13: 2 | B13: =B12+1650 -> 10000 | C13: =C12+1650 -> 10000 | D13: =D12+1650 -> 10000 | E13: =E12+1650 -> 10000 | F13: =F12+1650 -> 9700 | G13: =G12+1650 -> 9700 | H13: =H12+1650 -> 9700 | I13: =I12+1650 -> 9700 | ... DH13: =DH12+1650 -> 12000 | DI13: =DI12+2000 -> 24700 | DJ13: =DJ12+2000 -> 30600 | DK13: =DK12+2000 -> 30600 | DL13: =DL12+2000 -> 30600 | DM13: =DM12+2000 -> 30600 | DN13: =DN12+2000 -> 30600 | DO13: =DO12+2000 -> 30600 | DP13: =DP12+2000 -> 30600 | ... DS13: =DS12+2000 -> 30600 | DT13: =DT12+1850 -> 20400 | DU13: =DU12+1850 -> 20400 | DV13: =DV12+1850 -> 20400 | DW13: =DW12+1850 -> 20400 | DX13: =DX12+1850 -> 20400 | DY13: =DY12+1850 -> 20400 | DZ13: =DZ12+1850 -> 21100 | EA13: =EA12+1850 -> 21100 | ... GW13: =GW12+1850 -> 17600
A14: Номер Люкс - с двуспальной кроватью
A15: 1 | B15: =B6+5500 -> 12350 | C15: =C6+5500 -> 12350 | D15: =D6+5500 -> 12350 | E15: =E6+5500 -> 12350 | F15: =F6+5500 -> 12050 | G15: =G6+5500 -> 12050 | H15: =H6+5500 -> 12050 | I15: =I6+5500 -> 12050 | ... W15: =W6+5500 -> 11750 | X15: =X6+4500 -> 10550 | Y15: =Y6+4500 -> 10850 | Z15: =Z6+4500 -> 10850 | AA15: =AA6+4500 -> 10550 | AB15: =AB6+4500 -> 10550 | AC15: =AC6+4500 -> 10550 | AD15: =AD6+4500 -> 10550 | AE15: =AE6+4500 -> 10550 | ... DH15: =DH6+4500 -> 13350 | DI15: =DI6+9000 -> 29200 | DJ15: =DJ6+9000 -> 35100 | DK15: =DK6+9000 -> 35100 | DL15: =DL6+9000 -> 35100 | DM15: =DM6+9000 -> 35100 | DN15: =DN6+9000 -> 35100 | DO15: =DO6+9000 -> 35100 | DP15: =DP6+9000 -> 35100 | ... DS15: =DS6+9000 -> 35100 | DT15: =DT6+8500 -> 24550 | DU15: =DU6+8500 -> 24550 | DV15: =DV6+8500 -> 24550 | DW15: =DW6+8500 -> 24550 | DX15: =DX6+8500 -> 24550 | DY15: =DY6+8500 -> 24550 | DZ15: =DZ6+8500 -> 25250 | EA15: =EA6+8500 -> 25250 | ... GA15: =GA6+8500 -> 25950 | GB15: =GB6+6500 -> 20750 | GC15: =GC6+6500 -> 20750 | GD15: =GD6+6500 -> 20750 | GE15: =GE6+6500 -> 20750 | GF15: =GF6+6500 -> 20750 | GG15: =GG6+6500 -> 20750 | GH15: =GH6+6500 -> 20750 | GI15: =GI6+6500 -> 20750 | ... GW15: =GW6+6500 -> 20750
A16: 2 | B16: =B15+1650 -> 14000 | C16: =C15+1650 -> 14000 | D16: =D15+1650 -> 14000 | E16: =E15+1650 -> 14000 | F16: =F15+1650 -> 13700 | G16: =G15+1650 -> 13700 | H16: =H15+1650 -> 13700 | I16: =I15+1650 -> 13700 | ... DH16: =DH15+1650 -> 15000 | DI16: =DI15+2000 -> 31200 | DJ16: =DJ15+2000 -> 37100 | DK16: =DK15+2000 -> 37100 | DL16: =DL15+2000 -> 37100 | DM16: =DM15+2000 -> 37100 | DN16: =DN15+2000 -> 37100 | DO16: =DO15+2000 -> 37100 | DP16: =DP15+2000 -> 37100 | ... DS16: =DS15+2000 -> 37100 | DT16: =DT15+1850 -> 26400 | DU16: =DU15+1850 -> 26400 | DV16: =DV15+1850 -> 26400 | DW16: =DW15+1850 -> 26400 | DX16: =DX15+1850 -> 26400 | DY16: =DY15+1850 -> 26400 | DZ16: =DZ15+1850 -> 27100 | EA16: =EA15+1850 -> 27100 | ... GW16: =GW15+1850 -> 22600
A17: Представительский Люкс - с двуспальной кроватью
A18: 1 | B18: =B6+8500 -> 15350 | C18: =C6+8500 -> 15350 | D18: =D6+8500 -> 15350 | E18: =E6+8500 -> 15350 | F18: =F6+8500 -> 15050 | G18: =G6+8500 -> 15050 | H18: =H6+8500 -> 15050 | I18: =I6+8500 -> 15050 | ... W18: =W6+8500 -> 14750 | X18: =X6+7000 -> 13050 | Y18: =Y6+7000 -> 13350 | Z18: =Z6+7000 -> 13350 | AA18: =AA6+7000 -> 13050 | AB18: =AB6+7000 -> 13050 | AC18: =AC6+7000 -> 13050 | AD18: =AD6+7000 -> 13050 | AE18: =AE6+7000 -> 13050 | ... DH18: =DH6+7000 -> 15850 | DI18: =DI6+10500 -> 30700 | DJ18: =DJ6+10500 -> 36600 | DK18: =DK6+10500 -> 36600 | DL18: =DL6+10500 -> 36600 | DM18: =DM6+10500 -> 36600 | DN18: =DN6+10500 -> 36600 | DO18: =DO6+10500 -> 36600 | DP18: =DP6+10500 -> 36600 | ... DS18: =DS6+10500 -> 36600 | DT18: =DT6+10000 -> 26050 | DU18: =DU6+10000 -> 26050 | DV18: =DV6+10000 -> 26050 | DW18: =DW6+10000 -> 26050 | DX18: =DX6+10000 -> 26050 | DY18: =DY6+10000 -> 26050 | DZ18: =DZ6+10000 -> 26750 | EA18: =EA6+10000 -> 26750 | ... GA18: =GA6+10000 -> 27450 | GB18: =GB6+8500 -> 22750 | GC18: =GC6+8500 -> 22750 | GD18: =GD6+8500 -> 22750 | GE18: =GE6+8500 -> 22750 | GF18: =GF6+8500 -> 22750 | GG18: =GG6+8500 -> 22750 | GH18: =GH6+8500 -> 22750 | GI18: =GI6+8500 -> 22750 | ... GW18: =GW6+8500 -> 22750
A19: 2 | B19: =B18+1650 -> 17000 | C19: =C18+1650 -> 17000 | D19: =D18+1650 -> 17000 | E19: =E18+1650 -> 17000 | F19: =F18+1650 -> 16700 | G19: =G18+1650 -> 16700 | H19: =H18+1650 -> 16700 | I19: =I18+1650 -> 16700 | ... DH19: =DH18+1650 -> 17500 | DI19: =DI18+2000 -> 32700 | DJ19: =DJ18+2000 -> 38600 | DK19: =DK18+2000 -> 38600 | DL19: =DL18+2000 -> 38600 | DM19: =DM18+2000 -> 38600 | DN19: =DN18+2000 -> 38600 | DO19: =DO18+2000 -> 38600 | DP19: =DP18+2000 -> 38600 | ... DS19: =DS18+2000 -> 38600 | DT19: =DT18+1850 -> 27900 | DU19: =DU18+1850 -> 27900 | DV19: =DV18+1850 -> 27900 | DW19: =DW18+1850 -> 27900 | DX19: =DX18+1850 -> 27900 | DY19: =DY18+1850 -> 27900 | DZ19: =DZ18+1850 -> 28600 | EA19: =EA18+1850 -> 28600 | ... GW19: =GW18+1850 -> 24600
A20: Пентхаус - с 2 спальнями
A21: от 1 до 4 | B21: =B7+48350 -> 56850 | C21: =C7+48350 -> 56850 | D21: =D7+48350 -> 56850 | E21: =E7+48350 -> 56850 | F21: =F7+48350 -> 56550 | G21: =G7+48350 -> 56550 | H21: =H7+48350 -> 56550 | I21: =I7+48350 -> 56550 | ... W21: =W7+48350 -> 56250 | X21: =X6+45000 -> 51050 | Y21: =Y6+45000 -> 51350 | Z21: =Z6+45000 -> 51350 | AA21: =AA6+45000 -> 51050 | AB21: =AB6+45000 -> 51050 | AC21: =AC6+45000 -> 51050 | AD21: =AD6+45000 -> 51050 | AE21: =AE6+45000 -> 51050 | ... DH21: =DH6+45000 -> 53850 | DI21: =DI6+95000 -> 115200 | DJ21: =DJ6+95000 -> 121100 | DK21: =DK6+95000 -> 121100 | DL21: =DL6+95000 -> 121100 | DM21: =DM6+95000 -> 121100 | DN21: =DN6+95000 -> 121100 | DO21: =DO6+95000 -> 121100 | DP21: =DP6+95000 -> 121100 | ... DS21: =DS6+95000 -> 121100 | DT21: =DT6+65000 -> 81050 | DU21: =DU6+65000 -> 81050 | DV21: =DV6+65000 -> 81050 | DW21: =DW6+65000 -> 81050 | DX21: =DX6+65000 -> 81050 | DY21: =DY6+65000 -> 81050 | DZ21: =DZ6+65000 -> 81750 | EA21: =EA6+65000 -> 81750 | ... GA21: =GA6+65000 -> 82450 | GB21: =GB6+55000 -> 69250 | GC21: =GC6+55000 -> 69250 | GD21: =GD6+55000 -> 69250 | GE21: =GE6+55000 -> 69250 | GF21: =GF6+55000 -> 69250 | GG21: =GG6+55000 -> 69250 | GH21: =GH6+55000 -> 69250 | GI21: =GI6+55000 -> 69250 | ... GW21: =GW6+55000 -> 69250
A22: Доп.инфо:
A23: 📌Дополнительное место с завтраком: 01.04.26 - 28.12.26 взр 2650 руб/сут, реб 1850 руб/сут 29.12.26 - 08.01.27 взр 3000 руб/сут, реб 2000 руб/сут 09.01.27 - 31.03.27 взр 2850 руб/сут, реб 1950 руб/сут 📌Дополнительное место без завтрака: 01.04.26 - 28.12.26 взр 1000 руб/сут, реб 1000 руб/сут 29.12.26 - 08.01.27 взр 1000 руб/сут, реб 1000 руб/сут 09.01.27 - 31.03.27 взр 1000 руб/сут, реб 1000 руб/сут 📌Завтраки: 01.04.26 - 28.12.26 взр 1650 руб/сут, реб 850 руб/сут 29.12.26 - 08.01.27 взр 2000 руб/сут, реб 1000 руб/сут 09.01.27 - 31.03.27 взр 1850 руб/сут, реб 950 руб/сут 📌Доплата за размещение с животными (до 15 кг и 45 см в холке) – 2500 рублей/единоразово при заселении. Допустимо проживание не более 1-го животного в номере. Обязателен вет.паспорт животного. 📌Услуга "Ранний заезд или Поздний выезд" предоставляется при 100% гарантиии доп. суток размещения по возможности отеля. Негарантированный РЗ/ПВ оформляется в отеле и предоставляется по возможности отеля. Время негарантированных услуг: РЗ с 00:00 до 02:59 - 100%, с 03:00 до 15:00 - 50%; ПВ с 12:00 до 18:00 - 50%, после 18:00 - 100%.
A24: Новогодний тариф (включительно):
A25: Период продажи: 22.07.2026 – 08.01.2027 Период проживания: 29.12.2026 – 08.01.2027 Условия бронирования: При бронировании номера в даты проживания с 30.12.25-08.01.26 необходима предоплата в размере 1-х суток и полная оплата в размере 100% до 01.12.2026. Условия аннуляции: бесплатная отмена до 00:00 дня заезда и при отмене после 00:00 часов дня заезда удерживается стоимость первых суток.
A26: Даты тарифа (включительно):
A27: Период продажи: 20.03.2026 - 30.03.2027 Период проживания: 20.03.2026 - 31.03.2027
A28: В стоимость включено:
A29: Проживание в номере выбранной категории; Завтрак по системе "Шведский стол"; Игровые пространства для досуга и отдыха детей и взрослых (Xbox, настольный футбол, аэрохоккей и бильярд); Услуги парковки автомобиля на Поляне 960 (крытая и открытая парковка); Подъём по канатной дороге с Поляны 540 на Поляну 960; Бесплатный Wi-Fi на территории всего отеля Комната для хранения горнолыжного оборудования
A30: Условия аннуляции:
A31: В случае отмены или изменения бронирования менее чем за 24 часа до заезда удерживается стоимость первых суток.
A32: Пропуск "Сочинский национальный парк":
A33: Территория Курорта Красная поляна является особо охраняемой природной территорией "Сочинский национальный парк". При подъёме выше отметки +960 и при прогулках по экотропам Курорта, вам необходимо оформить пропуск. *Детям дошкольного и школьного возраста, гостям пенсионного возраста - приобретают льготный билет (0Р) в кассе Сочинского национального парка, на высоте 960 Купить пропуск в национальный парк https://npsochi.ru/tickets/ Ознакомиться с правилами Сочинского национального парка https://npsochi.ru/rules/

Sheet РБ10%
A1: Ибис Стайлс Красная Поляна 4*
A2: Тариф "Раннее бронирование со скидкой 10%, завтрак включен"
A3: Открытые тарифы
A4: завтраки формата "Шведский стол" | B4: 46274 | C4: 46275 | D4: 46276 | E4: 46277 | F4: 46278 | G4: 46279 | H4: 46280 | I4: 46281 | J4: 46282 | K4: 46283 | L4: 46284 | M4: 46285 | N4: 46286 | O4: 46287 | P4: 46288 | Q4: 46289 | R4: 46290 | S4: 46291 | T4: 46292 | U4: 46293 | V4: 46294 | W4: 46295 | X4: 46296 | Y4: 46297 | Z4: 46298 | AA4: 46299 | AB4: 46300 | AC4: 46301 | AD4: 46302 | AE4: 46303 | AF4: 46304 | AG4: 46305 | AH4: 46306 | AI4: 46307 | AJ4: 46308 | AK4: 46309 | AL4: 46310 | AM4: 46311 | AN4: 46312 | AO4: 46313 | AP4: 46314 | AQ4: 46315 | AR4: 46316 | AS4: 46317 | AT4: 46318 | AU4: 46319 | AV4: 46320 | AW4: 46321 | AX4: 46322 | AY4: 46323 | AZ4: 46324 | BA4: 46325 | BB4: 46326 | BC4: 46327 | BD4: 46328 | BE4: 46329 | BF4: 46330 | BG4: 46331 | BH4: 46332 | BI4: 46333 | BJ4: 46334 | BK4: 46335 | BL4: 46336 | BM4: 46337 | BN4: 46338 | BO4: 46339 | BP4: 46340 | BQ4: 46341 | BR4: 46342 | BS4: 46343 | BT4: 46344 | BU4: 46345 | BV4: 46346 | BW4: 46347 | BX4: 46348 | BY4: 46349 | BZ4: 46350 | CA4: 46351 | CB4: 46352 | CC4: 46353 | CD4: 46354 | CE4: 46355 | CF4: 46356 | CG4: 46357 | CH4: 46358 | CI4: 46359 | CJ4: 46360 | CK4: 46361 | CL4: 46362 | CM4: 46363 | CN4: 46364 | CO4: 46365 | CP4: 46366 | CQ4: 46367 | CR4: 46368 | CS4: 46369 | CT4: 46370 | CU4: 46371 | CV4: 46372 | CW4: 46373 | CX4: 46374 | CY4: 46375 | CZ4: 46376 | DA4: 46377 | DB4: 46378 | DC4: 46379 | DD4: 46380 | DE4: 46381 | DF4: 46382 | DG4: 46383 | DH4: 46384 | DI4: 46385 | DJ4: 46386 | DK4: 46387 | DL4: 46388 | DM4: 46389 | DN4: 46390 | DO4: 46391 | DP4: 46392 | DQ4: 46393 | DR4: 46394 | DS4: 46395 | DT4: 46396 | DU4: 46397 | DV4: 46398 | DW4: 46399 | DX4: 46400 | DY4: 46401 | DZ4: 46402 | EA4: 46403 | EB4: 46404 | EC4: 46405 | ED4: 46406 | EE4: 46407 | EF4: 46408 | EG4: 46409 | EH4: 46410 | EI4: 46411 | EJ4: 46412 | EK4: 46413 | EL4: 46414 | EM4: 46415 | EN4: 46416 | EO4: 46417 | EP4: 46418 | EQ4: 46419 | ER4: 46420 | ES4: 46421 | ET4: 46422 | EU4: 46423 | EV4: 46424 | EW4: 46425 | EX4: 46426 | EY4: 46427 | EZ4: 46428 | FA4: 46429 | FB4: 46430 | FC4: 46431 | FD4: 46432 | FE4: 46433 | FF4: 46434 | FG4: 46435 | FH4: 46436 | FI4: 46437 | FJ4: 46438 | FK4: 46439 | FL4: 46440 | FM4: 46441 | FN4: 46442 | FO4: 46443 | FP4: 46444 | FQ4: 46445 | FR4: 46446 | FS4: 46447 | FT4: 46448 | FU4: 46449 | FV4: 46450 | FW4: 46451 | FX4: 46452 | FY4: 46453 | FZ4: 46454 | GA4: 46455 | GB4: 46456 | GC4: 46457 | GD4: 46458 | GE4: 46459 | GF4: 46460 | GG4: 46461 | GH4: 46462 | GI4: 46463 | GJ4: 46464 | GK4: 46465 | GL4: 46466 | GM4: 46467 | GN4: 46468 | GO4: 46469 | GP4: 46470 | GQ4: 46471 | GR4: 46472 | GS4: 46473 | GT4: 46474 | GU4: 46475 | GV4: 46476 | GW4: 46477
A5: Стандартный номер - с двуспальной кроватью, Стандартный номер - с 2 односпальными кроватями
A6: 1 | B6: =0.9*BAR!B6 -> 6165 | C6: =0.9*BAR!C6 -> 6165 | D6: =0.9*BAR!D6 -> 6165 | E6: =0.9*BAR!E6 -> 6165 | F6: =0.9*BAR!F6 -> 5895 | G6: =0.9*BAR!G6 -> 5895 | H6: =0.9*BAR!H6 -> 5895 | I6: =0.9*BAR!I6 -> 5895 | ... GW6: =0.9*BAR!GW6 -> 12825
A7: 2 | B7: =0.9*BAR!B7 -> 7650 | C7: =0.9*BAR!C7 -> 7650 | D7: =0.9*BAR!D7 -> 7650 | E7: =0.9*BAR!E7 -> 7650 | F7: =0.9*BAR!F7 -> 7380 | G7: =0.9*BAR!G7 -> 7380 | H7: =0.9*BAR!H7 -> 7380 | I7: =0.9*BAR!I7 -> 7380 | ... GW7: =0.9*BAR!GW7 -> 14490
A8: Стандартный номер, с балконом - с двуспальной кроватью
A9: 1 | B9: =0.9*BAR!B9 -> 7065 | C9: =0.9*BAR!C9 -> 7065 | D9: =0.9*BAR!D9 -> 7065 | E9: =0.9*BAR!E9 -> 7065 | F9: =0.9*BAR!F9 -> 6795 | G9: =0.9*BAR!G9 -> 6795 | H9: =0.9*BAR!H9 -> 6795 | I9: =0.9*BAR!I9 -> 6795 | ... GW9: =0.9*BAR!GW9 -> 13725
A10: 2 | B10: =0.9*BAR!B10 -> 8550 | C10: =0.9*BAR!C10 -> 8550 | D10: =0.9*BAR!D10 -> 8550 | E10: =0.9*BAR!E10 -> 8550 | F10: =0.9*BAR!F10 -> 8280 | G10: =0.9*BAR!G10 -> 8280 | H10: =0.9*BAR!H10 -> 8280 | I10: =0.9*BAR!I10 -> 8280 | ... GW10: =0.9*BAR!GW10 -> 15390
A11: Стандартный номер, с видом на горы - с двуспальной кроватью
A12: 1 | B12: =0.9*BAR!B12 -> 7515 | C12: =0.9*BAR!C12 -> 7515 | D12: =0.9*BAR!D12 -> 7515 | E12: =0.9*BAR!E12 -> 7515 | F12: =0.9*BAR!F12 -> 7245 | G12: =0.9*BAR!G12 -> 7245 | H12: =0.9*BAR!H12 -> 7245 | I12: =0.9*BAR!I12 -> 7245 | ... GW12: =0.9*BAR!GW12 -> 14175
A13: 2 | B13: =0.9*BAR!B13 -> 9000 | C13: =0.9*BAR!C13 -> 9000 | D13: =0.9*BAR!D13 -> 9000 | E13: =0.9*BAR!E13 -> 9000 | F13: =0.9*BAR!F13 -> 8730 | G13: =0.9*BAR!G13 -> 8730 | H13: =0.9*BAR!H13 -> 8730 | I13: =0.9*BAR!I13 -> 8730 | ... GW13: =0.9*BAR!GW13 -> 15840
A14: Номер Люкс - с двуспальной кроватью
A15: 1 | B15: =0.9*BAR!B15 -> 11115 | C15: =0.9*BAR!C15 -> 11115 | D15: =0.9*BAR!D15 -> 11115 | E15: =0.9*BAR!E15 -> 11115 | F15: =0.9*BAR!F15 -> 10845 | G15: =0.9*BAR!G15 -> 10845 | H15: =0.9*BAR!H15 -> 10845 | I15: =0.9*BAR!I15 -> 10845 | ... GW15: =0.9*BAR!GW15 -> 18675
A16: 2 | B16: =0.9*BAR!B16 -> 12600 | C16: =0.9*BAR!C16 -> 12600 | D16: =0.9*BAR!D16 -> 12600 | E16: =0.9*BAR!E16 -> 12600 | F16: =0.9*BAR!F16 -> 12330 | G16: =0.9*BAR!G16 -> 12330 | H16: =0.9*BAR!H16 -> 12330 | I16: =0.9*BAR!I16 -> 12330 | ... GW16: =0.9*BAR!GW16 -> 20340
A17: Представительский Люкс - с двуспальной кроватью
A18: 1 | B18: =0.9*BAR!B18 -> 13815 | C18: =0.9*BAR!C18 -> 13815 | D18: =0.9*BAR!D18 -> 13815 | E18: =0.9*BAR!E18 -> 13815 | F18: =0.9*BAR!F18 -> 13545 | G18: =0.9*BAR!G18 -> 13545 | H18: =0.9*BAR!H18 -> 13545 | I18: =0.9*BAR!I18 -> 13545 | ... GW18: =0.9*BAR!GW18 -> 20475
A19: 2 | B19: =0.9*BAR!B19 -> 15300 | C19: =0.9*BAR!C19 -> 15300 | D19: =0.9*BAR!D19 -> 15300 | E19: =0.9*BAR!E19 -> 15300 | F19: =0.9*BAR!F19 -> 15030 | G19: =0.9*BAR!G19 -> 15030 | H19: =0.9*BAR!H19 -> 15030 | I19: =0.9*BAR!I19 -> 15030 | ... GW19: =0.9*BAR!GW19 -> 22140
A20: Пентхаус - с 2 спальнями
A21: от 1 до 4 | B21: =0.9*BAR!B21 -> 51165 | C21: =0.9*BAR!C21 -> 51165 | D21: =0.9*BAR!D21 -> 51165 | E21: =0.9*BAR!E21 -> 51165 | F21: =0.9*BAR!F21 -> 50895 | G21: =0.9*BAR!G21 -> 50895 | H21: =0.9*BAR!H21 -> 50895 | I21: =0.9*BAR!I21 -> 50895 | ... GW21: =0.9*BAR!GW21 -> 62325
A22: Пентхаус с тремя спальнями/ Penthouse with 3 bedroom
A23: От 1 до 6
A24: ВАЖНО:
A25: Доступен для бронирования от 7 до 14 дней до заезда.
A26: Даты тарифа (включительно):
A27: Период продажи: 20.03.2026 - 30.03.2027 Период проживания: 20.03.2026 - 31.03.2027
A28: Закрытые даты (включительно):
A29: 29.12.2026 - 08.01.2027
A30: В стоимость включено:
A31: Проживание в номере выбранной категории; Завтрак по системе "Шведский стол"; Игровые пространства для досуга и отдыха детей и взрослых (Xbox, настольный футбол, аэрохоккей и бильярд); Услуги парковки автомобиля на Поляне 960 (крытая и открытая парковка); Подъём по канатной дороге с Поляны 540 на Поляну 960; Бесплатный Wi-Fi на территории всего отеля Комната для хранения горнолыжного оборудования
A32: Условия аннуляции:
A33: Для оформления бронирования необходимо внести 100% предоплату в размере полной стоимости проживания. В случае отмены или изменения бронирования менее чем за 24 часа до заезда удерживается стоимость первых суток.

Sheet РБ15%
A1: Ибис Стайлс Красная Поляна 4*
A2: Тариф "Раннее бронирование со скидкой 15%, завтрак включен"
A3: Открытые тарифы
A4: завтраки формата "Шведский стол" | B4: 46274 | C4: 46275 | D4: 46276 | E4: 46277 | F4: 46278 | G4: 46279 | H4: 46280 | I4: 46281 | J4: 46282 | K4: 46283 | L4: 46284 | M4: 46285 | N4: 46286 | O4: 46287 | P4: 46288 | Q4: 46289 | R4: 46290 | S4: 46291 | T4: 46292 | U4: 46293 | V4: 46294 | W4: 46295 | X4: 46296 | Y4: 46297 | Z4: 46298 | AA4: 46299 | AB4: 46300 | AC4: 46301 | AD4: 46302 | AE4: 46303 | AF4: 46304 | AG4: 46305 | AH4: 46306 | AI4: 46307 | AJ4: 46308 | AK4: 46309 | AL4: 46310 | AM4: 46311 | AN4: 46312 | AO4: 46313 | AP4: 46314 | AQ4: 46315 | AR4: 46316 | AS4: 46317 | AT4: 46318 | AU4: 46319 | AV4: 46320 | AW4: 46321 | AX4: 46322 | AY4: 46323 | AZ4: 46324 | BA4: 46325 | BB4: 46326 | BC4: 46327 | BD4: 46328 | BE4: 46329 | BF4: 46330 | BG4: 46331 | BH4: 46332 | BI4: 46333 | BJ4: 46334 | BK4: 46335 | BL4: 46336 | BM4: 46337 | BN4: 46338 | BO4: 46339 | BP4: 46340 | BQ4: 46341 | BR4: 46342 | BS4: 46343 | BT4: 46344 | BU4: 46345 | BV4: 46346 | BW4: 46347 | BX4: 46348 | BY4: 46349 | BZ4: 46350 | CA4: 46351 | CB4: 46352 | CC4: 46353 | CD4: 46354 | CE4: 46355 | CF4: 46356 | CG4: 46357 | CH4: 46358 | CI4: 46359 | CJ4: 46360 | CK4: 46361 | CL4: 46362 | CM4: 46363 | CN4: 46364 | CO4: 46365 | CP4: 46366 | CQ4: 46367 | CR4: 46368 | CS4: 46369 | CT4: 46370 | CU4: 46371 | CV4: 46372 | CW4: 46373 | CX4: 46374 | CY4: 46375 | CZ4: 46376 | DA4: 46377 | DB4: 46378 | DC4: 46379 | DD4: 46380 | DE4: 46381 | DF4: 46382 | DG4: 46383 | DH4: 46384 | DI4: 46385 | DJ4: 46386 | DK4: 46387 | DL4: 46388 | DM4: 46389 | DN4: 46390 | DO4: 46391 | DP4: 46392 | DQ4: 46393 | DR4: 46394 | DS4: 46395 | DT4: 46396 | DU4: 46397 | DV4: 46398 | DW4: 46399 | DX4: 46400 | DY4: 46401 | DZ4: 46402 | EA4: 46403 | EB4: 46404 | EC4: 46405 | ED4: 46406 | EE4: 46407 | EF4: 46408 | EG4: 46409 | EH4: 46410 | EI4: 46411 | EJ4: 46412 | EK4: 46413 | EL4: 46414 | EM4: 46415 | EN4: 46416 | EO4: 46417 | EP4: 46418 | EQ4: 46419 | ER4: 46420 | ES4: 46421 | ET4: 46422 | EU4: 46423 | EV4: 46424 | EW4: 46425 | EX4: 46426 | EY4: 46427 | EZ4: 46428 | FA4: 46429 | FB4: 46430 | FC4: 46431 | FD4: 46432 | FE4: 46433 | FF4: 46434 | FG4: 46435 | FH4: 46436 | FI4: 46437 | FJ4: 46438 | FK4: 46439 | FL4: 46440 | FM4: 46441 | FN4: 46442 | FO4: 46443 | FP4: 46444 | FQ4: 46445 | FR4: 46446 | FS4: 46447 | FT4: 46448 | FU4: 46449 | FV4: 46450 | FW4: 46451 | FX4: 46452 | FY4: 46453 | FZ4: 46454 | GA4: 46455 | GB4: 46456 | GC4: 46457 | GD4: 46458 | GE4: 46459 | GF4: 46460 | GG4: 46461 | GH4: 46462 | GI4: 46463 | GJ4: 46464 | GK4: 46465 | GL4: 46466 | GM4: 46467 | GN4: 46468 | GO4: 46469 | GP4: 46470 | GQ4: 46471 | GR4: 46472 | GS4: 46473 | GT4: 46474 | GU4: 46475 | GV4: 46476 | GW4: 46477
A5: Стандартный номер - с двуспальной кроватью, Стандартный номер - с 2 односпальными кроватями
A6: 1 | B6: =BAR!B6*0.85 -> 5823 | C6: =BAR!C6*0.85 -> 5823 | D6: =BAR!D6*0.85 -> 5823 | E6: =BAR!E6*0.85 -> 5823 | F6: =BAR!F6*0.85 -> 5568 | G6: =BAR!G6*0.85 -> 5568 | H6: =BAR!H6*0.85 -> 5568 | I6: =BAR!I6*0.85 -> 5568 | ... GW6: =BAR!GW6*0.85 -> 12113
A7: 2 | B7: =BAR!B7*0.85 -> 7225 | C7: =BAR!C7*0.85 -> 7225 | D7: =BAR!D7*0.85 -> 7225 | E7: =BAR!E7*0.85 -> 7225 | F7: =BAR!F7*0.85 -> 6970 | G7: =BAR!G7*0.85 -> 6970 | H7: =BAR!H7*0.85 -> 6970 | I7: =BAR!I7*0.85 -> 6970 | ... GW7: =BAR!GW7*0.85 -> 13685
A8: Стандартный номер, с балконом - с двуспальной кроватью
A9: 1 | B9: =BAR!B9*0.85 -> 6673 | C9: =BAR!C9*0.85 -> 6673 | D9: =BAR!D9*0.85 -> 6673 | E9: =BAR!E9*0.85 -> 6673 | F9: =BAR!F9*0.85 -> 6418 | G9: =BAR!G9*0.85 -> 6418 | H9: =BAR!H9*0.85 -> 6418 | I9: =BAR!I9*0.85 -> 6418 | ... GW9: =BAR!GW9*0.85 -> 12963
A10: 2 | B10: =BAR!B10*0.85 -> 8075 | C10: =BAR!C10*0.85 -> 8075 | D10: =BAR!D10*0.85 -> 8075 | E10: =BAR!E10*0.85 -> 8075 | F10: =BAR!F10*0.85 -> 7820 | G10: =BAR!G10*0.85 -> 7820 | H10: =BAR!H10*0.85 -> 7820 | I10: =BAR!I10*0.85 -> 7820 | ... GW10: =BAR!GW10*0.85 -> 14535
A11: Стандартный номер, с видом на горы - с двуспальной кроватью
A12: 1 | B12: =BAR!B12*0.85 -> 7098 | C12: =BAR!C12*0.85 -> 7098 | D12: =BAR!D12*0.85 -> 7098 | E12: =BAR!E12*0.85 -> 7098 | F12: =BAR!F12*0.85 -> 6843 | G12: =BAR!G12*0.85 -> 6843 | H12: =BAR!H12*0.85 -> 6843 | I12: =BAR!I12*0.85 -> 6843 | ... GW12: =BAR!GW12*0.85 -> 13388
A13: 2 | B13: =BAR!B13*0.85 -> 8500 | C13: =BAR!C13*0.85 -> 8500 | D13: =BAR!D13*0.85 -> 8500 | E13: =BAR!E13*0.85 -> 8500 | F13: =BAR!F13*0.85 -> 8245 | G13: =BAR!G13*0.85 -> 8245 | H13: =BAR!H13*0.85 -> 8245 | I13: =BAR!I13*0.85 -> 8245 | ... GW13: =BAR!GW13*0.85 -> 14960
A14: Номер Люкс - с двуспальной кроватью
A15: 1 | B15: =BAR!B15*0.85 -> 10498 | C15: =BAR!C15*0.85 -> 10498 | D15: =BAR!D15*0.85 -> 10498 | E15: =BAR!E15*0.85 -> 10498 | F15: =BAR!F15*0.85 -> 10243 | G15: =BAR!G15*0.85 -> 10243 | H15: =BAR!H15*0.85 -> 10243 | I15: =BAR!I15*0.85 -> 10243 | ... GW15: =BAR!GW15*0.85 -> 17638
A16: 2 | B16: =BAR!B16*0.85 -> 11900 | C16: =BAR!C16*0.85 -> 11900 | D16: =BAR!D16*0.85 -> 11900 | E16: =BAR!E16*0.85 -> 11900 | F16: =BAR!F16*0.85 -> 11645 | G16: =BAR!G16*0.85 -> 11645 | H16: =BAR!H16*0.85 -> 11645 | I16: =BAR!I16*0.85 -> 11645 | ... GW16: =BAR!GW16*0.85 -> 19210
A17: Представительский Люкс - с двуспальной кроватью
A18: 1 | B18: =BAR!B18*0.85 -> 13048 | C18: =BAR!C18*0.85 -> 13048 | D18: =BAR!D18*0.85 -> 13048 | E18: =BAR!E18*0.85 -> 13048 | F18: =BAR!F18*0.85 -> 12793 | G18: =BAR!G18*0.85 -> 12793 | H18: =BAR!H18*0.85 -> 12793 | I18: =BAR!I18*0.85 -> 12793 | ... GW18: =BAR!GW18*0.85 -> 19338
A19: 2 | B19: =BAR!B19*0.85 -> 14450 | C19: =BAR!C19*0.85 -> 14450 | D19: =BAR!D19*0.85 -> 14450 | E19: =BAR!E19*0.85 -> 14450 | F19: =BAR!F19*0.85 -> 14195 | G19: =BAR!G19*0.85 -> 14195 | H19: =BAR!H19*0.85 -> 14195 | I19: =BAR!I19*0.85 -> 14195 | ... GW19: =BAR!GW19*0.85 -> 20910
A20: Пентхаус - с 2 спальнями
A21: от 1 до 4 | B21: =BAR!B21*0.85 -> 48323 | C21: =BAR!C21*0.85 -> 48323 | D21: =BAR!D21*0.85 -> 48323 | E21: =BAR!E21*0.85 -> 48323 | F21: =BAR!F21*0.85 -> 48068 | G21: =BAR!G21*0.85 -> 48068 | H21: =BAR!H21*0.85 -> 48068 | I21: =BAR!I21*0.85 -> 48068 | ... GW21: =BAR!GW21*0.85 -> 58863
A22: Пентхаус с тремя спальнями/ Penthouse with 3 bedroom
A23: От 1 до 6
A24: ВАЖНО:
A25: Доступен для бронирования от 15 дней до заезда.
A26: Даты тарифа (включительно):
A27: Период продажи: 20.03.2026 - 30.03.2027 Период проживания: 20.03.2026 - 31.03.2027
A28: Закрытые даты (включительно):
A29: 29.12.2026 - 08.01.2027
A30: В стоимость включено:
A31: Проживание в номере выбранной категории; Завтрак по системе "Шведский стол"; Игровые пространства для досуга и отдыха детей и взрослых (Xbox, настольный футбол, аэрохоккей и бильярд); Услуги парковки автомобиля на Поляне 960 (крытая и открытая парковка); Подъём по канатной дороге с Поляны 540 на Поляну 960; Бесплатный Wi-Fi на территории всего отеля Комната для хранения горнолыжного оборудования
A32: Условия аннуляции:
A33: Для оформления бронирования необходимо внести 100% предоплату в размере полной стоимости проживания. В случае отмены или изменения бронирования менее чем за 24 часа до заезда удерживается стоимость первых суток.

Sheet ОиК
A1: Ибис Стайлс Красная Поляна 4*
A2: тариф ОТДЫХАЙ И КАТАЙ
A3: Открытые тарифы
A4: завтраки формата "Шведский стол"
A5: Стандартный номер - с двуспальной кроватью, с 2 односпальными кроватями
A6: 1
A7: 2
A8: Стандартный номер, с видом на горы - с двуспальной кроватью
A9: 1
A10: 2
A11: Стандартный номер, с балконом - с двуспальной кроватью
A12: 1
A13: 2
A14: Номер Люкс - с двуспальной кроватью
A15: 1
A16: 2
A17: Представительский Люкс - с двуспальной кроватью
A18: 1
A19: 2
A20: Пентхаус - с 2 спальнями
A21: От 1 до 4
A22: ВАЖНО:
A23: Дополнительно на каждый день проживания в стоимость заявки добавляются ски-пассы для каждого взрослого, стоимость: 09.01.2025 - 31.03.2026 включительно - 3500 руб. 01.04.2026 - 09.05.2026 включительно - 2000 руб. При размещении дополнительных гостей, также на каждый день проживания добавляются в стоимость заявки ски-пассы на каждого взрослого гостя: 09.01.2025 - 31.03.2026 включительно - 3500 руб. 01.04.2026 - 09.05.2026 включительно - 2000 руб. Детские ски-пассы приобретаются отдельно.
A24: В Тravelline тариф выгружается с учетом стоимости ски-пассов на каждого взрослого в заявке. В заявки, направляемые вручную по почте, дополнительно на каждый день проживания в стоимость добавляется стоимость ски-пассов для каждого взрослого самостоятельно.
A25: Выдача электронного купона производится при заселении на стойке регистрации. Получить ски-пассы можно в автоматах (пикап-поинтах) у канатных дорог. Возврат средств за неиспользованные ски-пассы не производится. Тариф включает ски-пассы только для взрослых гостей. Детские ски-пассы приобретаются в кассе курорта или на стойке «Чем заняться» за 1 рубль.
A26: Даты тарифа:
A27: Период продажи: 31.10.2025 - 09.05.2026 Период проживания: 09.01.2026 - 10.05.2026
A28: В стоимость включено:
A29: Проживание в номере выбранной категории со скидкой 10%; Ски-пасс "Дневной взрослый" со скидкой 50% на весь период проживания (от открытой стоимости krasnayapolyanaresort.ru);* Игровые пространства для досуга и отдыха детей и взрослых (Xbox, настольный футбол, аэрохоккей и бильярд); Услуги парковки автомобиля на Поляне 960 (крытая и открытая парковка); Подъём по канатной дороге с Поляны 540 на Поляну 960; Бесплатный Wi-Fi на территории всего отеля. Комната для хранения горнолыжного оборудования *Количество ски-пассов равно количеству ночей проживания
A30: Дополнительно в стоимость включено с 08.04.2026:
A31: Скидка 15% на все массажи и спа-процедуры во всех СПА Курорта (Mövenpick5*, Novotel Resort&Spa 5*, Rixos 5* и Marriott 5*, с 13.04.26 в отеле Panorama by Mercure 4*); Скидка 30% на меню и напитки ресторана «Вершина» (2200 м); Скидка 25% на разовый визит в СПА Novotel Resort&Spa 5* с открытым бассейном; Аренда малого банного комплекса с 9:00 до 11:00 (не более 5 гостей) - до 5 авторских процедур в подарок «Ритуал Воздуха» или «Сила Стихий»; Разовое посещение большого банного комплекса от 4 000р./взр и детский тариф со скидкой 50% от стоимости тарифа для взрослых (Посещение не входит в стоимость, оплачивается дополнительно). Подробная информация о предоставлении услуг в Службе поддержки Курорта: тел. 8 800 550 20 20 e-mail: infocenter@kpresort.ru. Услуги предложения действуют только в период проживания и предоставляются однократно, согласно условиям в купонной книге. Купонная книга выдается при заселении из расчета: 1 номер = 1 книга. Предложение ограничено и не комбинируется с другими действующими акциями отеля. НАО «Красная поляна» оставляет за собой право изменять услуги в составе пакета. Предоставление услуг может зависеть от высокой загрузки СПА и банного комплекса.
... A35: Ежегодные регламентные работы на канатных дорогах курорта Красная Поляна пройдут с 16 марта по 24 июня 2026 года. С 10 по 31 мая будут закрыты канатные дороги Центрального сектора: («Красная Поляна» 540-960 м, «Реликтовый лес» 960-1460 м, «Вершина» 1460-2200 м, «Аибга» 2200-2050 м, «Черная Пирамида» 2050-2300 м). На время регламентных работ между уровнями 540-960 м будут курсировать шаттлы курорта. С 16 марта по 24 апреля будет закрыта канатная дорога Восточного сектора К‑13 «Водопад Поликаря. С 1 апреля по 24 апреля будут закрыты канатные дороги К‑10 «Восточный лес» и К‑12 «Старт чемпиона». К‑8 «Снежная звезда»: закрыта с 1 по 24 июня.

Sheet НсЛ
A1: Ибис Стайлс Красная Поляна 4*
A2: тариф НАПОЛНИ СВОЕ ЛЕТО
A3: Открытые тарифы
A4: завтраки формата "Шведский стол" | B4: 46274 | C4: 46275 | D4: 46276 | E4: 46277 | F4: 46278 | G4: 46279 | H4: 46280 | I4: 46281 | J4: 46282 | K4: 46283 | L4: 46284 | M4: 46285 | N4: 46286 | O4: 46287 | P4: 46288 | Q4: 46289 | R4: 46290 | S4: 46291 | T4: 46292 | U4: 46293 | V4: 46294 | W4: 46295
A5: Стандартный номер - с двуспальной кроватью, Стандартный номер - с 2 односпальными кроватями
A6: 1 | B6: =BAR!B6*0.9 -> 6165 | C6: =BAR!C6*0.9 -> 6165 | D6: =BAR!D6*0.9 -> 6165 | E6: =BAR!E6*0.9 -> 6165 | F6: =BAR!F6*0.9 -> 5895 | G6: =BAR!G6*0.9 -> 5895 | H6: =BAR!H6*0.9 -> 5895 | I6: =BAR!I6*0.9 -> 5895 | ... W6: =BAR!W6*0.9 -> 5625
A7: 2 | B7: =BAR!B7*0.9 -> 7650 | C7: =BAR!C7*0.9 -> 7650 | D7: =BAR!D7*0.9 -> 7650 | E7: =BAR!E7*0.9 -> 7650 | F7: =BAR!F7*0.9 -> 7380 | G7: =BAR!G7*0.9 -> 7380 | H7: =BAR!H7*0.9 -> 7380 | I7: =BAR!I7*0.9 -> 7380 | ... W7: =BAR!W7*0.9 -> 7110
A8: Стандартный номер, с балконом - с двуспальной кроватью
A9: 1 | B9: =BAR!B9*0.9 -> 7065 | C9: =BAR!C9*0.9 -> 7065 | D9: =BAR!D9*0.9 -> 7065 | E9: =BAR!E9*0.9 -> 7065 | F9: =BAR!F9*0.9 -> 6795 | G9: =BAR!G9*0.9 -> 6795 | H9: =BAR!H9*0.9 -> 6795 | I9: =BAR!I9*0.9 -> 6795 | ... W9: =BAR!W9*0.9 -> 6525
A10: 2 | B10: =BAR!B10*0.9 -> 8550 | C10: =BAR!C10*0.9 -> 8550 | D10: =BAR!D10*0.9 -> 8550 | E10: =BAR!E10*0.9 -> 8550 | F10: =BAR!F10*0.9 -> 8280 | G10: =BAR!G10*0.9 -> 8280 | H10: =BAR!H10*0.9 -> 8280 | I10: =BAR!I10*0.9 -> 8280 | ... W10: =BAR!W10*0.9 -> 8010
A11: Стандартный номер, с видом на горы - с двуспальной кроватью
A12: 1 | B12: =BAR!B12*0.9 -> 7515 | C12: =BAR!C12*0.9 -> 7515 | D12: =BAR!D12*0.9 -> 7515 | E12: =BAR!E12*0.9 -> 7515 | F12: =BAR!F12*0.9 -> 7245 | G12: =BAR!G12*0.9 -> 7245 | H12: =BAR!H12*0.9 -> 7245 | I12: =BAR!I12*0.9 -> 7245 | ... W12: =BAR!W12*0.9 -> 6975
A13: 2 | B13: =BAR!B13*0.9 -> 9000 | C13: =BAR!C13*0.9 -> 9000 | D13: =BAR!D13*0.9 -> 9000 | E13: =BAR!E13*0.9 -> 9000 | F13: =BAR!F13*0.9 -> 8730 | G13: =BAR!G13*0.9 -> 8730 | H13: =BAR!H13*0.9 -> 8730 | I13: =BAR!I13*0.9 -> 8730 | ... W13: =BAR!W13*0.9 -> 8460
A14: Номер Люкс - с двуспальной кроватью
A15: 1 | B15: =BAR!B15*0.9 -> 11115 | C15: =BAR!C15*0.9 -> 11115 | D15: =BAR!D15*0.9 -> 11115 | E15: =BAR!E15*0.9 -> 11115 | F15: =BAR!F15*0.9 -> 10845 | G15: =BAR!G15*0.9 -> 10845 | H15: =BAR!H15*0.9 -> 10845 | I15: =BAR!I15*0.9 -> 10845 | ... W15: =BAR!W15*0.9 -> 10575
A16: 2 | B16: =BAR!B16*0.9 -> 12600 | C16: =BAR!C16*0.9 -> 12600 | D16: =BAR!D16*0.9 -> 12600 | E16: =BAR!E16*0.9 -> 12600 | F16: =BAR!F16*0.9 -> 12330 | G16: =BAR!G16*0.9 -> 12330 | H16: =BAR!H16*0.9 -> 12330 | I16: =BAR!I16*0.9 -> 12330 | ... W16: =BAR!W16*0.9 -> 12060
A17: Представительский Люкс - с двуспальной кроватью
A18: 1 | B18: =BAR!B18*0.9 -> 13815 | C18: =BAR!C18*0.9 -> 13815 | D18: =BAR!D18*0.9 -> 13815 | E18: =BAR!E18*0.9 -> 13815 | F18: =BAR!F18*0.9 -> 13545 | G18: =BAR!G18*0.9 -> 13545 | H18: =BAR!H18*0.9 -> 13545 | I18: =BAR!I18*0.9 -> 13545 | ... W18: =BAR!W18*0.9 -> 13275
A19: 2 | B19: =BAR!B19*0.9 -> 15300 | C19: =BAR!C19*0.9 -> 15300 | D19: =BAR!D19*0.9 -> 15300 | E19: =BAR!E19*0.9 -> 15300 | F19: =BAR!F19*0.9 -> 15030 | G19: =BAR!G19*0.9 -> 15030 | H19: =BAR!H19*0.9 -> 15030 | I19: =BAR!I19*0.9 -> 15030 | ... W19: =BAR!W19*0.9 -> 14760
A20: Пентхаус - с 2 спальнями
A21: от 1 до 4 | B21: =BAR!B21*0.9 -> 51165 | C21: =BAR!C21*0.9 -> 51165 | D21: =BAR!D21*0.9 -> 51165 | E21: =BAR!E21*0.9 -> 51165 | F21: =BAR!F21*0.9 -> 50895 | G21: =BAR!G21*0.9 -> 50895 | H21: =BAR!H21*0.9 -> 50895 | I21: =BAR!I21*0.9 -> 50895 | ... W21: =BAR!W21*0.9 -> 50625
A22: ВАЖНО:
A23: Дополнительно ЕДИНОРАЗОВО в стоимость заявки добавляется стоимость за купонную книгу за каждого взрослого гостя (возраст от 12 лет), стоимость - 2650 руб. за гостя и за каждого ребенка от 0-11 лет включительно -1000 рублей за ребенка. При размещении дополнительных взрослых гостей, также ЕДИНОРАЗОВО добавляется в стоимость заявки купонная книга на каждого взрослого гостя - 2650 руб. (возраст от 12 лет) и за каждого ребенка от 0-11 лет включительно -1000 руб. Стоимость купонной книги на всех взрослых и детей просим сразу добавлять в заявку. В системе трэвэллайн тариф указан без учета стоимости купонной книги на взрослых и детей, необходимо добавлять стоимость вручную.
A24: Даты тарифа (включительно):
A25: Период продажи: 17.04.2025 - 29.09.2026 Период проживания: 01.06.2026 - 30.09.2026
A26: В стоимость включено:
A27: Проживание в номере выбранной категории; Завтрак по системе "Шведский стол"; Игровые пространства для досуга и отдыха детей и взрослых (Xbox, настольный футбол, аэрохоккей и бильярд); Услуги парковки автомобиля на Поляне 960 (крытая и открытая парковка); Подъём по канатной дороге с Поляны 540 на Поляну 960; Бесплатный Wi-Fi на территории всего отеля Комната для хранения горнолыжного оборудования
A28: В предложение «Наполни свое лето» входят бесплатно (условия предоставления услуг подробно представлены в купонной книге):
A29: ✔Трансфер на побережье Черного моря Пляж Сочи Парк Отеля - по предварительной записи для всех гостей, проживающих в номере. ✔Прогулочные билеты "Панорама Красной Поляны" Для всех гостей с 7 лет, проживающих в номере. Для детей до 6 лет вкл-но билет приобретается в кассе за 1 ₽. ✔Верёвочный парк Прохождение маршрута "Воздушный сноуборд" для взрослых (рост от 140 см) либо маршрута "Маугли" для детей (рост от 110 см до 140 см). Единоразовое посещение во время проживания для всех гостей в номере с 7 лет; ✔Хаски центр Единоразовое посещение для всех гостей, проживающих в номере; ✔Капибары и друзья Единоразовое посещение для всех гостей, проживающих в номере; ✔Скидка 30% на аренду роликов или скейтборда на 1 час. Единоразовое использование для всех гостей, проживающих в номере. Количество оборудования ограничено. Действует в пункте проката на уровне 540.
A30: Дополнительная информация:
A31: Подробная информация о предоставлении услуг в Службе поддержки Курорта: тел. 8 800 550 20 20 e-mail: infocenter@kpresort.ru 🔸 В случае размещения дополнительных гостей, не указанных в бронировании, все услуги для них приобретаются отдельно в отеле. 🔸 Пляжные полотенца предоставляются по предъявлению towel card для всех проживающих гостей. Пляжное оборудование (шезлонг, зонт) предоставляется за дополнительную плату. Количество мест ограничено. 🔸 Пляж функционирует с 01.06.2026-30.09.2026, в график могут быть внесены изменения в зависимости от погодных условий. Трансфер предоставляется ежедневно для всех гостей, проживающих в номере. 🔸 Предварительная запись на трансфер обязательна. Расписание трансфера необходимо уточнять на ресепшн отеля. 🔸Услуги предложения действуют только в период проживания и предоставляются однократно, согласно условиям в Купонной книге. Купонная книга выдается при заселении из расчета: 1 номер = 1 книга. Предложение ограничено и не комбинируется с другими действующими акциями отеля. 🔸 Возврат средств за неиспользованные услуги Купонных книг не производится. НАО «Красная поляна» оставляет за собой право изменять услуги в составе пакета. Предоставление услуг может зависеть от погодных условий и графика работы канатных дорог. 🔸 Согласно приказу МЧС от 1.09.25 г. нахождение на пляжах Федеральной территории Сириус с животными запрещено (за исключением собак-поводырей). Для трансфера -питомцы в переноске разрешены к провозу (если поездка не на пляж).
A32: Условия аннуляции:
A33: В случае отмены или изменения бронирования менее чем за 24 часа до заезда удерживается стоимость первых суток.

Sheet КвГ
A1: Ибис Стайлс Красная Поляна 4*
A2: тариф КАНИКУЛЫ В ГОРАХ
A3: Открытые тарифы
A4: завтраки формата "Шведский стол" | B4: 46296 | C4: 46297 | D4: 46298 | E4: 46299 | F4: 46300 | G4: 46301 | H4: 46302 | I4: 46303 | J4: 46304 | K4: 46305 | L4: 46306 | M4: 46307 | N4: 46308 | O4: 46309 | P4: 46310 | Q4: 46311 | R4: 46312 | S4: 46313 | T4: 46314 | U4: 46315 | V4: 46316 | W4: 46317 | X4: 46318 | Y4: 46319 | Z4: 46320 | AA4: 46321 | AB4: 46322 | AC4: 46323 | AD4: 46324 | AE4: 46325 | AF4: 46326 | AG4: 46327 | AH4: 46328 | AI4: 46329 | AJ4: 46330 | AK4: 46331 | AL4: 46332 | AM4: 46333 | AN4: 46334 | AO4: 46335 | AP4: 46336 | AQ4: 46337 | AR4: 46338 | AS4: 46339 | AT4: 46340 | AU4: 46341 | AV4: 46342 | AW4: 46343 | AX4: 46344 | AY4: 46345 | AZ4: 46346 | BA4: 46347 | BB4: 46348 | BC4: 46349 | BD4: 46350 | BE4: 46351 | BF4: 46352 | BG4: 46353 | BH4: 46354 | BI4: 46355 | BJ4: 46356
A5: Стандартный номер - с двуспальной кроватью, Стандартный номер - с 2 односпальными кроватями
A6: 1 | B6: =0.9*BAR!X6 -> 5445 | C6: =0.9*BAR!Y6 -> 5715 | D6: =0.9*BAR!Z6 -> 5715 | E6: =0.9*BAR!AA6 -> 5445 | F6: =0.9*BAR!AB6 -> 5445 | G6: =0.9*BAR!AC6 -> 5445 | H6: =0.9*BAR!AD6 -> 5445 | I6: =0.9*BAR!AE6 -> 5445 | ... BJ6: =0.9*BAR!CF6 -> 4905
A7: 2 | B7: =0.9*BAR!X7 -> 6930 | C7: =0.9*BAR!Y7 -> 7200 | D7: =0.9*BAR!Z7 -> 7200 | E7: =0.9*BAR!AA7 -> 6930 | F7: =0.9*BAR!AB7 -> 6930 | G7: =0.9*BAR!AC7 -> 6930 | H7: =0.9*BAR!AD7 -> 6930 | I7: =0.9*BAR!AE7 -> 6930 | ... BJ7: =0.9*BAR!CF7 -> 6390
A8: Стандартный номер, с видом на горы - с двуспальной кроватью
A9: 1 | B9: =0.9*BAR!X9 -> 6075 | C9: =0.9*BAR!Y9 -> 6345 | D9: =0.9*BAR!Z9 -> 6345 | E9: =0.9*BAR!AA9 -> 6075 | F9: =0.9*BAR!AB9 -> 6075 | G9: =0.9*BAR!AC9 -> 6075 | H9: =0.9*BAR!AD9 -> 6075 | I9: =0.9*BAR!AE9 -> 6075 | ... BJ9: =0.9*BAR!CF9 -> 5535
A10: 2 | B10: =0.9*BAR!X10 -> 7560 | C10: =0.9*BAR!Y10 -> 7830 | D10: =0.9*BAR!Z10 -> 7830 | E10: =0.9*BAR!AA10 -> 7560 | F10: =0.9*BAR!AB10 -> 7560 | G10: =0.9*BAR!AC10 -> 7560 | H10: =0.9*BAR!AD10 -> 7560 | I10: =0.9*BAR!AE10 -> 7560 | ... BJ10: =0.9*BAR!CF10 -> 7020
A11: Стандартный номер, с балконом - с двуспальной кроватью
A12: 1 | B12: =0.9*BAR!X12 -> 6795 | C12: =0.9*BAR!Y12 -> 7065 | D12: =0.9*BAR!Z12 -> 7065 | E12: =0.9*BAR!AA12 -> 6795 | F12: =0.9*BAR!AB12 -> 6795 | G12: =0.9*BAR!AC12 -> 6795 | H12: =0.9*BAR!AD12 -> 6795 | I12: =0.9*BAR!AE12 -> 6795 | ... BJ12: =0.9*BAR!CF12 -> 6255
A13: 2 | B13: =0.9*BAR!X13 -> 8280 | C13: =0.9*BAR!Y13 -> 8550 | D13: =0.9*BAR!Z13 -> 8550 | E13: =0.9*BAR!AA13 -> 8280 | F13: =0.9*BAR!AB13 -> 8280 | G13: =0.9*BAR!AC13 -> 8280 | H13: =0.9*BAR!AD13 -> 8280 | I13: =0.9*BAR!AE13 -> 8280 | ... BJ13: =0.9*BAR!CF13 -> 7740
A14: Номер Люкс - с двуспальной кроватью
A15: 1 | B15: =0.9*BAR!X15 -> 9495 | C15: =0.9*BAR!Y15 -> 9765 | D15: =0.9*BAR!Z15 -> 9765 | E15: =0.9*BAR!AA15 -> 9495 | F15: =0.9*BAR!AB15 -> 9495 | G15: =0.9*BAR!AC15 -> 9495 | H15: =0.9*BAR!AD15 -> 9495 | I15: =0.9*BAR!AE15 -> 9495 | ... BJ15: =0.9*BAR!CF15 -> 8955
A16: 2 | B16: =0.9*BAR!X16 -> 10980 | C16: =0.9*BAR!Y16 -> 11250 | D16: =0.9*BAR!Z16 -> 11250 | E16: =0.9*BAR!AA16 -> 10980 | F16: =0.9*BAR!AB16 -> 10980 | G16: =0.9*BAR!AC16 -> 10980 | H16: =0.9*BAR!AD16 -> 10980 | I16: =0.9*BAR!AE16 -> 10980 | ... BJ16: =0.9*BAR!CF16 -> 10440
A17: Представительский Люкс - с двуспальной кроватью
A18: 1 | B18: =0.9*BAR!X18 -> 11745 | C18: =0.9*BAR!Y18 -> 12015 | D18: =0.9*BAR!Z18 -> 12015 | E18: =0.9*BAR!AA18 -> 11745 | F18: =0.9*BAR!AB18 -> 11745 | G18: =0.9*BAR!AC18 -> 11745 | H18: =0.9*BAR!AD18 -> 11745 | I18: =0.9*BAR!AE18 -> 11745 | ... BJ18: =0.9*BAR!CF18 -> 11205
A19: 2 | B19: =0.9*BAR!X19 -> 13230 | C19: =0.9*BAR!Y19 -> 13500 | D19: =0.9*BAR!Z19 -> 13500 | E19: =0.9*BAR!AA19 -> 13230 | F19: =0.9*BAR!AB19 -> 13230 | G19: =0.9*BAR!AC19 -> 13230 | H19: =0.9*BAR!AD19 -> 13230 | I19: =0.9*BAR!AE19 -> 13230 | ... BJ19: =0.9*BAR!CF19 -> 12690
A20: Пентхаус - с 2 спальнями
A21: от 1 до 4 | B21: =0.9*BAR!X21 -> 45945 | C21: =0.9*BAR!Y21 -> 46215 | D21: =0.9*BAR!Z21 -> 46215 | E21: =0.9*BAR!AA21 -> 45945 | F21: =0.9*BAR!AB21 -> 45945 | G21: =0.9*BAR!AC21 -> 45945 | H21: =0.9*BAR!AD21 -> 45945 | I21: =0.9*BAR!AE21 -> 45945 | ... BJ21: =0.9*BAR!CF21 -> 45405
A22: ВАЖНО:
A23: Дополнительно ЕДИНОРАЗОВО в стоимость заявки добавляется стоимость за купонную книгу за каждого взрослого гостя (возраст от 12 лет), стоимость - 2650 руб. за гостя и за каждого ребенка от 0-11 лет включительно -1000 рублей за ребенка. При размещении дополнительных взрослых гостей, также ЕДИНОРАЗОВО добавляется в стоимость заявки купонная книга на каждого взрослого гостя - 2650 руб. (возраст от 12 лет) и за каждого ребенка от 0-11 лет включительно -1000 руб. Стоимость купонной книги на всех взрослых и детей просим сразу добавлять в заявку. В системе трэвэллайн тариф указан без учета стоимости купонной книги на взрослых и детей, необходимо добавлять стоимость вручную.
A24: Даты тарифа:
A25: Период продажи: 19.08.2026 - 30.11.2026 Период проживания: 01.10.2026 - 01.12.2026
A26: Условия аннуляции:
A27: В случае отмены или изменения бронирования менее чем за 24 часа до заезда удерживается стоимость первых суток.
A28: В стоимость включено:
A29: Проживание в номере выбранной категории; Завтрак по системе "Шведский стол"; Посещение СПА-центра и тренажерного зала отеля; Услуги парковки автомобиля на Поляне 960 (крытая и открытая парковка); Подъём по канатной дороге с Поляны 540 на Поляну 960; Бесплатный Wi-Fi на территории всего отеля; Комната для хранения горнолыжного оборудования Бесплатное размещение 2-х детей до 12 лет вкл-но. Бесплатно предоставляются завтраки для 2-х детей и одно дополнительное место в номерах высокой категории. Второй ребенок размещается на основных спальных местах. В категориях Классический, Улучш.Классический и Классический улучшенный номер Комфорт не устанавливаются доп.места (2-ое детей размещаются только на основных местах).
A30: По купонной книге в предложение "Каникулы в горах" входят бесплатно:
A31: • прогулочные билеты "Панорама Красной Поляны" (Для всех гостей с 7 лет, проживающих в номере. Для детей до 6 лет вкл-но билет приобретается в кассе за 1 ₽) • посещение одного маршрута в веревочном парке (единоразовое посещение для всех гостей, проживающих в номере) • посещение хаски центра (единоразовое посещение для всех гостей, проживающих в номере, дети до 4-х лет посещают парк исключительно в сопровождении родителей) • посещение парка -капибара и друзья (единоразовое посещение для всех гостей, проживающих в номере, дети до 8 лет посещают парк исключительно в сопровождении родителей) • 20% скидку на посещение Сочи Парка (единоразовое посещение для всех гостей, проживающих в номере)* • 50% скидку на посещение Аквапарка (единоразовое посещение для всех гостей, проживающих в номере)
A32: Дополнительная информация:
A33: Услуги и бонусы предложения действуют только в период проживания и предоставляются однократно, согласно условиям в купонной книге. Купонная книга выдается при заселении из расчета: 1 номер = 1 книга. Предложение ограничено и не комбинируется с другими действующими акциями отеля. НАО «Красная поляна» оставляет за собой право изменять услуги в составе пакета. Предоставление услуг может зависеть от погодных условий и графика работы канатных дорог.

Sheet ТЧК
A1: Ибис Стайлс Красная Поляна 4*
A2: ТОЧКА ПРИТЯЖЕНИЯ
A3: Открытые тарифы
A4: завтраки формата "Шведский стол" | B4: 46190 | C4: 46191 | D4: 46192 | E4: 46193 | F4: =BAR!#REF! -> #REF! | G4: =BAR!#REF! -> #REF! | H4: =BAR!#REF! -> #REF! | I4: =BAR!#REF! -> #REF! | J4: =BAR!#REF! -> #REF! | K4: =BAR!#REF! -> #REF! | L4: =BAR!#REF! -> #REF! | M4: =BAR!#REF! -> #REF! | ... BD4: =BAR!#REF! -> #REF!
A5: Стандартный номер - с двуспальной кроватью, Стандартный номер - с 2 односпальными кроватями
A6: 1 | B6: =BAR!#REF!*0.8 -> #REF! | C6: =BAR!#REF!*0.8 -> #REF! | D6: =BAR!#REF!*0.8 -> #REF! | E6: =BAR!#REF!*0.8 -> #REF! | F6: =BAR!#REF!*0.8 -> #REF! | G6: =BAR!#REF!*0.8 -> #REF! | H6: =BAR!#REF!*0.8 -> #REF! | I6: =BAR!#REF!*0.8 -> #REF! | ... BD6: =BAR!#REF!*0.8 -> #REF!
A7: 2 | B7: =BAR!#REF!*0.8 -> #REF! | C7: =BAR!#REF!*0.8 -> #REF! | D7: =BAR!#REF!*0.8 -> #REF! | E7: =BAR!#REF!*0.8 -> #REF! | F7: =BAR!#REF!*0.8 -> #REF! | G7: =BAR!#REF!*0.8 -> #REF! | H7: =BAR!#REF!*0.8 -> #REF! | I7: =BAR!#REF!*0.8 -> #REF! | ... BD7: =BAR!#REF!*0.8 -> #REF!
A8: Стандартный номер, с видом на горы - с двуспальной кроватью
A9: 1 | B9: =BAR!#REF!*0.8 -> #REF! | C9: =BAR!#REF!*0.8 -> #REF! | D9: =BAR!#REF!*0.8 -> #REF! | E9: =BAR!#REF!*0.8 -> #REF! | F9: =BAR!#REF!*0.8 -> #REF! | G9: =BAR!#REF!*0.8 -> #REF! | H9: =BAR!#REF!*0.8 -> #REF! | I9: =BAR!#REF!*0.8 -> #REF! | ... BD9: =BAR!#REF!*0.8 -> #REF!
A10: 2 | B10: =BAR!#REF!*0.8 -> #REF! | C10: =BAR!#REF!*0.8 -> #REF! | D10: =BAR!#REF!*0.8 -> #REF! | E10: =BAR!#REF!*0.8 -> #REF! | F10: =BAR!#REF!*0.8 -> #REF! | G10: =BAR!#REF!*0.8 -> #REF! | H10: =BAR!#REF!*0.8 -> #REF! | I10: =BAR!#REF!*0.8 -> #REF! | ... BD10: =BAR!#REF!*0.8 -> #REF!
A11: Стандартный номер, с балконом - с двуспальной кроватью
A12: 1 | B12: =BAR!#REF!*0.8 -> #REF! | C12: =BAR!#REF!*0.8 -> #REF! | D12: =BAR!#REF!*0.8 -> #REF! | E12: =BAR!#REF!*0.8 -> #REF! | F12: =BAR!#REF!*0.8 -> #REF! | G12: =BAR!#REF!*0.8 -> #REF! | H12: =BAR!#REF!*0.8 -> #REF! | I12: =BAR!#REF!*0.8 -> #REF! | ... BD12: =BAR!#REF!*0.8 -> #REF!
A13: 2 | B13: =BAR!#REF!*0.8 -> #REF! | C13: =BAR!#REF!*0.8 -> #REF! | D13: =BAR!#REF!*0.8 -> #REF! | E13: =BAR!#REF!*0.8 -> #REF! | F13: =BAR!#REF!*0.8 -> #REF! | G13: =BAR!#REF!*0.8 -> #REF! | H13: =BAR!#REF!*0.8 -> #REF! | I13: =BAR!#REF!*0.8 -> #REF! | ... BD13: =BAR!#REF!*0.8 -> #REF!
A14: Номер Люкс - с двуспальной кроватью
A15: 1 | B15: =BAR!#REF!*0.8 -> #REF! | C15: =BAR!#REF!*0.8 -> #REF! | D15: =BAR!#REF!*0.8 -> #REF! | E15: =BAR!#REF!*0.8 -> #REF! | F15: =BAR!#REF!*0.8 -> #REF! | G15: =BAR!#REF!*0.8 -> #REF! | H15: =BAR!#REF!*0.8 -> #REF! | I15: =BAR!#REF!*0.8 -> #REF! | ... BD15: =BAR!#REF!*0.8 -> #REF!
A16: 2 | B16: =BAR!#REF!*0.8 -> #REF! | C16: =BAR!#REF!*0.8 -> #REF! | D16: =BAR!#REF!*0.8 -> #REF! | E16: =BAR!#REF!*0.8 -> #REF! | F16: =BAR!#REF!*0.8 -> #REF! | G16: =BAR!#REF!*0.8 -> #REF! | H16: =BAR!#REF!*0.8 -> #REF! | I16: =BAR!#REF!*0.8 -> #REF! | ... BD16: =BAR!#REF!*0.8 -> #REF!
A17: Представительский Люкс - с двуспальной кроватью
A18: 1 | B18: =BAR!#REF!*0.8 -> #REF! | C18: =BAR!#REF!*0.8 -> #REF! | D18: =BAR!#REF!*0.8 -> #REF! | E18: =BAR!#REF!*0.8 -> #REF! | F18: =BAR!#REF!*0.8 -> #REF! | G18: =BAR!#REF!*0.8 -> #REF! | H18: =BAR!#REF!*0.8 -> #REF! | I18: =BAR!#REF!*0.8 -> #REF! | ... BD18: =BAR!#REF!*0.8 -> #REF!
A19: 2 | B19: =BAR!#REF!*0.8 -> #REF! | C19: =BAR!#REF!*0.8 -> #REF! | D19: =BAR!#REF!*0.8 -> #REF! | E19: =BAR!#REF!*0.8 -> #REF! | F19: =BAR!#REF!*0.8 -> #REF! | G19: =BAR!#REF!*0.8 -> #REF! | H19: =BAR!#REF!*0.8 -> #REF! | I19: =BAR!#REF!*0.8 -> #REF! | ... BD19: =BAR!#REF!*0.8 -> #REF!
A20: Пентхаус - с 2 спальнями
A21: от 1 до 4 | B21: =BAR!#REF!*0.8 -> #REF! | C21: =BAR!#REF!*0.8 -> #REF! | D21: =BAR!#REF!*0.8 -> #REF! | E21: =BAR!#REF!*0.8 -> #REF! | F21: =BAR!#REF!*0.8 -> #REF! | G21: =BAR!#REF!*0.8 -> #REF! | H21: =BAR!#REF!*0.8 -> #REF! | I21: =BAR!#REF!*0.8 -> #REF! | ... BD21: =BAR!#REF!*0.8 -> #REF!
A22: Даты тарифа (включительно):
A23: Период продажи: 17.06.2026 - 29.06.2026 Период проживания: 12.07.2026 - 31.08.2026
A24: Ограничения:
A25: Минимальный срок проживания - 2 ночи
A26: В стоимость включено:
A27: 🔸Скидка 20% на проживание в номере выбранной категории; 🔸Завтрак по системе "Шведский стол"; 🔸Игровые пространства для досуга и отдыха детей и взрослых (Xbox, настольный футбол, аэрохоккей и бильярд); 🔸Услуги парковки автомобиля на Поляне 960 (крытая и открытая парковка); 🔸Подъём по канатной дороге с Поляны 540 на Поляну 960; 🔸Бесплатный Wi-Fi на территории всего отеля; 🔸Прогулочный билет на все открытые канатные дороги для всех гостей в бронировании (предоставляется один раз во время проживания). 🔸Скидка 15% на меню в ресторане (-ах) отеля (на весь чек, на все время проживания)
A28: Условия аннуляции:
A29: Для оформления бронирования необходимо внести 100% предоплату в размере полной стоимости проживания. В случае отмены или изменения бронирования после 00:00 часов дня заезда удерживается стоимость первых суток.
A30: Пропуск "Сочинский национальный парк":
A31: Территория Курорта Красная поляна является особо охраняемой природной территорией "Сочинский национальный парк". При подъёме выше отметки +960 и при прогулках по экотропам Курорта, вам необходимо оформить пропуск. *Детям дошкольного и школьного возраста, гостям пенсионного возраста - приобретают льготный билет (0Р) в кассе Сочинского национального парка, на высоте 960 Купить пропуск в национальный парк https://npsochi.ru/tickets/ Ознакомиться с правилами Сочинского национального парка https://npsochi.ru/rules/

Sheet RO
A1: Ибис Стайлс Красная Поляна 4*
A2: тариф БАЗОВЫЙ БЕЗ ЗАВТРАКА
A3: Открытые тарифы
A4: Проживание без питания (Room only) | B4: =BAR!#REF! -> #REF! | C4: =BAR!#REF! -> #REF! | D4: =BAR!#REF! -> #REF! | E4: =BAR!#REF! -> #REF! | F4: =BAR!#REF! -> #REF! | G4: =BAR!#REF! -> #REF! | H4: =BAR!#REF! -> #REF! | I4: =BAR!#REF! -> #REF! | ... V4: =BAR!#REF! -> #REF! | W4: =BAR!B4 -> 46274 | X4: =BAR!C4 -> 46275 | Y4: =BAR!D4 -> 46276 | Z4: =BAR!E4 -> 46277 | AA4: =BAR!F4 -> 46278 | AB4: =BAR!G4 -> 46279 | AC4: =BAR!H4 -> 46280 | AD4: =BAR!I4 -> 46281 | ... AR4: =BAR!W4 -> 46295 | AS4: 46296 | AT4: 46297 | AU4: 46298 | AV4: 46299 | AW4: 46300 | AX4: 46301 | AY4: 46302 | AZ4: 46303 | BA4: 46304 | BB4: 46305 | BC4: 46306 | BD4: 46307 | BE4: 46308 | BF4: 46309 | BG4: 46310 | BH4: 46311 | BI4: 46312 | BJ4: 46313 | BK4: 46314 | BL4: 46315 | BM4: 46316 | BN4: 46317 | BO4: 46318 | BP4: 46319 | BQ4: 46320 | BR4: 46321 | BS4: 46322 | BT4: 46323 | BU4: 46324 | BV4: 46325 | BW4: 46326 | BX4: 46327 | BY4: 46328 | BZ4: 46329 | CA4: 46330 | CB4: 46331 | CC4: 46332 | CD4: 46333 | CE4: 46334 | CF4: 46335 | CG4: 46336 | CH4: 46337 | CI4: 46338 | CJ4: 46339 | CK4: 46340 | CL4: 46341 | CM4: 46342 | CN4: 46343 | CO4: 46344 | CP4: 46345 | CQ4: 46346 | CR4: 46347 | CS4: 46348 | CT4: 46349 | CU4: 46350 | CV4: 46351 | CW4: 46352 | CX4: 46353 | CY4: 46354 | CZ4: 46355 | DA4: 46356 | DB4: 46357 | DC4: 46358 | DD4: 46359 | DE4: 46360 | DF4: 46361 | DG4: 46362 | DH4: 46363 | DI4: 46364 | DJ4: 46365 | DK4: 46366 | DL4: 46367 | DM4: 46368 | DN4: 46369 | DO4: 46370 | DP4: 46371 | DQ4: 46372 | DR4: 46373 | DS4: 46374 | DT4: 46375 | DU4: 46376 | DV4: 46377 | DW4: 46378 | DX4: 46379 | DY4: 46380
A5: Стандартный номер - с двуспальной кроватью, Стандартный номер - с 2 односпальными кроватями
A6: от 1 до 2 | B6: =BAR!#REF!-1650 -> #REF! | C6: =BAR!#REF!-1650 -> #REF! | D6: =BAR!#REF!-1650 -> #REF! | E6: =BAR!#REF!-1650 -> #REF! | F6: =BAR!#REF!-1650 -> #REF! | G6: =BAR!#REF!-1650 -> #REF! | H6: =BAR!#REF!-1650 -> #REF! | I6: =BAR!#REF!-1650 -> #REF! | ... V6: =BAR!#REF!-1650 -> #REF! | W6: =BAR!B6-1650 -> 5200 | X6: =BAR!C6-1650 -> 5200 | Y6: =BAR!D6-1650 -> 5200 | Z6: =BAR!E6-1650 -> 5200 | AA6: =BAR!F6-1650 -> 4900 | AB6: =BAR!G6-1650 -> 4900 | AC6: =BAR!H6-1650 -> 4900 | AD6: =BAR!I6-1650 -> 4900 | ... DY6: =BAR!DD6-1650 -> 6200
A7: Стандартный номер, с балконом - с двуспальной кроватью
A8: от 1 до 2 | B8: =BAR!#REF!-1650 -> #REF! | C8: =BAR!#REF!-1650 -> #REF! | D8: =BAR!#REF!-1650 -> #REF! | E8: =BAR!#REF!-1650 -> #REF! | F8: =BAR!#REF!-1650 -> #REF! | G8: =BAR!#REF!-1650 -> #REF! | H8: =BAR!#REF!-1650 -> #REF! | I8: =BAR!#REF!-1650 -> #REF! | ... V8: =BAR!#REF!-1650 -> #REF! | W8: =BAR!B9-1650 -> 6200 | X8: =BAR!C9-1650 -> 6200 | Y8: =BAR!D9-1650 -> 6200 | Z8: =BAR!E9-1650 -> 6200 | AA8: =BAR!F9-1650 -> 5900 | AB8: =BAR!G9-1650 -> 5900 | AC8: =BAR!H9-1650 -> 5900 | AD8: =BAR!I9-1650 -> 5900 | ... DY8: =BAR!DD9-1650 -> 6900
A9: Стандартный номер, с видом на горы - с двуспальной кроватью
A10: от 1 до 2 | B10: =BAR!#REF!-1650 -> #REF! | C10: =BAR!#REF!-1650 -> #REF! | D10: =BAR!#REF!-1650 -> #REF! | E10: =BAR!#REF!-1650 -> #REF! | F10: =BAR!#REF!-1650 -> #REF! | G10: =BAR!#REF!-1650 -> #REF! | H10: =BAR!#REF!-1650 -> #REF! | I10: =BAR!#REF!-1650 -> #REF! | ... V10: =BAR!#REF!-1650 -> #REF! | W10: =BAR!B12-1650 -> 6700 | X10: =BAR!C12-1650 -> 6700 | Y10: =BAR!D12-1650 -> 6700 | Z10: =BAR!E12-1650 -> 6700 | AA10: =BAR!F12-1650 -> 6400 | AB10: =BAR!G12-1650 -> 6400 | AC10: =BAR!H12-1650 -> 6400 | AD10: =BAR!I12-1650 -> 6400 | ... DY10: =BAR!DD12-1650 -> 7700
A11: Номер Люкс - с двуспальной кроватью
A12: от 1 до 2 | B12: =BAR!#REF!-1650 -> #REF! | C12: =BAR!#REF!-1650 -> #REF! | D12: =BAR!#REF!-1650 -> #REF! | E12: =BAR!#REF!-1650 -> #REF! | F12: =BAR!#REF!-1650 -> #REF! | G12: =BAR!#REF!-1650 -> #REF! | H12: =BAR!#REF!-1650 -> #REF! | I12: =BAR!#REF!-1650 -> #REF! | ... V12: =BAR!#REF!-1650 -> #REF! | W12: =BAR!B15-1650 -> 10700 | X12: =BAR!C15-1650 -> 10700 | Y12: =BAR!D15-1650 -> 10700 | Z12: =BAR!E15-1650 -> 10700 | AA12: =BAR!F15-1650 -> 10400 | AB12: =BAR!G15-1650 -> 10400 | AC12: =BAR!H15-1650 -> 10400 | AD12: =BAR!I15-1650 -> 10400 | ... DY12: =BAR!DD15-1650 -> 10700
A13: Представительский Люкс - с двуспальной кроватью
A14: от 1 до 2 | B14: =BAR!#REF!-1650 -> #REF! | C14: =BAR!#REF!-1650 -> #REF! | D14: =BAR!#REF!-1650 -> #REF! | E14: =BAR!#REF!-1650 -> #REF! | F14: =BAR!#REF!-1650 -> #REF! | G14: =BAR!#REF!-1650 -> #REF! | H14: =BAR!#REF!-1650 -> #REF! | I14: =BAR!#REF!-1650 -> #REF! | ... V14: =BAR!#REF!-1650 -> #REF! | W14: =BAR!B18-1650 -> 13700 | X14: =BAR!C18-1650 -> 13700 | Y14: =BAR!D18-1650 -> 13700 | Z14: =BAR!E18-1650 -> 13700 | AA14: =BAR!F18-1650 -> 13400 | AB14: =BAR!G18-1650 -> 13400 | AC14: =BAR!H18-1650 -> 13400 | AD14: =BAR!I18-1650 -> 13400 | ... DY14: =BAR!DD18-1650 -> 13200
A15: Даты тарифа (включительно):
A16: Период продажи: 25.03.2026 - 23.12.2026 Период проживания: 12.04.2026 - 24.12.2026
A17: Закрытые даты (включительно):
A18: 15.07.2026-30.11.2026
A19: В стоимость включено:
A20: Проживание в номере выбранной категории; Игровые пространства для досуга и отдыха детей и взрослых (Xbox, настольный футбол, аэрохоккей и бильярд); Услуги парковки автомобиля на Поляне 960 (крытая и открытая парковка); Подъём по канатной дороге с Поляны 540 на Поляну 960; Бесплатный Wi-Fi на территории всего отеля Комната для хранения горнолыжного оборудования
A21: Условия аннуляции:
A22: В случае отмены или изменения бронирования менее чем за 24 часа до заезда удерживается стоимость первых суток.

Sheet нетто FIT15
A1: Ибис Стайлс Красная Поляна 4*
A2: Тариф "Базовый с завтраком"
A3: нетто тарифы
A4: завтраки формата "Шведский стол" | B4: 46274 | C4: 46275 | D4: 46276 | E4: 46277 | F4: 46278 | G4: 46279 | H4: 46280 | I4: 46281 | J4: 46282 | K4: 46283 | L4: 46284 | M4: 46285 | N4: 46286 | O4: 46287 | P4: 46288 | Q4: 46289 | R4: 46290 | S4: 46291 | T4: 46292 | U4: 46293 | V4: 46294 | W4: 46295 | X4: 46296 | Y4: 46297 | Z4: 46298 | AA4: 46299 | AB4: 46300 | AC4: 46301 | AD4: 46302 | AE4: 46303 | AF4: 46304 | AG4: 46305 | AH4: 46306 | AI4: 46307 | AJ4: 46308 | AK4: 46309 | AL4: 46310 | AM4: 46311 | AN4: 46312 | AO4: 46313 | AP4: 46314 | AQ4: 46315 | AR4: 46316 | AS4: 46317 | AT4: 46318 | AU4: 46319 | AV4: 46320 | AW4: 46321 | AX4: 46322 | AY4: 46323 | AZ4: 46324 | BA4: 46325 | BB4: 46326 | BC4: 46327 | BD4: 46328 | BE4: 46329 | BF4: 46330 | BG4: 46331 | BH4: 46332 | BI4: 46333 | BJ4: 46334 | BK4: 46335 | BL4: 46336 | BM4: 46337 | BN4: 46338 | BO4: 46339 | BP4: 46340 | BQ4: 46341 | BR4: 46342 | BS4: 46343 | BT4: 46344 | BU4: 46345 | BV4: 46346 | BW4: 46347 | BX4: 46348 | BY4: 46349 | BZ4: 46350 | CA4: 46351 | CB4: 46352 | CC4: 46353 | CD4: 46354 | CE4: 46355 | CF4: 46356 | CG4: 46357 | CH4: 46358 | CI4: 46359 | CJ4: 46360 | CK4: 46361 | CL4: 46362 | CM4: 46363 | CN4: 46364 | CO4: 46365 | CP4: 46366 | CQ4: 46367 | CR4: 46368 | CS4: 46369 | CT4: 46370 | CU4: 46371 | CV4: 46372 | CW4: 46373 | CX4: 46374 | CY4: 46375 | CZ4: 46376 | DA4: 46377 | DB4: 46378 | DC4: 46379 | DD4: 46380 | DE4: 46381 | DF4: 46382 | DG4: 46383 | DH4: 46384 | DI4: 46385 | DJ4: 46386 | DK4: 46387 | DL4: 46388 | DM4: 46389 | DN4: 46390 | DO4: 46391 | DP4: 46392 | DQ4: 46393 | DR4: 46394 | DS4: 46395 | DT4: 46396 | DU4: 46397 | DV4: 46398 | DW4: 46399 | DX4: 46400 | DY4: 46401 | DZ4: 46402 | EA4: 46403 | EB4: 46404 | EC4: 46405 | ED4: 46406 | EE4: 46407 | EF4: 46408 | EG4: 46409 | EH4: 46410 | EI4: 46411 | EJ4: 46412 | EK4: 46413 | EL4: 46414 | EM4: 46415 | EN4: 46416 | EO4: 46417 | EP4: 46418 | EQ4: 46419 | ER4: 46420 | ES4: 46421 | ET4: 46422 | EU4: 46423 | EV4: 46424 | EW4: 46425 | EX4: 46426 | EY4: 46427 | EZ4: 46428 | FA4: 46429 | FB4: 46430 | FC4: 46431 | FD4: 46432 | FE4: 46433 | FF4: 46434 | FG4: 46435 | FH4: 46436 | FI4: 46437 | FJ4: 46438 | FK4: 46439 | FL4: 46440 | FM4: 46441 | FN4: 46442 | FO4: 46443 | FP4: 46444 | FQ4: 46445 | FR4: 46446 | FS4: 46447 | FT4: 46448 | FU4: 46449 | FV4: 46450 | FW4: 46451 | FX4: 46452 | FY4: 46453 | FZ4: 46454 | GA4: 46455 | GB4: 46456 | GC4: 46457 | GD4: 46458 | GE4: 46459 | GF4: 46460 | GG4: 46461 | GH4: 46462 | GI4: 46463 | GJ4: 46464 | GK4: 46465 | GL4: 46466 | GM4: 46467 | GN4: 46468 | GO4: 46469 | GP4: 46470 | GQ4: 46471 | GR4: 46472 | GS4: 46473 | GT4: 46474 | GU4: 46475 | GV4: 46476 | GW4: 46477
A5: Стандартный номер - с двуспальной кроватью, Стандартный номер - с 2 односпальными кроватями
A6: 1 | B6: =ROUNDUP(BAR!B6*0.85,) -> 5823 | C6: =ROUNDUP(BAR!C6*0.85,) -> 5823 | D6: =ROUNDUP(BAR!D6*0.85,) -> 5823 | E6: =ROUNDUP(BAR!E6*0.85,) -> 5823 | F6: =ROUNDUP(BAR!F6*0.85,) -> 5568 | G6: =ROUNDUP(BAR!G6*0.85,) -> 5568 | H6: =ROUNDUP(BAR!H6*0.85,) -> 5568 | I6: =ROUNDUP(BAR!I6*0.85,) -> 5568 | ... GW6: =ROUNDUP(BAR!GW6*0.85,) -> 12113
A7: 2 | B7: =ROUNDUP(BAR!B7*0.85,) -> 7225 | C7: =ROUNDUP(BAR!C7*0.85,) -> 7225 | D7: =ROUNDUP(BAR!D7*0.85,) -> 7225 | E7: =ROUNDUP(BAR!E7*0.85,) -> 7225 | F7: =ROUNDUP(BAR!F7*0.85,) -> 6970 | G7: =ROUNDUP(BAR!G7*0.85,) -> 6970 | H7: =ROUNDUP(BAR!H7*0.85,) -> 6970 | I7: =ROUNDUP(BAR!I7*0.85,) -> 6970 | ... GW7: =ROUNDUP(BAR!GW7*0.85,) -> 13685
A8: Стандартный номер, с балконом - с двуспальной кроватью
A9: 1 | B9: =ROUNDUP(BAR!B9*0.85,) -> 6673 | C9: =ROUNDUP(BAR!C9*0.85,) -> 6673 | D9: =ROUNDUP(BAR!D9*0.85,) -> 6673 | E9: =ROUNDUP(BAR!E9*0.85,) -> 6673 | F9: =ROUNDUP(BAR!F9*0.85,) -> 6418 | G9: =ROUNDUP(BAR!G9*0.85,) -> 6418 | H9: =ROUNDUP(BAR!H9*0.85,) -> 6418 | I9: =ROUNDUP(BAR!I9*0.85,) -> 6418 | ... GW9: =ROUNDUP(BAR!GW9*0.85,) -> 12963
A10: 2 | B10: =ROUNDUP(BAR!B10*0.85,) -> 8075 | C10: =ROUNDUP(BAR!C10*0.85,) -> 8075 | D10: =ROUNDUP(BAR!D10*0.85,) -> 8075 | E10: =ROUNDUP(BAR!E10*0.85,) -> 8075 | F10: =ROUNDUP(BAR!F10*0.85,) -> 7820 | G10: =ROUNDUP(BAR!G10*0.85,) -> 7820 | H10: =ROUNDUP(BAR!H10*0.85,) -> 7820 | I10: =ROUNDUP(BAR!I10*0.85,) -> 7820 | ... GW10: =ROUNDUP(BAR!GW10*0.85,) -> 14535
A11: Стандартный номер, с видом на горы - с двуспальной кроватью
A12: 1 | B12: =ROUNDUP(BAR!B12*0.85,) -> 7098 | C12: =ROUNDUP(BAR!C12*0.85,) -> 7098 | D12: =ROUNDUP(BAR!D12*0.85,) -> 7098 | E12: =ROUNDUP(BAR!E12*0.85,) -> 7098 | F12: =ROUNDUP(BAR!F12*0.85,) -> 6843 | G12: =ROUNDUP(BAR!G12*0.85,) -> 6843 | H12: =ROUNDUP(BAR!H12*0.85,) -> 6843 | I12: =ROUNDUP(BAR!I12*0.85,) -> 6843 | ... GW12: =ROUNDUP(BAR!GW12*0.85,) -> 13388
A13: 2 | B13: =ROUNDUP(BAR!B13*0.85,) -> 8500 | C13: =ROUNDUP(BAR!C13*0.85,) -> 8500 | D13: =ROUNDUP(BAR!D13*0.85,) -> 8500 | E13: =ROUNDUP(BAR!E13*0.85,) -> 8500 | F13: =ROUNDUP(BAR!F13*0.85,) -> 8245 | G13: =ROUNDUP(BAR!G13*0.85,) -> 8245 | H13: =ROUNDUP(BAR!H13*0.85,) -> 8245 | I13: =ROUNDUP(BAR!I13*0.85,) -> 8245 | ... GW13: =ROUNDUP(BAR!GW13*0.85,) -> 14960
A14: Номер Люкс - с двуспальной кроватью
A15: 1 | B15: =ROUNDUP(BAR!B15*0.85,) -> 10498 | C15: =ROUNDUP(BAR!C15*0.85,) -> 10498 | D15: =ROUNDUP(BAR!D15*0.85,) -> 10498 | E15: =ROUNDUP(BAR!E15*0.85,) -> 10498 | F15: =ROUNDUP(BAR!F15*0.85,) -> 10243 | G15: =ROUNDUP(BAR!G15*0.85,) -> 10243 | H15: =ROUNDUP(BAR!H15*0.85,) -> 10243 | I15: =ROUNDUP(BAR!I15*0.85,) -> 10243 | ... GW15: =ROUNDUP(BAR!GW15*0.85,) -> 17638
A16: 2 | B16: =ROUNDUP(BAR!B16*0.85,) -> 11900 | C16: =ROUNDUP(BAR!C16*0.85,) -> 11900 | D16: =ROUNDUP(BAR!D16*0.85,) -> 11900 | E16: =ROUNDUP(BAR!E16*0.85,) -> 11900 | F16: =ROUNDUP(BAR!F16*0.85,) -> 11645 | G16: =ROUNDUP(BAR!G16*0.85,) -> 11645 | H16: =ROUNDUP(BAR!H16*0.85,) -> 11645 | I16: =ROUNDUP(BAR!I16*0.85,) -> 11645 | ... GW16: =ROUNDUP(BAR!GW16*0.85,) -> 19210
A17: Представительский Люкс - с двуспальной кроватью
A18: 1 | B18: =ROUNDUP(BAR!B18*0.85,) -> 13048 | C18: =ROUNDUP(BAR!C18*0.85,) -> 13048 | D18: =ROUNDUP(BAR!D18*0.85,) -> 13048 | E18: =ROUNDUP(BAR!E18*0.85,) -> 13048 | F18: =ROUNDUP(BAR!F18*0.85,) -> 12793 | G18: =ROUNDUP(BAR!G18*0.85,) -> 12793 | H18: =ROUNDUP(BAR!H18*0.85,) -> 12793 | I18: =ROUNDUP(BAR!I18*0.85,) -> 12793 | ... GW18: =ROUNDUP(BAR!GW18*0.85,) -> 19338
A19: 2 | B19: =ROUNDUP(BAR!B19*0.85,) -> 14450 | C19: =ROUNDUP(BAR!C19*0.85,) -> 14450 | D19: =ROUNDUP(BAR!D19*0.85,) -> 14450 | E19: =ROUNDUP(BAR!E19*0.85,) -> 14450 | F19: =ROUNDUP(BAR!F19*0.85,) -> 14195 | G19: =ROUNDUP(BAR!G19*0.85,) -> 14195 | H19: =ROUNDUP(BAR!H19*0.85,) -> 14195 | I19: =ROUNDUP(BAR!I19*0.85,) -> 14195 | ... GW19: =ROUNDUP(BAR!GW19*0.85,) -> 20910
A20: Пентхаус - с 2 спальнями
A21: от 1 до 4 | B21: =ROUNDUP(BAR!B21*0.85,) -> 48323 | C21: =ROUNDUP(BAR!C21*0.85,) -> 48323 | D21: =ROUNDUP(BAR!D21*0.85,) -> 48323 | E21: =ROUNDUP(BAR!E21*0.85,) -> 48323 | F21: =ROUNDUP(BAR!F21*0.85,) -> 48068 | G21: =ROUNDUP(BAR!G21*0.85,) -> 48068 | H21: =ROUNDUP(BAR!H21*0.85,) -> 48068 | I21: =ROUNDUP(BAR!I21*0.85,) -> 48068 | ... GW21: =ROUNDUP(BAR!GW21*0.85,) -> 58863
A22: Пентхаус с тремя спальнями/ Penthouse with 3 bedroom
A23: От 1 до 6
A24: Доп.инфо:
A25: 📌Дополнительное место с завтраком: 01.04.26 - 28.12.26 взр 2650 руб/сут, реб 1850 руб/сут 29.12.26 - 08.01.27 взр 3000 руб/сут, реб 2000 руб/сут 09.01.27 - 31.03.27 взр 2850 руб/сут, реб 1950 руб/сут 📌Дополнительное место без завтрака: 01.04.26 - 28.12.26 взр 1000 руб/сут, реб 1000 руб/сут 29.12.26 - 08.01.27 взр 1000 руб/сут, реб 1000 руб/сут 09.01.27 - 31.03.27 взр 1000 руб/сут, реб 1000 руб/сут 📌Завтраки: 01.04.26 - 28.12.26 взр 1650 руб/сут, реб 850 руб/сут 29.12.26 - 08.01.27 взр 2000 руб/сут, реб 1000 руб/сут 09.01.27 - 31.03.27 взр 1850 руб/сут, реб 950 руб/сут 📌Доплата за размещение с животными (до 15 кг и 45 см в холке) – 2500 рублей/единоразово при заселении. Допустимо проживание не более 1-го животного в номере. Обязателен вет.паспорт животного. 📌Услуга "Ранний заезд или Поздний выезд" предоставляется при 100% гарантиии доп. суток размещения по возможности отеля. Негарантированный РЗ/ПВ оформляется в отеле и предоставляется по возможности отеля. Время негарантированных услуг: РЗ с 00:00 до 02:59 - 100%, с 03:00 до 15:00 - 50%; ПВ с 12:00 до 18:00 - 50%, после 18:00 - 100%.
A26: Новогодний тариф (включительно):
A27: Период продажи: 22.07.2026 – 08.01.2027 Период проживания: 29.12.2026 – 08.01.2027 Условия бронирования: При бронировании номера в даты проживания с 30.12.25-08.01.26 необходима предоплата в размере 1-х суток и полная оплата в размере 100% до 01.12.2026. Условия аннуляции: бесплатная отмена до 00:00 дня заезда и при отмене после 00:00 часов дня заезда удерживается стоимость первых суток.
A28: Даты тарифа (включительно):
A29: Период продажи: 20.03.2026 - 30.03.2027 Период проживания: 20.03.2026 - 31.03.2027
A30: В стоимость включено:
A31: Проживание в номере выбранной категории; Завтрак по системе "Шведский стол"; Игровые пространства для досуга и отдыха детей и взрослых (Xbox, настольный футбол, аэрохоккей и бильярд); Услуги парковки автомобиля на Поляне 960 (крытая и открытая парковка); Подъём по канатной дороге с Поляны 540 на Поляну 960; Бесплатный Wi-Fi на территории всего отеля Комната для хранения горнолыжного оборудования
A32: Условия аннуляции:
A33: В случае отмены или изменения бронирования после 00:00 часов дня заезда удерживается стоимость первых суток.
... A37: Вопросы и замечения по тарифным сеткам просьба направлять в адрес Супервайзеры отдела бронирования отелей ACCOR <res.supervisor.accor@kpresort.ru>

Sheet РБ10% FIT15
A1: Ибис Стайлс Красная Поляна 4*
A2: Тариф "Раннее бронирование со скидкой 10%, завтрак включен"
A3: нетто тарифы
A4: завтраки формата "Шведский стол" | B4: 46274 | C4: 46275 | D4: 46276 | E4: 46277 | F4: 46278 | G4: 46279 | H4: 46280 | I4: 46281 | J4: 46282 | K4: 46283 | L4: 46284 | M4: 46285 | N4: 46286 | O4: 46287 | P4: 46288 | Q4: 46289 | R4: 46290 | S4: 46291 | T4: 46292 | U4: 46293 | V4: 46294 | W4: 46295 | X4: 46296 | Y4: 46297 | Z4: 46298 | AA4: 46299 | AB4: 46300 | AC4: 46301 | AD4: 46302 | AE4: 46303 | AF4: 46304 | AG4: 46305 | AH4: 46306 | AI4: 46307 | AJ4: 46308 | AK4: 46309 | AL4: 46310 | AM4: 46311 | AN4: 46312 | AO4: 46313 | AP4: 46314 | AQ4: 46315 | AR4: 46316 | AS4: 46317 | AT4: 46318 | AU4: 46319 | AV4: 46320 | AW4: 46321 | AX4: 46322 | AY4: 46323 | AZ4: 46324 | BA4: 46325 | BB4: 46326 | BC4: 46327 | BD4: 46328 | BE4: 46329 | BF4: 46330 | BG4: 46331 | BH4: 46332 | BI4: 46333 | BJ4: 46334 | BK4: 46335 | BL4: 46336 | BM4: 46337 | BN4: 46338 | BO4: 46339 | BP4: 46340 | BQ4: 46341 | BR4: 46342 | BS4: 46343 | BT4: 46344 | BU4: 46345 | BV4: 46346 | BW4: 46347 | BX4: 46348 | BY4: 46349 | BZ4: 46350 | CA4: 46351 | CB4: 46352 | CC4: 46353 | CD4: 46354 | CE4: 46355 | CF4: 46356 | CG4: 46357 | CH4: 46358 | CI4: 46359 | CJ4: 46360 | CK4: 46361 | CL4: 46362 | CM4: 46363 | CN4: 46364 | CO4: 46365 | CP4: 46366 | CQ4: 46367 | CR4: 46368 | CS4: 46369 | CT4: 46370 | CU4: 46371 | CV4: 46372 | CW4: 46373 | CX4: 46374 | CY4: 46375 | CZ4: 46376 | DA4: 46377 | DB4: 46378 | DC4: 46379 | DD4: 46380 | DE4: 46381 | DF4: 46382 | DG4: 46383 | DH4: 46384 | DI4: 46385 | DJ4: 46386 | DK4: 46387 | DL4: 46388 | DM4: 46389 | DN4: 46390 | DO4: 46391 | DP4: 46392 | DQ4: 46393 | DR4: 46394 | DS4: 46395 | DT4: 46396 | DU4: 46397 | DV4: 46398 | DW4: 46399 | DX4: 46400 | DY4: 46401 | DZ4: 46402 | EA4: 46403 | EB4: 46404 | EC4: 46405 | ED4: 46406 | EE4: 46407 | EF4: 46408 | EG4: 46409 | EH4: 46410 | EI4: 46411 | EJ4: 46412 | EK4: 46413 | EL4: 46414 | EM4: 46415 | EN4: 46416 | EO4: 46417 | EP4: 46418 | EQ4: 46419 | ER4: 46420 | ES4: 46421 | ET4: 46422 | EU4: 46423 | EV4: 46424 | EW4: 46425 | EX4: 46426 | EY4: 46427 | EZ4: 46428 | FA4: 46429 | FB4: 46430 | FC4: 46431 | FD4: 46432 | FE4: 46433 | FF4: 46434 | FG4: 46435 | FH4: 46436 | FI4: 46437 | FJ4: 46438 | FK4: 46439 | FL4: 46440 | FM4: 46441 | FN4: 46442 | FO4: 46443 | FP4: 46444 | FQ4: 46445 | FR4: 46446 | FS4: 46447 | FT4: 46448 | FU4: 46449 | FV4: 46450 | FW4: 46451 | FX4: 46452 | FY4: 46453 | FZ4: 46454 | GA4: 46455 | GB4: 46456 | GC4: 46457 | GD4: 46458 | GE4: 46459 | GF4: 46460 | GG4: 46461 | GH4: 46462 | GI4: 46463 | GJ4: 46464 | GK4: 46465 | GL4: 46466 | GM4: 46467 | GN4: 46468 | GO4: 46469 | GP4: 46470 | GQ4: 46471 | GR4: 46472 | GS4: 46473 | GT4: 46474 | GU4: 46475 | GV4: 46476 | GW4: 46477
A5: Стандартный номер - с двуспальной кроватью, Стандартный номер - с 2 односпальными кроватями
A6: 1 | B6: =ROUNDUP(BAR!B6*0.9*0.9,) -> 5549 | C6: =ROUNDUP(BAR!C6*0.9*0.9,) -> 5549 | D6: =ROUNDUP(BAR!D6*0.9*0.9,) -> 5549 | E6: =ROUNDUP(BAR!E6*0.9*0.9,) -> 5549 | F6: =ROUNDUP(BAR!F6*0.9*0.9,) -> 5306 | G6: =ROUNDUP(BAR!G6*0.9*0.9,) -> 5306 | H6: =ROUNDUP(BAR!H6*0.9*0.9,) -> 5306 | I6: =ROUNDUP(BAR!I6*0.9*0.9,) -> 5306 | ... GW6: =ROUNDUP(BAR!GW6*0.9*0.9,) -> 11543
A7: 2 | B7: =ROUNDUP(BAR!B7*0.9*0.9,) -> 6885 | C7: =ROUNDUP(BAR!C7*0.9*0.9,) -> 6885 | D7: =ROUNDUP(BAR!D7*0.9*0.9,) -> 6885 | E7: =ROUNDUP(BAR!E7*0.9*0.9,) -> 6885 | F7: =ROUNDUP(BAR!F7*0.9*0.9,) -> 6642 | G7: =ROUNDUP(BAR!G7*0.9*0.9,) -> 6642 | H7: =ROUNDUP(BAR!H7*0.9*0.9,) -> 6642 | I7: =ROUNDUP(BAR!I7*0.9*0.9,) -> 6642 | ... GW7: =ROUNDUP(BAR!GW7*0.9*0.9,) -> 13041
A8: Стандартный номер, с балконом - с двуспальной кроватью
A9: 1 | B9: =ROUNDUP(BAR!B9*0.9*0.9,) -> 6359 | C9: =ROUNDUP(BAR!C9*0.9*0.9,) -> 6359 | D9: =ROUNDUP(BAR!D9*0.9*0.9,) -> 6359 | E9: =ROUNDUP(BAR!E9*0.9*0.9,) -> 6359 | F9: =ROUNDUP(BAR!F9*0.9*0.9,) -> 6116 | G9: =ROUNDUP(BAR!G9*0.9*0.9,) -> 6116 | H9: =ROUNDUP(BAR!H9*0.9*0.9,) -> 6116 | I9: =ROUNDUP(BAR!I9*0.9*0.9,) -> 6116 | ... GW9: =ROUNDUP(BAR!GW9*0.9*0.9,) -> 12353
A10: 2 | B10: =ROUNDUP(BAR!B10*0.9*0.9,) -> 7695 | C10: =ROUNDUP(BAR!C10*0.9*0.9,) -> 7695 | D10: =ROUNDUP(BAR!D10*0.9*0.9,) -> 7695 | E10: =ROUNDUP(BAR!E10*0.9*0.9,) -> 7695 | F10: =ROUNDUP(BAR!F10*0.9*0.9,) -> 7452 | G10: =ROUNDUP(BAR!G10*0.9*0.9,) -> 7452 | H10: =ROUNDUP(BAR!H10*0.9*0.9,) -> 7452 | I10: =ROUNDUP(BAR!I10*0.9*0.9,) -> 7452 | ... GW10: =ROUNDUP(BAR!GW10*0.9*0.9,) -> 13851
A11: Стандартный номер, с видом на горы - с двуспальной кроватью
A12: 1 | B12: =ROUNDUP(BAR!B12*0.9*0.9,) -> 6764 | C12: =ROUNDUP(BAR!C12*0.9*0.9,) -> 6764 | D12: =ROUNDUP(BAR!D12*0.9*0.9,) -> 6764 | E12: =ROUNDUP(BAR!E12*0.9*0.9,) -> 6764 | F12: =ROUNDUP(BAR!F12*0.9*0.9,) -> 6521 | G12: =ROUNDUP(BAR!G12*0.9*0.9,) -> 6521 | H12: =ROUNDUP(BAR!H12*0.9*0.9,) -> 6521 | I12: =ROUNDUP(BAR!I12*0.9*0.9,) -> 6521 | ... GW12: =ROUNDUP(BAR!GW12*0.9*0.9,) -> 12758
A13: 2 | B13: =ROUNDUP(BAR!B13*0.9*0.9,) -> 8100 | C13: =ROUNDUP(BAR!C13*0.9*0.9,) -> 8100 | D13: =ROUNDUP(BAR!D13*0.9*0.9,) -> 8100 | E13: =ROUNDUP(BAR!E13*0.9*0.9,) -> 8100 | F13: =ROUNDUP(BAR!F13*0.9*0.9,) -> 7857 | G13: =ROUNDUP(BAR!G13*0.9*0.9,) -> 7857 | H13: =ROUNDUP(BAR!H13*0.9*0.9,) -> 7857 | I13: =ROUNDUP(BAR!I13*0.9*0.9,) -> 7857 | ... GW13: =ROUNDUP(BAR!GW13*0.9*0.9,) -> 14256
A14: Номер Люкс - с двуспальной кроватью
A15: 1 | B15: =ROUNDUP(BAR!B15*0.9*0.9,) -> 10004 | C15: =ROUNDUP(BAR!C15*0.9*0.9,) -> 10004 | D15: =ROUNDUP(BAR!D15*0.9*0.9,) -> 10004 | E15: =ROUNDUP(BAR!E15*0.9*0.9,) -> 10004 | F15: =ROUNDUP(BAR!F15*0.9*0.9,) -> 9761 | G15: =ROUNDUP(BAR!G15*0.9*0.9,) -> 9761 | H15: =ROUNDUP(BAR!H15*0.9*0.9,) -> 9761 | I15: =ROUNDUP(BAR!I15*0.9*0.9,) -> 9761 | ... GW15: =ROUNDUP(BAR!GW15*0.9*0.9,) -> 16808
A16: 2 | B16: =ROUNDUP(BAR!B16*0.9*0.9,) -> 11340 | C16: =ROUNDUP(BAR!C16*0.9*0.9,) -> 11340 | D16: =ROUNDUP(BAR!D16*0.9*0.9,) -> 11340 | E16: =ROUNDUP(BAR!E16*0.9*0.9,) -> 11340 | F16: =ROUNDUP(BAR!F16*0.9*0.9,) -> 11097 | G16: =ROUNDUP(BAR!G16*0.9*0.9,) -> 11097 | H16: =ROUNDUP(BAR!H16*0.9*0.9,) -> 11097 | I16: =ROUNDUP(BAR!I16*0.9*0.9,) -> 11097 | ... GW16: =ROUNDUP(BAR!GW16*0.9*0.9,) -> 18306
A17: Представительский Люкс - с двуспальной кроватью
A18: 1 | B18: =ROUNDUP(BAR!B18*0.9*0.9,) -> 12434 | C18: =ROUNDUP(BAR!C18*0.9*0.9,) -> 12434 | D18: =ROUNDUP(BAR!D18*0.9*0.9,) -> 12434 | E18: =ROUNDUP(BAR!E18*0.9*0.9,) -> 12434 | F18: =ROUNDUP(BAR!F18*0.9*0.9,) -> 12191 | G18: =ROUNDUP(BAR!G18*0.9*0.9,) -> 12191 | H18: =ROUNDUP(BAR!H18*0.9*0.9,) -> 12191 | I18: =ROUNDUP(BAR!I18*0.9*0.9,) -> 12191 | ... GW18: =ROUNDUP(BAR!GW18*0.9*0.9,) -> 18428
A19: 2 | B19: =ROUNDUP(BAR!B19*0.9*0.9,) -> 13770 | C19: =ROUNDUP(BAR!C19*0.9*0.9,) -> 13770 | D19: =ROUNDUP(BAR!D19*0.9*0.9,) -> 13770 | E19: =ROUNDUP(BAR!E19*0.9*0.9,) -> 13770 | F19: =ROUNDUP(BAR!F19*0.9*0.9,) -> 13527 | G19: =ROUNDUP(BAR!G19*0.9*0.9,) -> 13527 | H19: =ROUNDUP(BAR!H19*0.9*0.9,) -> 13527 | I19: =ROUNDUP(BAR!I19*0.9*0.9,) -> 13527 | ... GW19: =ROUNDUP(BAR!GW19*0.9*0.9,) -> 19926
A20: Пентхаус - с 2 спальнями
A21: от 1 до 4 | B21: =ROUNDUP(BAR!B21*0.9*0.9,) -> 46049 | C21: =ROUNDUP(BAR!C21*0.9*0.9,) -> 46049 | D21: =ROUNDUP(BAR!D21*0.9*0.9,) -> 46049 | E21: =ROUNDUP(BAR!E21*0.9*0.9,) -> 46049 | F21: =ROUNDUP(BAR!F21*0.9*0.9,) -> 45806 | G21: =ROUNDUP(BAR!G21*0.9*0.9,) -> 45806 | H21: =ROUNDUP(BAR!H21*0.9*0.9,) -> 45806 | I21: =ROUNDUP(BAR!I21*0.9*0.9,) -> 45806 | ... GW21: =ROUNDUP(BAR!GW21*0.9*0.9,) -> 56093
A22: Пентхаус с тремя спальнями/ Penthouse with 3 bedroom
A23: От 1 до 6
A24: ВАЖНО:
A25: Доступен для бронирования от 7 до 14 дней до заезда.
A26: Даты тарифа (включительно):
A27: Период продажи: 20.03.2026 - 30.03.2027 Период проживания: 20.03.2026 - 31.03.2027
A28: Закрытые даты (включительно):
A29: 29.12.2026 - 08.01.2027
A30: В стоимость включено:
A31: Проживание в номере выбранной категории; Завтрак по системе "Шведский стол"; Игровые пространства для досуга и отдыха детей и взрослых (Xbox, настольный футбол, аэрохоккей и бильярд); Услуги парковки автомобиля на Поляне 960 (крытая и открытая парковка); Подъём по канатной дороге с Поляны 540 на Поляну 960; Бесплатный Wi-Fi на территории всего отеля Комната для хранения горнолыжного оборудования
A32: Условия аннуляции:
A33: Для оформления бронирования необходимо внести 100% предоплату в размере полной стоимости проживания. В случае отмены или изменения бронирования после 00:00 часов дня заезда удерживается стоимость первых суток.

Sheet РБ15% FIT15
A1: Ибис Стайлс Красная Поляна 4*
A2: Тариф "Раннее бронирование со скидкой 15%, завтрак включен"
A3: нетто тарифы
A4: завтраки формата "Шведский стол" | B4: 46274 | C4: 46275 | D4: 46276 | E4: 46277 | F4: 46278 | G4: 46279 | H4: 46280 | I4: 46281 | J4: 46282 | K4: 46283 | L4: 46284 | M4: 46285 | N4: 46286 | O4: 46287 | P4: 46288 | Q4: 46289 | R4: 46290 | S4: 46291 | T4: 46292 | U4: 46293 | V4: 46294 | W4: 46295 | X4: 46296 | Y4: 46297 | Z4: 46298 | AA4: 46299 | AB4: 46300 | AC4: 46301 | AD4: 46302 | AE4: 46303 | AF4: 46304 | AG4: 46305 | AH4: 46306 | AI4: 46307 | AJ4: 46308 | AK4: 46309 | AL4: 46310 | AM4: 46311 | AN4: 46312 | AO4: 46313 | AP4: 46314 | AQ4: 46315 | AR4: 46316 | AS4: 46317 | AT4: 46318 | AU4: 46319 | AV4: 46320 | AW4: 46321 | AX4: 46322 | AY4: 46323 | AZ4: 46324 | BA4: 46325 | BB4: 46326 | BC4: 46327 | BD4: 46328 | BE4: 46329 | BF4: 46330 | BG4: 46331 | BH4: 46332 | BI4: 46333 | BJ4: 46334 | BK4: 46335 | BL4: 46336 | BM4: 46337 | BN4: 46338 | BO4: 46339 | BP4: 46340 | BQ4: 46341 | BR4: 46342 | BS4: 46343 | BT4: 46344 | BU4: 46345 | BV4: 46346 | BW4: 46347 | BX4: 46348 | BY4: 46349 | BZ4: 46350 | CA4: 46351 | CB4: 46352 | CC4: 46353 | CD4: 46354 | CE4: 46355 | CF4: 46356 | CG4: 46357 | CH4: 46358 | CI4: 46359 | CJ4: 46360 | CK4: 46361 | CL4: 46362 | CM4: 46363 | CN4: 46364 | CO4: 46365 | CP4: 46366 | CQ4: 46367 | CR4: 46368 | CS4: 46369 | CT4: 46370 | CU4: 46371 | CV4: 46372 | CW4: 46373 | CX4: 46374 | CY4: 46375 | CZ4: 46376 | DA4: 46377 | DB4: 46378 | DC4: 46379 | DD4: 46380 | DE4: 46381 | DF4: 46382 | DG4: 46383 | DH4: 46384 | DI4: 46385 | DJ4: 46386 | DK4: 46387 | DL4: 46388 | DM4: 46389 | DN4: 46390 | DO4: 46391 | DP4: 46392 | DQ4: 46393 | DR4: 46394 | DS4: 46395 | DT4: 46396 | DU4: 46397 | DV4: 46398 | DW4: 46399 | DX4: 46400 | DY4: 46401 | DZ4: 46402 | EA4: 46403 | EB4: 46404 | EC4: 46405 | ED4: 46406 | EE4: 46407 | EF4: 46408 | EG4: 46409 | EH4: 46410 | EI4: 46411 | EJ4: 46412 | EK4: 46413 | EL4: 46414 | EM4: 46415 | EN4: 46416 | EO4: 46417 | EP4: 46418 | EQ4: 46419 | ER4: 46420 | ES4: 46421 | ET4: 46422 | EU4: 46423 | EV4: 46424 | EW4: 46425 | EX4: 46426 | EY4: 46427 | EZ4: 46428 | FA4: 46429 | FB4: 46430 | FC4: 46431 | FD4: 46432 | FE4: 46433 | FF4: 46434 | FG4: 46435 | FH4: 46436 | FI4: 46437 | FJ4: 46438 | FK4: 46439 | FL4: 46440 | FM4: 46441 | FN4: 46442 | FO4: 46443 | FP4: 46444 | FQ4: 46445 | FR4: 46446 | FS4: 46447 | FT4: 46448 | FU4: 46449 | FV4: 46450 | FW4: 46451 | FX4: 46452 | FY4: 46453 | FZ4: 46454 | GA4: 46455 | GB4: 46456 | GC4: 46457 | GD4: 46458 | GE4: 46459 | GF4: 46460 | GG4: 46461 | GH4: 46462 | GI4: 46463 | GJ4: 46464 | GK4: 46465 | GL4: 46466 | GM4: 46467 | GN4: 46468 | GO4: 46469 | GP4: 46470 | GQ4: 46471 | GR4: 46472 | GS4: 46473 | GT4: 46474 | GU4: 46475 | GV4: 46476 | GW4: 46477
A5: Стандартный номер - с двуспальной кроватью, Стандартный номер - с 2 односпальными кроватями
A6: 1 | B6: =ROUNDUP('РБ15%'!B6*0.9,) -> 5241 | C6: =ROUNDUP('РБ15%'!C6*0.9,) -> 5241 | D6: =ROUNDUP('РБ15%'!D6*0.9,) -> 5241 | E6: =ROUNDUP('РБ15%'!E6*0.9,) -> 5241 | F6: =ROUNDUP('РБ15%'!F6*0.9,) -> 5012 | G6: =ROUNDUP('РБ15%'!G6*0.9,) -> 5012 | H6: =ROUNDUP('РБ15%'!H6*0.9,) -> 5012 | I6: =ROUNDUP('РБ15%'!I6*0.9,) -> 5012 | ... GW6: =ROUNDUP('РБ15%'!GW6*0.9,) -> 10902
A7: 2 | B7: =ROUNDUP('РБ15%'!B7*0.9,) -> 6503 | C7: =ROUNDUP('РБ15%'!C7*0.9,) -> 6503 | D7: =ROUNDUP('РБ15%'!D7*0.9,) -> 6503 | E7: =ROUNDUP('РБ15%'!E7*0.9,) -> 6503 | F7: =ROUNDUP('РБ15%'!F7*0.9,) -> 6273 | G7: =ROUNDUP('РБ15%'!G7*0.9,) -> 6273 | H7: =ROUNDUP('РБ15%'!H7*0.9,) -> 6273 | I7: =ROUNDUP('РБ15%'!I7*0.9,) -> 6273 | ... GW7: =ROUNDUP('РБ15%'!GW7*0.9,) -> 12317
A8: Стандартный номер, с балконом - с двуспальной кроватью
A9: 1 | B9: =ROUNDUP('РБ15%'!B9*0.9,) -> 6006 | C9: =ROUNDUP('РБ15%'!C9*0.9,) -> 6006 | D9: =ROUNDUP('РБ15%'!D9*0.9,) -> 6006 | E9: =ROUNDUP('РБ15%'!E9*0.9,) -> 6006 | F9: =ROUNDUP('РБ15%'!F9*0.9,) -> 5777 | G9: =ROUNDUP('РБ15%'!G9*0.9,) -> 5777 | H9: =ROUNDUP('РБ15%'!H9*0.9,) -> 5777 | I9: =ROUNDUP('РБ15%'!I9*0.9,) -> 5777 | ... GW9: =ROUNDUP('РБ15%'!GW9*0.9,) -> 11667
A10: 2 | B10: =ROUNDUP('РБ15%'!B10*0.9,) -> 7268 | C10: =ROUNDUP('РБ15%'!C10*0.9,) -> 7268 | D10: =ROUNDUP('РБ15%'!D10*0.9,) -> 7268 | E10: =ROUNDUP('РБ15%'!E10*0.9,) -> 7268 | F10: =ROUNDUP('РБ15%'!F10*0.9,) -> 7038 | G10: =ROUNDUP('РБ15%'!G10*0.9,) -> 7038 | H10: =ROUNDUP('РБ15%'!H10*0.9,) -> 7038 | I10: =ROUNDUP('РБ15%'!I10*0.9,) -> 7038 | ... GW10: =ROUNDUP('РБ15%'!GW10*0.9,) -> 13082
A11: Стандартный номер, с видом на горы - с двуспальной кроватью
A12: 1 | B12: =ROUNDUP('РБ15%'!B12*0.9,) -> 6389 | C12: =ROUNDUP('РБ15%'!C12*0.9,) -> 6389 | D12: =ROUNDUP('РБ15%'!D12*0.9,) -> 6389 | E12: =ROUNDUP('РБ15%'!E12*0.9,) -> 6389 | F12: =ROUNDUP('РБ15%'!F12*0.9,) -> 6159 | G12: =ROUNDUP('РБ15%'!G12*0.9,) -> 6159 | H12: =ROUNDUP('РБ15%'!H12*0.9,) -> 6159 | I12: =ROUNDUP('РБ15%'!I12*0.9,) -> 6159 | ... GW12: =ROUNDUP('РБ15%'!GW12*0.9,) -> 12050
A13: 2 | B13: =ROUNDUP('РБ15%'!B13*0.9,) -> 7650 | C13: =ROUNDUP('РБ15%'!C13*0.9,) -> 7650 | D13: =ROUNDUP('РБ15%'!D13*0.9,) -> 7650 | E13: =ROUNDUP('РБ15%'!E13*0.9,) -> 7650 | F13: =ROUNDUP('РБ15%'!F13*0.9,) -> 7421 | G13: =ROUNDUP('РБ15%'!G13*0.9,) -> 7421 | H13: =ROUNDUP('РБ15%'!H13*0.9,) -> 7421 | I13: =ROUNDUP('РБ15%'!I13*0.9,) -> 7421 | ... GW13: =ROUNDUP('РБ15%'!GW13*0.9,) -> 13464
A14: Номер Люкс - с двуспальной кроватью
A15: 1 | B15: =ROUNDUP('РБ15%'!B15*0.9,) -> 9449 | C15: =ROUNDUP('РБ15%'!C15*0.9,) -> 9449 | D15: =ROUNDUP('РБ15%'!D15*0.9,) -> 9449 | E15: =ROUNDUP('РБ15%'!E15*0.9,) -> 9449 | F15: =ROUNDUP('РБ15%'!F15*0.9,) -> 9219 | G15: =ROUNDUP('РБ15%'!G15*0.9,) -> 9219 | H15: =ROUNDUP('РБ15%'!H15*0.9,) -> 9219 | I15: =ROUNDUP('РБ15%'!I15*0.9,) -> 9219 | ... GW15: =ROUNDUP('РБ15%'!GW15*0.9,) -> 15875
A16: 2 | B16: =ROUNDUP('РБ15%'!B16*0.9,) -> 10710 | C16: =ROUNDUP('РБ15%'!C16*0.9,) -> 10710 | D16: =ROUNDUP('РБ15%'!D16*0.9,) -> 10710 | E16: =ROUNDUP('РБ15%'!E16*0.9,) -> 10710 | F16: =ROUNDUP('РБ15%'!F16*0.9,) -> 10481 | G16: =ROUNDUP('РБ15%'!G16*0.9,) -> 10481 | H16: =ROUNDUP('РБ15%'!H16*0.9,) -> 10481 | I16: =ROUNDUP('РБ15%'!I16*0.9,) -> 10481 | ... GW16: =ROUNDUP('РБ15%'!GW16*0.9,) -> 17289
A17: Представительский Люкс - с двуспальной кроватью
A18: 1 | B18: =ROUNDUP('РБ15%'!B18*0.9,) -> 11744 | C18: =ROUNDUP('РБ15%'!C18*0.9,) -> 11744 | D18: =ROUNDUP('РБ15%'!D18*0.9,) -> 11744 | E18: =ROUNDUP('РБ15%'!E18*0.9,) -> 11744 | F18: =ROUNDUP('РБ15%'!F18*0.9,) -> 11514 | G18: =ROUNDUP('РБ15%'!G18*0.9,) -> 11514 | H18: =ROUNDUP('РБ15%'!H18*0.9,) -> 11514 | I18: =ROUNDUP('РБ15%'!I18*0.9,) -> 11514 | ... GW18: =ROUNDUP('РБ15%'!GW18*0.9,) -> 17405
A19: 2 | B19: =ROUNDUP('РБ15%'!B19*0.9,) -> 13005 | C19: =ROUNDUP('РБ15%'!C19*0.9,) -> 13005 | D19: =ROUNDUP('РБ15%'!D19*0.9,) -> 13005 | E19: =ROUNDUP('РБ15%'!E19*0.9,) -> 13005 | F19: =ROUNDUP('РБ15%'!F19*0.9,) -> 12776 | G19: =ROUNDUP('РБ15%'!G19*0.9,) -> 12776 | H19: =ROUNDUP('РБ15%'!H19*0.9,) -> 12776 | I19: =ROUNDUP('РБ15%'!I19*0.9,) -> 12776 | ... GW19: =ROUNDUP('РБ15%'!GW19*0.9,) -> 18819
A20: Пентхаус - с 2 спальнями
A21: от 1 до 4 | B21: =ROUNDUP('РБ15%'!B21*0.9,) -> 43491 | C21: =ROUNDUP('РБ15%'!C21*0.9,) -> 43491 | D21: =ROUNDUP('РБ15%'!D21*0.9,) -> 43491 | E21: =ROUNDUP('РБ15%'!E21*0.9,) -> 43491 | F21: =ROUNDUP('РБ15%'!F21*0.9,) -> 43262 | G21: =ROUNDUP('РБ15%'!G21*0.9,) -> 43262 | H21: =ROUNDUP('РБ15%'!H21*0.9,) -> 43262 | I21: =ROUNDUP('РБ15%'!I21*0.9,) -> 43262 | ... GW21: =ROUNDUP('РБ15%'!GW21*0.9,) -> 52977
A22: Пентхаус с тремя спальнями/ Penthouse with 3 bedroom
A23: От 1 до 6
A24: ВАЖНО:
A25: Доступен для бронирования от 15 дней до заезда.
A26: Даты тарифа (включительно):
A27: Период продажи: 20.03.2026 - 30.03.2027 Период проживания: 20.03.2026 - 31.03.2027
A28: Закрытые даты (включительно):
A29: 29.12.2026 - 08.01.2027
A30: В стоимость включено:
A31: Проживание в номере выбранной категории; Завтрак по системе "Шведский стол"; Игровые пространства для досуга и отдыха детей и взрослых (Xbox, настольный футбол, аэрохоккей и бильярд); Услуги парковки автомобиля на Поляне 960 (крытая и открытая парковка); Подъём по канатной дороге с Поляны 540 на Поляну 960; Бесплатный Wi-Fi на территории всего отеля Комната для хранения горнолыжного оборудования
A32: Условия аннуляции:
A33: Для оформления бронирования необходимо внести 100% предоплату в размере полной стоимости проживания. В случае отмены или изменения бронирования после 00:00 часов дня заезда удерживается стоимость первых суток.

Sheet ОиК FIT15 
A1: Ибис Стайлс Красная Поляна 4*
A2: тариф ОТДЫХАЙ И КАТАЙ
A3: нетто тарифы
A4: завтраки формата "Шведский стол"
A5: Стандартный номер - с двуспальной кроватью, с 2 односпальными кроватями
A6: 1
A7: 2
A8: Стандартный номер, с видом на горы - с двуспальной кроватью
A9: 1
A10: 2
A11: Стандартный номер, с балконом - с двуспальной кроватью
A12: 1
A13: 2
A14: Номер Люкс - с двуспальной кроватью
A15: 1
A16: 2
A17: Представительский Люкс - с двуспальной кроватью
A18: 1
A19: 2
A20: Пентхаус - с 2 спальнями
A21: От 1 до 4
A22: ВАЖНО:
A23: Дополнительно на каждый день проживания в стоимость заявки добавляются ски-пассы для каждого взрослого, стоимость: 09.01.2025 - 31.03.2026 включительно - 3500 руб. 01.04.2026 - 09.05.2026 включительно - 2000 руб. При размещении дополнительных гостей, также на каждый день проживания добавляются в стоимость заявки ски-пассы на каждого взрослого гостя: 09.01.2025 - 31.03.2026 включительно - 3500 руб. 01.04.2026 - 09.05.2026 включительно - 2000 руб. Детские ски-пассы приобретаются отдельно.
A24: В Тravelline тариф выгружается с учетом стоимости ски-пассов на каждого взрослого в заявке. В заявки, направляемые вручную по почте, дополнительно на каждый день проживания в стоимость добавляется стоимость ски-пассов для каждого взрослого самостоятельно.
A25: Выдача электронного купона производится при заселении на стойке регистрации. Получить ски-пассы можно в автоматах (пикап-поинтах) у канатных дорог. Возврат средств за неиспользованные ски-пассы не производится. Тариф включает ски-пассы только для взрослых гостей. Детские ски-пассы приобретаются в кассе курорта или на стойке «Чем заняться» за 1 рубль.
A26: Даты тарифа:
A27: Период продажи: 31.10.2025 - 09.05.2026 Период проживания: 09.01.2026 - 10.05.2026
A28: В стоимость включено:
A29: Проживание в номере выбранной категории со скидкой 10%; Ски-пасс "Дневной взрослый" со скидкой 50% на весь период проживания (от открытой стоимости krasnayapolyanaresort.ru);* Игровые пространства для досуга и отдыха детей и взрослых (Xbox, настольный футбол, аэрохоккей и бильярд); Услуги парковки автомобиля на Поляне 960 (крытая и открытая парковка); Подъём по канатной дороге с Поляны 540 на Поляну 960; Бесплатный Wi-Fi на территории всего отеля. Комната для хранения горнолыжного оборудования *Количество ски-пассов равно количеству ночей проживания
A30: Дополнительно в стоимость включено с 08.04.2026:
A31: Скидка 15% на все массажи и спа-процедуры во всех СПА Курорта (Mövenpick5*, Novotel Resort&Spa 5*, Rixos 5* и Marriott 5*, с 13.04.26 в отеле Panorama by Mercure 4*); Скидка 30% на меню и напитки ресторана «Вершина» (2200 м); Скидка 25% на разовый визит в СПА Novotel Resort&Spa 5* с открытым бассейном; Аренда малого банного комплекса с 9:00 до 11:00 (не более 5 гостей) - до 5 авторских процедур в подарок «Ритуал Воздуха» или «Сила Стихий»; Разовое посещение большого банного комплекса от 4 000р./взр и детский тариф со скидкой 50% от стоимости тарифа для взрослых (Посещение не входит в стоимость, оплачивается дополнительно). Подробная информация о предоставлении услуг в Службе поддержки Курорта: тел. 8 800 550 20 20 e-mail: infocenter@kpresort.ru. Услуги предложения действуют только в период проживания и предоставляются однократно, согласно условиям в купонной книге. Купонная книга выдается при заселении из расчета: 1 номер = 1 книга. Предложение ограничено и не комбинируется с другими действующими акциями отеля. НАО «Красная поляна» оставляет за собой право изменять услуги в составе пакета. Предоставление услуг может зависеть от высокой загрузки СПА и банного комплекса.
... A35: Ежегодные регламентные работы на канатных дорогах курорта Красная Поляна пройдут с 16 марта по 24 июня 2026 года. С 10 по 31 мая будут закрыты канатные дороги Центрального сектора: («Красная Поляна» 540-960 м, «Реликтовый лес» 960-1460 м, «Вершина» 1460-2200 м, «Аибга» 2200-2050 м, «Черная Пирамида» 2050-2300 м). На время регламентных работ между уровнями 540-960 м будут курсировать шаттлы курорта. С 16 марта по 24 апреля будет закрыта канатная дорога Восточного сектора К‑13 «Водопад Поликаря. С 1 апреля по 24 апреля будут закрыты канатные дороги К‑10 «Восточный лес» и К‑12 «Старт чемпиона». К‑8 «Снежная звезда»: закрыта с 1 по 24 июня.

Sheet НсЛ FIT15 
A1: Ибис Стайлс Красная Поляна 4*
A2: тариф НАПОЛНИ СВОЕ ЛЕТО
A3: нетто тарифы
A4: завтраки формата "Шведский стол" | B4: 46274 | C4: 46275 | D4: 46276 | E4: 46277 | F4: 46278 | G4: 46279 | H4: 46280 | I4: 46281 | J4: 46282 | K4: 46283 | L4: 46284 | M4: 46285 | N4: 46286 | O4: 46287 | P4: 46288 | Q4: 46289 | R4: 46290 | S4: 46291 | T4: 46292 | U4: 46293 | V4: 46294 | W4: 46295
A5: Стандартный номер - с двуспальной кроватью, Стандартный номер - с 2 односпальными кроватями
A6: 1 | B6: =НсЛ!B6*0.9 -> 5549 | C6: =НсЛ!C6*0.9 -> 5549 | D6: =НсЛ!D6*0.9 -> 5549 | E6: =НсЛ!E6*0.9 -> 5549 | F6: =НсЛ!F6*0.9 -> 5306 | G6: =НсЛ!G6*0.9 -> 5306 | H6: =НсЛ!H6*0.9 -> 5306 | I6: =НсЛ!I6*0.9 -> 5306 | ... W6: =НсЛ!W6*0.9 -> 5063
A7: 2 | B7: =НсЛ!B7*0.9 -> 6885 | C7: =НсЛ!C7*0.9 -> 6885 | D7: =НсЛ!D7*0.9 -> 6885 | E7: =НсЛ!E7*0.9 -> 6885 | F7: =НсЛ!F7*0.9 -> 6642 | G7: =НсЛ!G7*0.9 -> 6642 | H7: =НсЛ!H7*0.9 -> 6642 | I7: =НсЛ!I7*0.9 -> 6642 | ... W7: =НсЛ!W7*0.9 -> 6399
A8: Стандартный номер, с балконом - с двуспальной кроватью
A9: 1 | B9: =НсЛ!B9*0.9 -> 6359 | C9: =НсЛ!C9*0.9 -> 6359 | D9: =НсЛ!D9*0.9 -> 6359 | E9: =НсЛ!E9*0.9 -> 6359 | F9: =НсЛ!F9*0.9 -> 6116 | G9: =НсЛ!G9*0.9 -> 6116 | H9: =НсЛ!H9*0.9 -> 6116 | I9: =НсЛ!I9*0.9 -> 6116 | ... W9: =НсЛ!W9*0.9 -> 5873
A10: 2 | B10: =НсЛ!B10*0.9 -> 7695 | C10: =НсЛ!C10*0.9 -> 7695 | D10: =НсЛ!D10*0.9 -> 7695 | E10: =НсЛ!E10*0.9 -> 7695 | F10: =НсЛ!F10*0.9 -> 7452 | G10: =НсЛ!G10*0.9 -> 7452 | H10: =НсЛ!H10*0.9 -> 7452 | I10: =НсЛ!I10*0.9 -> 7452 | ... W10: =НсЛ!W10*0.9 -> 7209
A11: Стандартный номер, с видом на горы - с двуспальной кроватью
A12: 1 | B12: =НсЛ!B12*0.9 -> 6764 | C12: =НсЛ!C12*0.9 -> 6764 | D12: =НсЛ!D12*0.9 -> 6764 | E12: =НсЛ!E12*0.9 -> 6764 | F12: =НсЛ!F12*0.9 -> 6521 | G12: =НсЛ!G12*0.9 -> 6521 | H12: =НсЛ!H12*0.9 -> 6521 | I12: =НсЛ!I12*0.9 -> 6521 | ... W12: =НсЛ!W12*0.9 -> 6278
A13: 2 | B13: =НсЛ!B13*0.9 -> 8100 | C13: =НсЛ!C13*0.9 -> 8100 | D13: =НсЛ!D13*0.9 -> 8100 | E13: =НсЛ!E13*0.9 -> 8100 | F13: =НсЛ!F13*0.9 -> 7857 | G13: =НсЛ!G13*0.9 -> 7857 | H13: =НсЛ!H13*0.9 -> 7857 | I13: =НсЛ!I13*0.9 -> 7857 | ... W13: =НсЛ!W13*0.9 -> 7614
A14: Номер Люкс - с двуспальной кроватью
A15: 1 | B15: =НсЛ!B15*0.9 -> 10004 | C15: =НсЛ!C15*0.9 -> 10004 | D15: =НсЛ!D15*0.9 -> 10004 | E15: =НсЛ!E15*0.9 -> 10004 | F15: =НсЛ!F15*0.9 -> 9761 | G15: =НсЛ!G15*0.9 -> 9761 | H15: =НсЛ!H15*0.9 -> 9761 | I15: =НсЛ!I15*0.9 -> 9761 | ... W15: =НсЛ!W15*0.9 -> 9518
A16: 2 | B16: =НсЛ!B16*0.9 -> 11340 | C16: =НсЛ!C16*0.9 -> 11340 | D16: =НсЛ!D16*0.9 -> 11340 | E16: =НсЛ!E16*0.9 -> 11340 | F16: =НсЛ!F16*0.9 -> 11097 | G16: =НсЛ!G16*0.9 -> 11097 | H16: =НсЛ!H16*0.9 -> 11097 | I16: =НсЛ!I16*0.9 -> 11097 | ... W16: =НсЛ!W16*0.9 -> 10854
A17: Представительский Люкс - с двуспальной кроватью
A18: 1 | B18: =НсЛ!B18*0.9 -> 12434 | C18: =НсЛ!C18*0.9 -> 12434 | D18: =НсЛ!D18*0.9 -> 12434 | E18: =НсЛ!E18*0.9 -> 12434 | F18: =НсЛ!F18*0.9 -> 12191 | G18: =НсЛ!G18*0.9 -> 12191 | H18: =НсЛ!H18*0.9 -> 12191 | I18: =НсЛ!I18*0.9 -> 12191 | ... W18: =НсЛ!W18*0.9 -> 11948
A19: 2 | B19: =НсЛ!B19*0.9 -> 13770 | C19: =НсЛ!C19*0.9 -> 13770 | D19: =НсЛ!D19*0.9 -> 13770 | E19: =НсЛ!E19*0.9 -> 13770 | F19: =НсЛ!F19*0.9 -> 13527 | G19: =НсЛ!G19*0.9 -> 13527 | H19: =НсЛ!H19*0.9 -> 13527 | I19: =НсЛ!I19*0.9 -> 13527 | ... W19: =НсЛ!W19*0.9 -> 13284
A20: Пентхаус - с 2 спальнями
A21: от 1 до 4 | B21: =НсЛ!B21*0.9 -> 46049 | C21: =НсЛ!C21*0.9 -> 46049 | D21: =НсЛ!D21*0.9 -> 46049 | E21: =НсЛ!E21*0.9 -> 46049 | F21: =НсЛ!F21*0.9 -> 45806 | G21: =НсЛ!G21*0.9 -> 45806 | H21: =НсЛ!H21*0.9 -> 45806 | I21: =НсЛ!I21*0.9 -> 45806 | ... W21: =НсЛ!W21*0.9 -> 45563
A22: ВАЖНО:
A23: Дополнительно ЕДИНОРАЗОВО в стоимость заявки добавляется стоимость за купонную книгу за каждого взрослого гостя (возраст от 12 лет), стоимость - 2650 руб. за гостя и за каждого ребенка от 0-11 лет включительно -1000 рублей за ребенка. При размещении дополнительных взрослых гостей, также ЕДИНОРАЗОВО добавляется в стоимость заявки купонная книга на каждого взрослого гостя - 2650 руб. (возраст от 12 лет) и за каждого ребенка от 0-11 лет включительно -1000 руб. Стоимость купонной книги на всех взрослых и детей просим сразу добавлять в заявку. В системе трэвэллайн тариф указан без учета стоимости купонной книги на взрослых и детей, необходимо добавлять стоимость вручную.
A24: Даты тарифа (включительно):
A25: Период продажи: 17.04.2025 - 29.09.2026 Период проживания: 01.06.2026 - 30.09.2026
A26: В стоимость включено:
A27: Проживание в номере выбранной категории; Завтрак по системе "Шведский стол"; Игровые пространства для досуга и отдыха детей и взрослых (Xbox, настольный футбол, аэрохоккей и бильярд); Услуги парковки автомобиля на Поляне 960 (крытая и открытая парковка); Подъём по канатной дороге с Поляны 540 на Поляну 960; Бесплатный Wi-Fi на территории всего отеля Комната для хранения горнолыжного оборудования
A28: В предложение «Наполни свое лето» входят бесплатно (условия предоставления услуг подробно представлены в купонной книге):
A29: ✔Трансфер на побережье Черного моря Пляж Сочи Парк Отеля - по предварительной записи для всех гостей, проживающих в номере. ✔Прогулочные билеты "Панорама Красной Поляны" Для всех гостей с 7 лет, проживающих в номере. Для детей до 6 лет вкл-но билет приобретается в кассе за 1 ₽. ✔Верёвочный парк Прохождение маршрута "Воздушный сноуборд" для взрослых (рост от 140 см) либо маршрута "Маугли" для детей (рост от 110 см до 140 см). Единоразовое посещение во время проживания для всех гостей в номере с 7 лет; ✔Хаски центр Единоразовое посещение для всех гостей, проживающих в номере; ✔Капибары и друзья Единоразовое посещение для всех гостей, проживающих в номере; ✔Скидка 30% на аренду роликов или скейтборда на 1 час. Единоразовое использование для всех гостей, проживающих в номере. Количество оборудования ограничено. Действует в пункте проката на уровне 540.
A30: Дополнительная информация:
A31: Подробная информация о предоставлении услуг в Службе поддержки Курорта: тел. 8 800 550 20 20 e-mail: infocenter@kpresort.ru 🔸 В случае размещения дополнительных гостей, не указанных в бронировании, все услуги для них приобретаются отдельно в отеле. 🔸 Пляжные полотенца предоставляются по предъявлению towel card для всех проживающих гостей. Пляжное оборудование (шезлонг, зонт) предоставляется за дополнительную плату. Количество мест ограничено. 🔸 Пляж функционирует с 01.06.2026-30.09.2026, в график могут быть внесены изменения в зависимости от погодных условий. Трансфер предоставляется ежедневно для всех гостей, проживающих в номере. 🔸 Предварительная запись на трансфер обязательна. Расписание трансфера необходимо уточнять на ресепшн отеля. 🔸Услуги предложения действуют только в период проживания и предоставляются однократно, согласно условиям в Купонной книге. Купонная книга выдается при заселении из расчета: 1 номер = 1 книга. Предложение ограничено и не комбинируется с другими действующими акциями отеля. 🔸 Возврат средств за неиспользованные услуги Купонных книг не производится. НАО «Красная поляна» оставляет за собой право изменять услуги в составе пакета. Предоставление услуг может зависеть от погодных условий и графика работы канатных дорог. 🔸 Согласно приказу МЧС от 1.09.25 г. нахождение на пляжах Федеральной территории Сириус с животными запрещено (за исключением собак-поводырей). Для трансфера -питомцы в переноске разрешены к провозу (если поездка не на пляж).
A32: Условия аннуляции:
A33: В случае отмены или изменения бронирования после 00:00 часов дня заезда удерживается стоимость первых суток.

Sheet КвГ FIT15
A1: Ибис Стайлс Красная Поляна 4*
A2: тариф КАНИКУЛЫ В ГОРАХ
A3: нетто тарифы
A4: завтраки формата "Шведский стол" | B4: 46296 | C4: 46297 | D4: 46298 | E4: 46299 | F4: 46300 | G4: 46301 | H4: 46302 | I4: 46303 | J4: 46304 | K4: 46305 | L4: 46306 | M4: 46307 | N4: 46308 | O4: 46309 | P4: 46310 | Q4: 46311 | R4: 46312 | S4: 46313 | T4: 46314 | U4: 46315 | V4: 46316 | W4: 46317 | X4: 46318 | Y4: 46319 | Z4: 46320 | AA4: 46321 | AB4: 46322 | AC4: 46323 | AD4: 46324 | AE4: 46325 | AF4: 46326 | AG4: 46327 | AH4: 46328 | AI4: 46329 | AJ4: 46330 | AK4: 46331 | AL4: 46332 | AM4: 46333 | AN4: 46334 | AO4: 46335 | AP4: 46336 | AQ4: 46337 | AR4: 46338 | AS4: 46339 | AT4: 46340 | AU4: 46341 | AV4: 46342 | AW4: 46343 | AX4: 46344 | AY4: 46345 | AZ4: 46346 | BA4: 46347 | BB4: 46348 | BC4: 46349 | BD4: 46350 | BE4: 46351 | BF4: 46352 | BG4: 46353 | BH4: 46354 | BI4: 46355 | BJ4: 46356
A5: Стандартный номер - с двуспальной кроватью, Стандартный номер - с 2 односпальными кроватями
A6: 1 | B6: =ROUNDUP(BAR!X6*0.9*0.9,) -> 4901 | C6: =ROUNDUP(BAR!Y6*0.9*0.9,) -> 5144 | D6: =ROUNDUP(BAR!Z6*0.9*0.9,) -> 5144 | E6: =ROUNDUP(BAR!AA6*0.9*0.9,) -> 4901 | F6: =ROUNDUP(BAR!AB6*0.9*0.9,) -> 4901 | G6: =ROUNDUP(BAR!AC6*0.9*0.9,) -> 4901 | H6: =ROUNDUP(BAR!AD6*0.9*0.9,) -> 4901 | I6: =ROUNDUP(BAR!AE6*0.9*0.9,) -> 4901 | ... BJ6: =ROUNDUP(BAR!CF6*0.9*0.9,) -> 4415
A7: 2 | B7: =ROUNDUP(BAR!X7*0.9*0.9,) -> 6237 | C7: =ROUNDUP(BAR!Y7*0.9*0.9,) -> 6480 | D7: =ROUNDUP(BAR!Z7*0.9*0.9,) -> 6480 | E7: =ROUNDUP(BAR!AA7*0.9*0.9,) -> 6237 | F7: =ROUNDUP(BAR!AB7*0.9*0.9,) -> 6237 | G7: =ROUNDUP(BAR!AC7*0.9*0.9,) -> 6237 | H7: =ROUNDUP(BAR!AD7*0.9*0.9,) -> 6237 | I7: =ROUNDUP(BAR!AE7*0.9*0.9,) -> 6237 | ... BJ7: =ROUNDUP(BAR!CF7*0.9*0.9,) -> 5751
A8: Стандартный номер, с видом на горы - с двуспальной кроватью
A9: 1 | B9: =ROUNDUP(BAR!X9*0.9*0.9,) -> 5468 | C9: =ROUNDUP(BAR!Y9*0.9*0.9,) -> 5711 | D9: =ROUNDUP(BAR!Z9*0.9*0.9,) -> 5711 | E9: =ROUNDUP(BAR!AA9*0.9*0.9,) -> 5468 | F9: =ROUNDUP(BAR!AB9*0.9*0.9,) -> 5468 | G9: =ROUNDUP(BAR!AC9*0.9*0.9,) -> 5468 | H9: =ROUNDUP(BAR!AD9*0.9*0.9,) -> 5468 | I9: =ROUNDUP(BAR!AE9*0.9*0.9,) -> 5468 | ... BJ9: =ROUNDUP(BAR!CF9*0.9*0.9,) -> 4982
A10: 2 | B10: =ROUNDUP(BAR!X10*0.9*0.9,) -> 6804 | C10: =ROUNDUP(BAR!Y10*0.9*0.9,) -> 7047 | D10: =ROUNDUP(BAR!Z10*0.9*0.9,) -> 7047 | E10: =ROUNDUP(BAR!AA10*0.9*0.9,) -> 6804 | F10: =ROUNDUP(BAR!AB10*0.9*0.9,) -> 6804 | G10: =ROUNDUP(BAR!AC10*0.9*0.9,) -> 6804 | H10: =ROUNDUP(BAR!AD10*0.9*0.9,) -> 6804 | I10: =ROUNDUP(BAR!AE10*0.9*0.9,) -> 6804 | ... BJ10: =ROUNDUP(BAR!CF10*0.9*0.9,) -> 6318
A11: Стандартный номер, с балконом - с двуспальной кроватью
A12: 1 | B12: =ROUNDUP(BAR!X12*0.9*0.9,) -> 6116 | C12: =ROUNDUP(BAR!Y12*0.9*0.9,) -> 6359 | D12: =ROUNDUP(BAR!Z12*0.9*0.9,) -> 6359 | E12: =ROUNDUP(BAR!AA12*0.9*0.9,) -> 6116 | F12: =ROUNDUP(BAR!AB12*0.9*0.9,) -> 6116 | G12: =ROUNDUP(BAR!AC12*0.9*0.9,) -> 6116 | H12: =ROUNDUP(BAR!AD12*0.9*0.9,) -> 6116 | I12: =ROUNDUP(BAR!AE12*0.9*0.9,) -> 6116 | ... BJ12: =ROUNDUP(BAR!CF12*0.9*0.9,) -> 5630
A13: 2 | B13: =ROUNDUP(BAR!X13*0.9*0.9,) -> 7452 | C13: =ROUNDUP(BAR!Y13*0.9*0.9,) -> 7695 | D13: =ROUNDUP(BAR!Z13*0.9*0.9,) -> 7695 | E13: =ROUNDUP(BAR!AA13*0.9*0.9,) -> 7452 | F13: =ROUNDUP(BAR!AB13*0.9*0.9,) -> 7452 | G13: =ROUNDUP(BAR!AC13*0.9*0.9,) -> 7452 | H13: =ROUNDUP(BAR!AD13*0.9*0.9,) -> 7452 | I13: =ROUNDUP(BAR!AE13*0.9*0.9,) -> 7452 | ... BJ13: =ROUNDUP(BAR!CF13*0.9*0.9,) -> 6966
A14: Номер Люкс - с двуспальной кроватью
A15: 1 | B15: =ROUNDUP(BAR!X15*0.9*0.9,) -> 8546 | C15: =ROUNDUP(BAR!Y15*0.9*0.9,) -> 8789 | D15: =ROUNDUP(BAR!Z15*0.9*0.9,) -> 8789 | E15: =ROUNDUP(BAR!AA15*0.9*0.9,) -> 8546 | F15: =ROUNDUP(BAR!AB15*0.9*0.9,) -> 8546 | G15: =ROUNDUP(BAR!AC15*0.9*0.9,) -> 8546 | H15: =ROUNDUP(BAR!AD15*0.9*0.9,) -> 8546 | I15: =ROUNDUP(BAR!AE15*0.9*0.9,) -> 8546 | ... BJ15: =ROUNDUP(BAR!CF15*0.9*0.9,) -> 8060
A16: 2 | B16: =ROUNDUP(BAR!X16*0.9*0.9,) -> 9882 | C16: =ROUNDUP(BAR!Y16*0.9*0.9,) -> 10125 | D16: =ROUNDUP(BAR!Z16*0.9*0.9,) -> 10125 | E16: =ROUNDUP(BAR!AA16*0.9*0.9,) -> 9882 | F16: =ROUNDUP(BAR!AB16*0.9*0.9,) -> 9882 | G16: =ROUNDUP(BAR!AC16*0.9*0.9,) -> 9882 | H16: =ROUNDUP(BAR!AD16*0.9*0.9,) -> 9882 | I16: =ROUNDUP(BAR!AE16*0.9*0.9,) -> 9882 | ... BJ16: =ROUNDUP(BAR!CF16*0.9*0.9,) -> 9396
A17: Представительский Люкс - с двуспальной кроватью
A18: 1 | B18: =ROUNDUP(BAR!X18*0.9*0.9,) -> 10571 | C18: =ROUNDUP(BAR!Y18*0.9*0.9,) -> 10814 | D18: =ROUNDUP(BAR!Z18*0.9*0.9,) -> 10814 | E18: =ROUNDUP(BAR!AA18*0.9*0.9,) -> 10571 | F18: =ROUNDUP(BAR!AB18*0.9*0.9,) -> 10571 | G18: =ROUNDUP(BAR!AC18*0.9*0.9,) -> 10571 | H18: =ROUNDUP(BAR!AD18*0.9*0.9,) -> 10571 | I18: =ROUNDUP(BAR!AE18*0.9*0.9,) -> 10571 | ... BJ18: =ROUNDUP(BAR!CF18*0.9*0.9,) -> 10085
A19: 2 | B19: =ROUNDUP(BAR!X19*0.9*0.9,) -> 11907 | C19: =ROUNDUP(BAR!Y19*0.9*0.9,) -> 12150 | D19: =ROUNDUP(BAR!Z19*0.9*0.9,) -> 12150 | E19: =ROUNDUP(BAR!AA19*0.9*0.9,) -> 11907 | F19: =ROUNDUP(BAR!AB19*0.9*0.9,) -> 11907 | G19: =ROUNDUP(BAR!AC19*0.9*0.9,) -> 11907 | H19: =ROUNDUP(BAR!AD19*0.9*0.9,) -> 11907 | I19: =ROUNDUP(BAR!AE19*0.9*0.9,) -> 11907 | ... BJ19: =ROUNDUP(BAR!CF19*0.9*0.9,) -> 11421
A20: Пентхаус - с 2 спальнями
A21: от 1 до 4 | B21: =ROUNDUP(BAR!X21*0.9*0.9,) -> 41351 | C21: =ROUNDUP(BAR!Y21*0.9*0.9,) -> 41594 | D21: =ROUNDUP(BAR!Z21*0.9*0.9,) -> 41594 | E21: =ROUNDUP(BAR!AA21*0.9*0.9,) -> 41351 | F21: =ROUNDUP(BAR!AB21*0.9*0.9,) -> 41351 | G21: =ROUNDUP(BAR!AC21*0.9*0.9,) -> 41351 | H21: =ROUNDUP(BAR!AD21*0.9*0.9,) -> 41351 | I21: =ROUNDUP(BAR!AE21*0.9*0.9,) -> 41351 | ... BJ21: =ROUNDUP(BAR!CF21*0.9*0.9,) -> 40865
A22: ВАЖНО:
A23: Дополнительно ЕДИНОРАЗОВО в стоимость заявки добавляется стоимость за купонную книгу за каждого взрослого гостя (возраст от 12 лет), стоимость - 2650 руб. за гостя и за каждого ребенка от 0-11 лет включительно -1000 рублей за ребенка. При размещении дополнительных взрослых гостей, также ЕДИНОРАЗОВО добавляется в стоимость заявки купонная книга на каждого взрослого гостя - 2650 руб. (возраст от 12 лет) и за каждого ребенка от 0-11 лет включительно -1000 руб. Стоимость купонной книги на всех взрослых и детей просим сразу добавлять в заявку. В системе трэвэллайн тариф указан без учета стоимости купонной книги на взрослых и детей, необходимо добавлять стоимость вручную.
A24: Даты тарифа:
A25: Период продажи: 19.08.2026 - 30.11.2026 Период проживания: 01.10.2026 - 01.12.2026
A26: Условия аннуляции:
A27: В случае отмены или изменения бронирования после 00:00 часов дня заезда удерживается стоимость первых суток.
A28: В стоимость включено:
A29: Проживание в номере выбранной категории; Завтрак по системе "Шведский стол"; Посещение СПА-центра и тренажерного зала отеля; Услуги парковки автомобиля на Поляне 960 (крытая и открытая парковка); Подъём по канатной дороге с Поляны 540 на Поляну 960; Бесплатный Wi-Fi на территории всего отеля; Комната для хранения горнолыжного оборудования Бесплатное размещение 2-х детей до 12 лет вкл-но. Бесплатно предоставляются завтраки для 2-х детей и одно дополнительное место в номерах высокой категории. Второй ребенок размещается на основных спальных местах. В категориях Классический, Улучш.Классический и Классический улучшенный номер Комфорт не устанавливаются доп.места (2-ое детей размещаются только на основных местах).
A30: По купонной книге в предложение "Каникулы в горах" входят бесплатно:
A31: • прогулочные билеты "Панорама Красной Поляны" (Для всех гостей с 7 лет, проживающих в номере. Для детей до 6 лет вкл-но билет приобретается в кассе за 1 ₽) • посещение одного маршрута в веревочном парке (единоразовое посещение для всех гостей, проживающих в номере) • посещение хаски центра (единоразовое посещение для всех гостей, проживающих в номере, дети до 4-х лет посещают парк исключительно в сопровождении родителей) • посещение парка -капибара и друзья (единоразовое посещение для всех гостей, проживающих в номере, дети до 8 лет посещают парк исключительно в сопровождении родителей) • 20% скидку на посещение Сочи Парка (единоразовое посещение для всех гостей, проживающих в номере)* • 50% скидку на посещение Аквапарка (единоразовое посещение для всех гостей, проживающих в номере)
A32: Дополнительная информация:
A33: Услуги и бонусы предложения действуют только в период проживания и предоставляются однократно, согласно условиям в купонной книге. Купонная книга выдается при заселении из расчета: 1 номер = 1 книга. Предложение ограничено и не комбинируется с другими действующими акциями отеля. НАО «Красная поляна» оставляет за собой право изменять услуги в составе пакета. Предоставление услуг может зависеть от погодных условий и графика работы канатных дорог.

Sheet ТЧК FIT15
A1: Ибис Стайлс Красная Поляна 4*
A2: ТОЧКА ПРИТЯЖЕНИЯ
A3: Открытые тарифы
A4: завтраки формата "Шведский стол" | B4: 46190 | C4: 46191 | D4: 46192 | E4: 46193 | F4: =BAR!#REF! -> #REF! | G4: =BAR!#REF! -> #REF! | H4: =BAR!#REF! -> #REF! | I4: =BAR!#REF! -> #REF! | J4: =BAR!#REF! -> #REF! | K4: =BAR!#REF! -> #REF! | L4: =BAR!#REF! -> #REF! | M4: =BAR!#REF! -> #REF! | ... BY4: =BAR!#REF! -> #REF!
A5: Стандартный номер - с двуспальной кроватью, Стандартный номер - с 2 односпальными кроватями
A6: 1 | B6: =ТЧК!B6*0.9 -> #REF! | C6: =ТЧК!C6*0.9 -> #REF! | D6: =ТЧК!D6*0.9 -> #REF! | E6: =ТЧК!E6*0.9 -> #REF! | F6: =ТЧК!#REF!*0.9 -> #REF! | G6: =ТЧК!#REF!*0.9 -> #REF! | H6: =ТЧК!#REF!*0.9 -> #REF! | I6: =ТЧК!#REF!*0.9 -> #REF! | J6: =ТЧК!#REF!*0.9 -> #REF! | K6: =ТЧК!#REF!*0.9 -> #REF! | L6: =ТЧК!#REF!*0.9 -> #REF! | M6: =ТЧК!#REF!*0.9 -> #REF! | ... Z6: =ТЧК!#REF!*0.9 -> #REF! | AA6: =ТЧК!F6*0.9 -> #REF! | AB6: =ТЧК!G6*0.9 -> #REF! | AC6: =ТЧК!H6*0.9 -> #REF! | AD6: =ТЧК!I6*0.9 -> #REF! | AE6: =ТЧК!J6*0.9 -> #REF! | AF6: =ТЧК!K6*0.9 -> #REF! | AG6: =ТЧК!L6*0.9 -> #REF! | AH6: =ТЧК!M6*0.9 -> #REF! | ... BY6: =ТЧК!BD6*0.9 -> #REF!
A7: 2 | B7: =ТЧК!B7*0.9 -> #REF! | C7: =ТЧК!C7*0.9 -> #REF! | D7: =ТЧК!D7*0.9 -> #REF! | E7: =ТЧК!E7*0.9 -> #REF! | F7: =ТЧК!#REF!*0.9 -> #REF! | G7: =ТЧК!#REF!*0.9 -> #REF! | H7: =ТЧК!#REF!*0.9 -> #REF! | I7: =ТЧК!#REF!*0.9 -> #REF! | J7: =ТЧК!#REF!*0.9 -> #REF! | K7: =ТЧК!#REF!*0.9 -> #REF! | L7: =ТЧК!#REF!*0.9 -> #REF! | M7: =ТЧК!#REF!*0.9 -> #REF! | ... Z7: =ТЧК!#REF!*0.9 -> #REF! | AA7: =ТЧК!F7*0.9 -> #REF! | AB7: =ТЧК!G7*0.9 -> #REF! | AC7: =ТЧК!H7*0.9 -> #REF! | AD7: =ТЧК!I7*0.9 -> #REF! | AE7: =ТЧК!J7*0.9 -> #REF! | AF7: =ТЧК!K7*0.9 -> #REF! | AG7: =ТЧК!L7*0.9 -> #REF! | AH7: =ТЧК!M7*0.9 -> #REF! | ... BY7: =ТЧК!BD7*0.9 -> #REF!
A8: Стандартный номер, с видом на горы - с двуспальной кроватью
A9: 1 | B9: =ТЧК!B9*0.9 -> #REF! | C9: =ТЧК!C9*0.9 -> #REF! | D9: =ТЧК!D9*0.9 -> #REF! | E9: =ТЧК!E9*0.9 -> #REF! | F9: =ТЧК!#REF!*0.9 -> #REF! | G9: =ТЧК!#REF!*0.9 -> #REF! | H9: =ТЧК!#REF!*0.9 -> #REF! | I9: =ТЧК!#REF!*0.9 -> #REF! | J9: =ТЧК!#REF!*0.9 -> #REF! | K9: =ТЧК!#REF!*0.9 -> #REF! | L9: =ТЧК!#REF!*0.9 -> #REF! | M9: =ТЧК!#REF!*0.9 -> #REF! | ... Z9: =ТЧК!#REF!*0.9 -> #REF! | AA9: =ТЧК!F9*0.9 -> #REF! | AB9: =ТЧК!G9*0.9 -> #REF! | AC9: =ТЧК!H9*0.9 -> #REF! | AD9: =ТЧК!I9*0.9 -> #REF! | AE9: =ТЧК!J9*0.9 -> #REF! | AF9: =ТЧК!K9*0.9 -> #REF! | AG9: =ТЧК!L9*0.9 -> #REF! | AH9: =ТЧК!M9*0.9 -> #REF! | ... BY9: =ТЧК!BD9*0.9 -> #REF!
A10: 2 | B10: =ТЧК!B10*0.9 -> #REF! | C10: =ТЧК!C10*0.9 -> #REF! | D10: =ТЧК!D10*0.9 -> #REF! | E10: =ТЧК!E10*0.9 -> #REF! | F10: =ТЧК!#REF!*0.9 -> #REF! | G10: =ТЧК!#REF!*0.9 -> #REF! | H10: =ТЧК!#REF!*0.9 -> #REF! | I10: =ТЧК!#REF!*0.9 -> #REF! | J10: =ТЧК!#REF!*0.9 -> #REF! | K10: =ТЧК!#REF!*0.9 -> #REF! | L10: =ТЧК!#REF!*0.9 -> #REF! | M10: =ТЧК!#REF!*0.9 -> #REF! | ... Z10: =ТЧК!#REF!*0.9 -> #REF! | AA10: =ТЧК!F10*0.9 -> #REF! | AB10: =ТЧК!G10*0.9 -> #REF! | AC10: =ТЧК!H10*0.9 -> #REF! | AD10: =ТЧК!I10*0.9 -> #REF! | AE10: =ТЧК!J10*0.9 -> #REF! | AF10: =ТЧК!K10*0.9 -> #REF! | AG10: =ТЧК!L10*0.9 -> #REF! | AH10: =ТЧК!M10*0.9 -> #REF! | ... BY10: =ТЧК!BD10*0.9 -> #REF!
A11: Стандартный номер, с балконом - с двуспальной кроватью
A12: 1 | B12: =ТЧК!B12*0.9 -> #REF! | C12: =ТЧК!C12*0.9 -> #REF! | D12: =ТЧК!D12*0.9 -> #REF! | E12: =ТЧК!E12*0.9 -> #REF! | F12: =ТЧК!#REF!*0.9 -> #REF! | G12: =ТЧК!#REF!*0.9 -> #REF! | H12: =ТЧК!#REF!*0.9 -> #REF! | I12: =ТЧК!#REF!*0.9 -> #REF! | J12: =ТЧК!#REF!*0.9 -> #REF! | K12: =ТЧК!#REF!*0.9 -> #REF! | L12: =ТЧК!#REF!*0.9 -> #REF! | M12: =ТЧК!#REF!*0.9 -> #REF! | ... Z12: =ТЧК!#REF!*0.9 -> #REF! | AA12: =ТЧК!F12*0.9 -> #REF! | AB12: =ТЧК!G12*0.9 -> #REF! | AC12: =ТЧК!H12*0.9 -> #REF! | AD12: =ТЧК!I12*0.9 -> #REF! | AE12: =ТЧК!J12*0.9 -> #REF! | AF12: =ТЧК!K12*0.9 -> #REF! | AG12: =ТЧК!L12*0.9 -> #REF! | AH12: =ТЧК!M12*0.9 -> #REF! | ... BY12: =ТЧК!BD12*0.9 -> #REF!
A13: 2 | B13: =ТЧК!B13*0.9 -> #REF! | C13: =ТЧК!C13*0.9 -> #REF! | D13: =ТЧК!D13*0.9 -> #REF! | E13: =ТЧК!E13*0.9 -> #REF! | F13: =ТЧК!#REF!*0.9 -> #REF! | G13: =ТЧК!#REF!*0.9 -> #REF! | H13: =ТЧК!#REF!*0.9 -> #REF! | I13: =ТЧК!#REF!*0.9 -> #REF! | J13: =ТЧК!#REF!*0.9 -> #REF! | K13: =ТЧК!#REF!*0.9 -> #REF! | L13: =ТЧК!#REF!*0.9 -> #REF! | M13: =ТЧК!#REF!*0.9 -> #REF! | ... Z13: =ТЧК!#REF!*0.9 -> #REF! | AA13: =ТЧК!F13*0.9 -> #REF! | AB13: =ТЧК!G13*0.9 -> #REF! | AC13: =ТЧК!H13*0.9 -> #REF! | AD13: =ТЧК!I13*0.9 -> #REF! | AE13: =ТЧК!J13*0.9 -> #REF! | AF13: =ТЧК!K13*0.9 -> #REF! | AG13: =ТЧК!L13*0.9 -> #REF! | AH13: =ТЧК!M13*0.9 -> #REF! | ... BY13: =ТЧК!BD13*0.9 -> #REF!
A14: Номер Люкс - с двуспальной кроватью
A15: 1 | B15: =ТЧК!B15*0.9 -> #REF! | C15: =ТЧК!C15*0.9 -> #REF! | D15: =ТЧК!D15*0.9 -> #REF! | E15: =ТЧК!E15*0.9 -> #REF! | F15: =ТЧК!#REF!*0.9 -> #REF! | G15: =ТЧК!#REF!*0.9 -> #REF! | H15: =ТЧК!#REF!*0.9 -> #REF! | I15: =ТЧК!#REF!*0.9 -> #REF! | J15: =ТЧК!#REF!*0.9 -> #REF! | K15: =ТЧК!#REF!*0.9 -> #REF! | L15: =ТЧК!#REF!*0.9 -> #REF! | M15: =ТЧК!#REF!*0.9 -> #REF! | ... Z15: =ТЧК!#REF!*0.9 -> #REF! | AA15: =ТЧК!F15*0.9 -> #REF! | AB15: =ТЧК!G15*0.9 -> #REF! | AC15: =ТЧК!H15*0.9 -> #REF! | AD15: =ТЧК!I15*0.9 -> #REF! | AE15: =ТЧК!J15*0.9 -> #REF! | AF15: =ТЧК!K15*0.9 -> #REF! | AG15: =ТЧК!L15*0.9 -> #REF! | AH15: =ТЧК!M15*0.9 -> #REF! | ... BY15: =ТЧК!BD15*0.9 -> #REF!
A16: 2 | B16: =ТЧК!B16*0.9 -> #REF! | C16: =ТЧК!C16*0.9 -> #REF! | D16: =ТЧК!D16*0.9 -> #REF! | E16: =ТЧК!E16*0.9 -> #REF! | F16: =ТЧК!#REF!*0.9 -> #REF! | G16: =ТЧК!#REF!*0.9 -> #REF! | H16: =ТЧК!#REF!*0.9 -> #REF! | I16: =ТЧК!#REF!*0.9 -> #REF! | J16: =ТЧК!#REF!*0.9 -> #REF! | K16: =ТЧК!#REF!*0.9 -> #REF! | L16: =ТЧК!#REF!*0.9 -> #REF! | M16: =ТЧК!#REF!*0.9 -> #REF! | ... Z16: =ТЧК!#REF!*0.9 -> #REF! | AA16: =ТЧК!F16*0.9 -> #REF! | AB16: =ТЧК!G16*0.9 -> #REF! | AC16: =ТЧК!H16*0.9 -> #REF! | AD16: =ТЧК!I16*0.9 -> #REF! | AE16: =ТЧК!J16*0.9 -> #REF! | AF16: =ТЧК!K16*0.9 -> #REF! | AG16: =ТЧК!L16*0.9 -> #REF! | AH16: =ТЧК!M16*0.9 -> #REF! | ... BY16: =ТЧК!BD16*0.9 -> #REF!
A17: Представительский Люкс - с двуспальной кроватью
A18: 1 | B18: =ТЧК!B18*0.9 -> #REF! | C18: =ТЧК!C18*0.9 -> #REF! | D18: =ТЧК!D18*0.9 -> #REF! | E18: =ТЧК!E18*0.9 -> #REF! | F18: =ТЧК!#REF!*0.9 -> #REF! | G18: =ТЧК!#REF!*0.9 -> #REF! | H18: =ТЧК!#REF!*0.9 -> #REF! | I18: =ТЧК!#REF!*0.9 -> #REF! | J18: =ТЧК!#REF!*0.9 -> #REF! | K18: =ТЧК!#REF!*0.9 -> #REF! | L18: =ТЧК!#REF!*0.9 -> #REF! | M18: =ТЧК!#REF!*0.9 -> #REF! | ... Z18: =ТЧК!#REF!*0.9 -> #REF! | AA18: =ТЧК!F18*0.9 -> #REF! | AB18: =ТЧК!G18*0.9 -> #REF! | AC18: =ТЧК!H18*0.9 -> #REF! | AD18: =ТЧК!I18*0.9 -> #REF! | AE18: =ТЧК!J18*0.9 -> #REF! | AF18: =ТЧК!K18*0.9 -> #REF! | AG18: =ТЧК!L18*0.9 -> #REF! | AH18: =ТЧК!M18*0.9 -> #REF! | ... BY18: =ТЧК!BD18*0.9 -> #REF!
A19: 2 | B19: =ТЧК!B19*0.9 -> #REF! | C19: =ТЧК!C19*0.9 -> #REF! | D19: =ТЧК!D19*0.9 -> #REF! | E19: =ТЧК!E19*0.9 -> #REF! | F19: =ТЧК!#REF!*0.9 -> #REF! | G19: =ТЧК!#REF!*0.9 -> #REF! | H19: =ТЧК!#REF!*0.9 -> #REF! | I19: =ТЧК!#REF!*0.9 -> #REF! | J19: =ТЧК!#REF!*0.9 -> #REF! | K19: =ТЧК!#REF!*0.9 -> #REF! | L19: =ТЧК!#REF!*0.9 -> #REF! | M19: =ТЧК!#REF!*0.9 -> #REF! | ... Z19: =ТЧК!#REF!*0.9 -> #REF! | AA19: =ТЧК!F19*0.9 -> #REF! | AB19: =ТЧК!G19*0.9 -> #REF! | AC19: =ТЧК!H19*0.9 -> #REF! | AD19: =ТЧК!I19*0.9 -> #REF! | AE19: =ТЧК!J19*0.9 -> #REF! | AF19: =ТЧК!K19*0.9 -> #REF! | AG19: =ТЧК!L19*0.9 -> #REF! | AH19: =ТЧК!M19*0.9 -> #REF! | ... BY19: =ТЧК!BD19*0.9 -> #REF!
A20: Пентхаус - с 2 спальнями
A21: от 1 до 4 | B21: =ТЧК!B21*0.9 -> #REF! | C21: =ТЧК!C21*0.9 -> #REF! | D21: =ТЧК!D21*0.9 -> #REF! | E21: =ТЧК!E21*0.9 -> #REF! | F21: =ТЧК!#REF!*0.9 -> #REF! | G21: =ТЧК!#REF!*0.9 -> #REF! | H21: =ТЧК!#REF!*0.9 -> #REF! | I21: =ТЧК!#REF!*0.9 -> #REF! | J21: =ТЧК!#REF!*0.9 -> #REF! | K21: =ТЧК!#REF!*0.9 -> #REF! | L21: =ТЧК!#REF!*0.9 -> #REF! | M21: =ТЧК!#REF!*0.9 -> #REF! | ... Z21: =ТЧК!#REF!*0.9 -> #REF! | AA21: =ТЧК!F21*0.9 -> #REF! | AB21: =ТЧК!G21*0.9 -> #REF! | AC21: =ТЧК!H21*0.9 -> #REF! | AD21: =ТЧК!I21*0.9 -> #REF! | AE21: =ТЧК!J21*0.9 -> #REF! | AF21: =ТЧК!K21*0.9 -> #REF! | AG21: =ТЧК!L21*0.9 -> #REF! | AH21: =ТЧК!M21*0.9 -> #REF! | ... BY21: =ТЧК!BD21*0.9 -> #REF!
A22: Даты тарифа (включительно):
A23: Период продажи: 17.06.2026 - 29.06.2026 Период проживания: 12.07.2026 - 31.08.2026
A24: Ограничения:
A25: Минимальный срок проживания - 2 ночи
A26: В стоимость включено:
A27: 🔸Скидка 20% на проживание в номере выбранной категории; 🔸Завтрак по системе "Шведский стол"; 🔸Игровые пространства для досуга и отдыха детей и взрослых (Xbox, настольный футбол, аэрохоккей и бильярд); 🔸Услуги парковки автомобиля на Поляне 960 (крытая и открытая парковка); 🔸Подъём по канатной дороге с Поляны 540 на Поляну 960; 🔸Бесплатный Wi-Fi на территории всего отеля; 🔸Прогулочный билет на все открытые канатные дороги для всех гостей в бронировании (предоставляется один раз во время проживания). 🔸Скидка 15% на меню в ресторане (-ах) отеля (на весь чек, на все время проживания)
A28: Условия аннуляции:
A29: Для оформления бронирования необходимо внести 100% предоплату в размере полной стоимости проживания. В случае отмены или изменения бронирования после 00:00 часов дня заезда удерживается стоимость первых суток.
A30: Пропуск "Сочинский национальный парк":
A31: Территория Курорта Красная поляна является особо охраняемой природной территорией "Сочинский национальный парк". При подъёме выше отметки +960 и при прогулках по экотропам Курорта, вам необходимо оформить пропуск. *Детям дошкольного и школьного возраста, гостям пенсионного возраста - приобретают льготный билет (0Р) в кассе Сочинского национального парка, на высоте 960 Купить пропуск в национальный парк https://npsochi.ru/tickets/ Ознакомиться с правилами Сочинского национального парка https://npsochi.ru/rules/

Sheet RO FIT15 
A1: Ибис Стайлс Красная Поляна 4*
A2: тариф БАЗОВЫЙ БЕЗ ЗАВТРАКА
A3: нетто тарифы
A4: Проживание без питания (Room only) | B4: =RO!#REF! -> #REF! | C4: =RO!#REF! -> #REF! | D4: =RO!#REF! -> #REF! | E4: =RO!#REF! -> #REF! | F4: =RO!#REF! -> #REF! | G4: =RO!#REF! -> #REF! | H4: =RO!#REF! -> #REF! | I4: =RO!#REF! -> #REF! | ... AJ4: =RO!#REF! -> #REF! | AK4: =RO!B4 -> #REF! | AL4: =RO!C4 -> #REF! | AM4: =RO!D4 -> #REF! | AN4: =RO!E4 -> #REF! | AO4: =RO!F4 -> #REF! | AP4: =RO!G4 -> #REF! | AQ4: =RO!H4 -> #REF! | AR4: =RO!I4 -> #REF! | ... FH4: =RO!DY4 -> 46380
A5: Стандартный номер - с двуспальной кроватью, Стандартный номер - с 2 односпальными кроватями
A6: от 1 до 2 | B6: =ROUNDUP(RO!#REF!*0.87,) -> #REF! | C6: =ROUNDUP(RO!#REF!*0.87,) -> #REF! | D6: =ROUNDUP(RO!#REF!*0.87,) -> #REF! | E6: =ROUNDUP(RO!#REF!*0.87,) -> #REF! | F6: =ROUNDUP(RO!#REF!*0.87,) -> #REF! | G6: =ROUNDUP(RO!#REF!*0.87,) -> #REF! | H6: =ROUNDUP(RO!#REF!*0.87,) -> #REF! | I6: =ROUNDUP(RO!#REF!*0.87,) -> #REF! | ... AJ6: =ROUNDUP(RO!#REF!*0.87,) -> #REF! | AK6: =ROUNDUP(RO!B6*0.87,) -> #REF! | AL6: =ROUNDUP(RO!C6*0.87,) -> #REF! | AM6: =ROUNDUP(RO!D6*0.87,) -> #REF! | AN6: =ROUNDUP(RO!E6*0.87,) -> #REF! | AO6: =ROUNDUP(RO!F6*0.87,) -> #REF! | AP6: =ROUNDUP(RO!G6*0.87,) -> #REF! | AQ6: =ROUNDUP(RO!H6*0.87,) -> #REF! | AR6: =ROUNDUP(RO!I6*0.87,) -> #REF! | ... FH6: =ROUNDUP(RO!DY6*0.87,) -> 5394
A7: Стандартный номер, с балконом - с двуспальной кроватью
A8: от 1 до 2 | B8: =ROUNDUP(RO!#REF!*0.87,) -> #REF! | C8: =ROUNDUP(RO!#REF!*0.87,) -> #REF! | D8: =ROUNDUP(RO!#REF!*0.87,) -> #REF! | E8: =ROUNDUP(RO!#REF!*0.87,) -> #REF! | F8: =ROUNDUP(RO!#REF!*0.87,) -> #REF! | G8: =ROUNDUP(RO!#REF!*0.87,) -> #REF! | H8: =ROUNDUP(RO!#REF!*0.87,) -> #REF! | I8: =ROUNDUP(RO!#REF!*0.87,) -> #REF! | ... AJ8: =ROUNDUP(RO!#REF!*0.87,) -> #REF! | AK8: =ROUNDUP(RO!B8*0.87,) -> #REF! | AL8: =ROUNDUP(RO!C8*0.87,) -> #REF! | AM8: =ROUNDUP(RO!D8*0.87,) -> #REF! | AN8: =ROUNDUP(RO!E8*0.87,) -> #REF! | AO8: =ROUNDUP(RO!F8*0.87,) -> #REF! | AP8: =ROUNDUP(RO!G8*0.87,) -> #REF! | AQ8: =ROUNDUP(RO!H8*0.87,) -> #REF! | AR8: =ROUNDUP(RO!I8*0.87,) -> #REF! | ... FH8: =ROUNDUP(RO!DY8*0.87,) -> 6003
A9: Стандартный номер, с видом на горы - с двуспальной кроватью
A10: от 1 до 2 | B10: =ROUNDUP(RO!#REF!*0.87,) -> #REF! | C10: =ROUNDUP(RO!#REF!*0.87,) -> #REF! | D10: =ROUNDUP(RO!#REF!*0.87,) -> #REF! | E10: =ROUNDUP(RO!#REF!*0.87,) -> #REF! | F10: =ROUNDUP(RO!#REF!*0.87,) -> #REF! | G10: =ROUNDUP(RO!#REF!*0.87,) -> #REF! | H10: =ROUNDUP(RO!#REF!*0.87,) -> #REF! | I10: =ROUNDUP(RO!#REF!*0.87,) -> #REF! | ... AJ10: =ROUNDUP(RO!#REF!*0.87,) -> #REF! | AK10: =ROUNDUP(RO!B10*0.87,) -> #REF! | AL10: =ROUNDUP(RO!C10*0.87,) -> #REF! | AM10: =ROUNDUP(RO!D10*0.87,) -> #REF! | AN10: =ROUNDUP(RO!E10*0.87,) -> #REF! | AO10: =ROUNDUP(RO!F10*0.87,) -> #REF! | AP10: =ROUNDUP(RO!G10*0.87,) -> #REF! | AQ10: =ROUNDUP(RO!H10*0.87,) -> #REF! | AR10: =ROUNDUP(RO!I10*0.87,) -> #REF! | ... FH10: =ROUNDUP(RO!DY10*0.87,) -> 6699
A11: Номер Люкс - с двуспальной кроватью
A12: от 1 до 2 | B12: =ROUNDUP(RO!#REF!*0.87,) -> #REF! | C12: =ROUNDUP(RO!#REF!*0.87,) -> #REF! | D12: =ROUNDUP(RO!#REF!*0.87,) -> #REF! | E12: =ROUNDUP(RO!#REF!*0.87,) -> #REF! | F12: =ROUNDUP(RO!#REF!*0.87,) -> #REF! | G12: =ROUNDUP(RO!#REF!*0.87,) -> #REF! | H12: =ROUNDUP(RO!#REF!*0.87,) -> #REF! | I12: =ROUNDUP(RO!#REF!*0.87,) -> #REF! | ... AJ12: =ROUNDUP(RO!#REF!*0.87,) -> #REF! | AK12: =ROUNDUP(RO!B12*0.87,) -> #REF! | AL12: =ROUNDUP(RO!C12*0.87,) -> #REF! | AM12: =ROUNDUP(RO!D12*0.87,) -> #REF! | AN12: =ROUNDUP(RO!E12*0.87,) -> #REF! | AO12: =ROUNDUP(RO!F12*0.87,) -> #REF! | AP12: =ROUNDUP(RO!G12*0.87,) -> #REF! | AQ12: =ROUNDUP(RO!H12*0.87,) -> #REF! | AR12: =ROUNDUP(RO!I12*0.87,) -> #REF! | ... FH12: =ROUNDUP(RO!DY12*0.87,) -> 9309
A13: Представительский Люкс - с двуспальной кроватью
A14: от 1 до 2 | B14: =ROUNDUP(RO!#REF!*0.87,) -> #REF! | C14: =ROUNDUP(RO!#REF!*0.87,) -> #REF! | D14: =ROUNDUP(RO!#REF!*0.87,) -> #REF! | E14: =ROUNDUP(RO!#REF!*0.87,) -> #REF! | F14: =ROUNDUP(RO!#REF!*0.87,) -> #REF! | G14: =ROUNDUP(RO!#REF!*0.87,) -> #REF! | H14: =ROUNDUP(RO!#REF!*0.87,) -> #REF! | I14: =ROUNDUP(RO!#REF!*0.87,) -> #REF! | ... AJ14: =ROUNDUP(RO!#REF!*0.87,) -> #REF! | AK14: =ROUNDUP(RO!B14*0.87,) -> #REF! | AL14: =ROUNDUP(RO!C14*0.87,) -> #REF! | AM14: =ROUNDUP(RO!D14*0.87,) -> #REF! | AN14: =ROUNDUP(RO!E14*0.87,) -> #REF! | AO14: =ROUNDUP(RO!F14*0.87,) -> #REF! | AP14: =ROUNDUP(RO!G14*0.87,) -> #REF! | AQ14: =ROUNDUP(RO!H14*0.87,) -> #REF! | AR14: =ROUNDUP(RO!I14*0.87,) -> #REF! | ... FH14: =ROUNDUP(RO!DY14*0.87,) -> 11484
A15: Даты тарифа (включительно):
A16: Период продажи: 25.03.2026 - 23.12.2026 Период проживания: 12.04.2026 - 24.12.2026
A17: Закрытые даты (включительно):
A18: 15.07.2026-30.11.2026
A19: В стоимость включено:
A20: Проживание в номере выбранной категории; Игровые пространства для досуга и отдыха детей и взрослых (Xbox, настольный футбол, аэрохоккей и бильярд); Услуги парковки автомобиля на Поляне 960 (крытая и открытая парковка); Подъём по канатной дороге с Поляны 540 на Поляну 960; Бесплатный Wi-Fi на территории всего отеля Комната для хранения горнолыжного оборудования
A21: Условия аннуляции:
A22: В случае отмены или изменения бронирования после 00:00 часов дня заезда удерживается стоимость первых суток.

Sheet нетто FIT18
A1: Ибис Стайлс Красная Поляна 4*
A2: Тариф "Базовый с завтраком"
A3: нетто тарифы
A4: завтраки формата "Шведский стол" | B4: 46274 | C4: 46275 | D4: 46276 | E4: 46277 | F4: 46278 | G4: 46279 | H4: 46280 | I4: 46281 | J4: 46282 | K4: 46283 | L4: 46284 | M4: 46285 | N4: 46286 | O4: 46287 | P4: 46288 | Q4: 46289 | R4: 46290 | S4: 46291 | T4: 46292 | U4: 46293 | V4: 46294 | W4: 46295 | X4: 46296 | Y4: 46297 | Z4: 46298 | AA4: 46299 | AB4: 46300 | AC4: 46301 | AD4: 46302 | AE4: 46303 | AF4: 46304 | AG4: 46305 | AH4: 46306 | AI4: 46307 | AJ4: 46308 | AK4: 46309 | AL4: 46310 | AM4: 46311 | AN4: 46312 | AO4: 46313 | AP4: 46314 | AQ4: 46315 | AR4: 46316 | AS4: 46317 | AT4: 46318 | AU4: 46319 | AV4: 46320 | AW4: 46321 | AX4: 46322 | AY4: 46323 | AZ4: 46324 | BA4: 46325 | BB4: 46326 | BC4: 46327 | BD4: 46328 | BE4: 46329 | BF4: 46330 | BG4: 46331 | BH4: 46332 | BI4: 46333 | BJ4: 46334 | BK4: 46335 | BL4: 46336 | BM4: 46337 | BN4: 46338 | BO4: 46339 | BP4: 46340 | BQ4: 46341 | BR4: 46342 | BS4: 46343 | BT4: 46344 | BU4: 46345 | BV4: 46346 | BW4: 46347 | BX4: 46348 | BY4: 46349 | BZ4: 46350 | CA4: 46351 | CB4: 46352 | CC4: 46353 | CD4: 46354 | CE4: 46355 | CF4: 46356 | CG4: 46357 | CH4: 46358 | CI4: 46359 | CJ4: 46360 | CK4: 46361 | CL4: 46362 | CM4: 46363 | CN4: 46364 | CO4: 46365 | CP4: 46366 | CQ4: 46367 | CR4: 46368 | CS4: 46369 | CT4: 46370 | CU4: 46371 | CV4: 46372 | CW4: 46373 | CX4: 46374 | CY4: 46375 | CZ4: 46376 | DA4: 46377 | DB4: 46378 | DC4: 46379 | DD4: 46380 | DE4: 46381 | DF4: 46382 | DG4: 46383 | DH4: 46384 | DI4: 46385 | DJ4: 46386 | DK4: 46387 | DL4: 46388 | DM4: 46389 | DN4: 46390 | DO4: 46391 | DP4: 46392 | DQ4: 46393 | DR4: 46394 | DS4: 46395 | DT4: 46396 | DU4: 46397 | DV4: 46398 | DW4: 46399 | DX4: 46400 | DY4: 46401 | DZ4: 46402 | EA4: 46403 | EB4: 46404 | EC4: 46405 | ED4: 46406 | EE4: 46407 | EF4: 46408 | EG4: 46409 | EH4: 46410 | EI4: 46411 | EJ4: 46412 | EK4: 46413 | EL4: 46414 | EM4: 46415 | EN4: 46416 | EO4: 46417 | EP4: 46418 | EQ4: 46419 | ER4: 46420 | ES4: 46421 | ET4: 46422 | EU4: 46423 | EV4: 46424 | EW4: 46425 | EX4: 46426 | EY4: 46427 | EZ4: 46428 | FA4: 46429 | FB4: 46430 | FC4: 46431 | FD4: 46432 | FE4: 46433 | FF4: 46434 | FG4: 46435 | FH4: 46436 | FI4: 46437 | FJ4: 46438 | FK4: 46439 | FL4: 46440 | FM4: 46441 | FN4: 46442 | FO4: 46443 | FP4: 46444 | FQ4: 46445 | FR4: 46446 | FS4: 46447 | FT4: 46448 | FU4: 46449 | FV4: 46450 | FW4: 46451 | FX4: 46452 | FY4: 46453 | FZ4: 46454 | GA4: 46455 | GB4: 46456 | GC4: 46457 | GD4: 46458 | GE4: 46459 | GF4: 46460 | GG4: 46461 | GH4: 46462 | GI4: 46463 | GJ4: 46464 | GK4: 46465 | GL4: 46466 | GM4: 46467 | GN4: 46468 | GO4: 46469 | GP4: 46470 | GQ4: 46471 | GR4: 46472 | GS4: 46473 | GT4: 46474 | GU4: 46475 | GV4: 46476 | GW4: 46477
A5: Стандартный номер - с двуспальной кроватью, Стандартный номер - с 2 односпальными кроватями
A6: 1 | B6: =ROUNDUP(BAR!B6*0.82,) -> 5617 | C6: =ROUNDUP(BAR!C6*0.82,) -> 5617 | D6: =ROUNDUP(BAR!D6*0.82,) -> 5617 | E6: =ROUNDUP(BAR!E6*0.82,) -> 5617 | F6: =ROUNDUP(BAR!F6*0.82,) -> 5371 | G6: =ROUNDUP(BAR!G6*0.82,) -> 5371 | H6: =ROUNDUP(BAR!H6*0.82,) -> 5371 | I6: =ROUNDUP(BAR!I6*0.82,) -> 5371 | ... GW6: =ROUNDUP(BAR!GW6*0.82,) -> 11685
A7: 2 | B7: =ROUNDUP(BAR!B7*0.82,) -> 6970 | C7: =ROUNDUP(BAR!C7*0.82,) -> 6970 | D7: =ROUNDUP(BAR!D7*0.82,) -> 6970 | E7: =ROUNDUP(BAR!E7*0.82,) -> 6970 | F7: =ROUNDUP(BAR!F7*0.82,) -> 6724 | G7: =ROUNDUP(BAR!G7*0.82,) -> 6724 | H7: =ROUNDUP(BAR!H7*0.82,) -> 6724 | I7: =ROUNDUP(BAR!I7*0.82,) -> 6724 | ... GW7: =ROUNDUP(BAR!GW7*0.82,) -> 13202
A8: Стандартный номер, с видом на горы - с двуспальной кроватью
A9: 1 | B9: =ROUNDUP(BAR!B12*0.82,) -> 6847 | C9: =ROUNDUP(BAR!C12*0.82,) -> 6847 | D9: =ROUNDUP(BAR!D12*0.82,) -> 6847 | E9: =ROUNDUP(BAR!E12*0.82,) -> 6847 | F9: =ROUNDUP(BAR!F12*0.82,) -> 6601 | G9: =ROUNDUP(BAR!G12*0.82,) -> 6601 | H9: =ROUNDUP(BAR!H12*0.82,) -> 6601 | I9: =ROUNDUP(BAR!I12*0.82,) -> 6601 | ... GW9: =ROUNDUP(BAR!GW12*0.82,) -> 12915
A10: 2 | B10: =ROUNDUP(BAR!B13*0.82,) -> 8200 | C10: =ROUNDUP(BAR!C13*0.82,) -> 8200 | D10: =ROUNDUP(BAR!D13*0.82,) -> 8200 | E10: =ROUNDUP(BAR!E13*0.82,) -> 8200 | F10: =ROUNDUP(BAR!F13*0.82,) -> 7954 | G10: =ROUNDUP(BAR!G13*0.82,) -> 7954 | H10: =ROUNDUP(BAR!H13*0.82,) -> 7954 | I10: =ROUNDUP(BAR!I13*0.82,) -> 7954 | ... GW10: =ROUNDUP(BAR!GW13*0.82,) -> 14432
A11: Стандартный номер, с балконом - с двуспальной кроватью
A12: 1 | B12: =ROUNDUP(BAR!B9*0.82,) -> 6437 | C12: =ROUNDUP(BAR!C9*0.82,) -> 6437 | D12: =ROUNDUP(BAR!D9*0.82,) -> 6437 | E12: =ROUNDUP(BAR!E9*0.82,) -> 6437 | F12: =ROUNDUP(BAR!F9*0.82,) -> 6191 | G12: =ROUNDUP(BAR!G9*0.82,) -> 6191 | H12: =ROUNDUP(BAR!H9*0.82,) -> 6191 | I12: =ROUNDUP(BAR!I9*0.82,) -> 6191 | ... GW12: =ROUNDUP(BAR!GW9*0.82,) -> 12505
A13: 2 | B13: =ROUNDUP(BAR!B10*0.82,) -> 7790 | C13: =ROUNDUP(BAR!C10*0.82,) -> 7790 | D13: =ROUNDUP(BAR!D10*0.82,) -> 7790 | E13: =ROUNDUP(BAR!E10*0.82,) -> 7790 | F13: =ROUNDUP(BAR!F10*0.82,) -> 7544 | G13: =ROUNDUP(BAR!G10*0.82,) -> 7544 | H13: =ROUNDUP(BAR!H10*0.82,) -> 7544 | I13: =ROUNDUP(BAR!I10*0.82,) -> 7544 | ... GW13: =ROUNDUP(BAR!GW10*0.82,) -> 14022
A14: Номер Люкс - с двуспальной кроватью
A15: 1 | B15: =ROUNDUP(BAR!B15*0.82,) -> 10127 | C15: =ROUNDUP(BAR!C15*0.82,) -> 10127 | D15: =ROUNDUP(BAR!D15*0.82,) -> 10127 | E15: =ROUNDUP(BAR!E15*0.82,) -> 10127 | F15: =ROUNDUP(BAR!F15*0.82,) -> 9881 | G15: =ROUNDUP(BAR!G15*0.82,) -> 9881 | H15: =ROUNDUP(BAR!H15*0.82,) -> 9881 | I15: =ROUNDUP(BAR!I15*0.82,) -> 9881 | ... GW15: =ROUNDUP(BAR!GW15*0.82,) -> 17015
A16: 2 | B16: =ROUNDUP(BAR!B16*0.82,) -> 11480 | C16: =ROUNDUP(BAR!C16*0.82,) -> 11480 | D16: =ROUNDUP(BAR!D16*0.82,) -> 11480 | E16: =ROUNDUP(BAR!E16*0.82,) -> 11480 | F16: =ROUNDUP(BAR!F16*0.82,) -> 11234 | G16: =ROUNDUP(BAR!G16*0.82,) -> 11234 | H16: =ROUNDUP(BAR!H16*0.82,) -> 11234 | I16: =ROUNDUP(BAR!I16*0.82,) -> 11234 | ... GW16: =ROUNDUP(BAR!GW16*0.82,) -> 18532
A17: Представительский Люкс - с двуспальной кроватью
A18: 1 | B18: =ROUNDUP(BAR!B18*0.82,) -> 12587 | C18: =ROUNDUP(BAR!C18*0.82,) -> 12587 | D18: =ROUNDUP(BAR!D18*0.82,) -> 12587 | E18: =ROUNDUP(BAR!E18*0.82,) -> 12587 | F18: =ROUNDUP(BAR!F18*0.82,) -> 12341 | G18: =ROUNDUP(BAR!G18*0.82,) -> 12341 | H18: =ROUNDUP(BAR!H18*0.82,) -> 12341 | I18: =ROUNDUP(BAR!I18*0.82,) -> 12341 | ... GW18: =ROUNDUP(BAR!GW18*0.82,) -> 18655
A19: 2 | B19: =ROUNDUP(BAR!B19*0.82,) -> 13940 | C19: =ROUNDUP(BAR!C19*0.82,) -> 13940 | D19: =ROUNDUP(BAR!D19*0.82,) -> 13940 | E19: =ROUNDUP(BAR!E19*0.82,) -> 13940 | F19: =ROUNDUP(BAR!F19*0.82,) -> 13694 | G19: =ROUNDUP(BAR!G19*0.82,) -> 13694 | H19: =ROUNDUP(BAR!H19*0.82,) -> 13694 | I19: =ROUNDUP(BAR!I19*0.82,) -> 13694 | ... GW19: =ROUNDUP(BAR!GW19*0.82,) -> 20172
A20: Пентхаус - с 2 спальнями
A21: от 1 до 4 | B21: =ROUNDUP(BAR!B21*0.82,) -> 46617 | C21: =ROUNDUP(BAR!C21*0.82,) -> 46617 | D21: =ROUNDUP(BAR!D21*0.82,) -> 46617 | E21: =ROUNDUP(BAR!E21*0.82,) -> 46617 | F21: =ROUNDUP(BAR!F21*0.82,) -> 46371 | G21: =ROUNDUP(BAR!G21*0.82,) -> 46371 | H21: =ROUNDUP(BAR!H21*0.82,) -> 46371 | I21: =ROUNDUP(BAR!I21*0.82,) -> 46371 | ... GW21: =ROUNDUP(BAR!GW21*0.82,) -> 56785
A22: Пентхаус с тремя спальнями/ Penthouse with 3 bedroom
A23: От 1 до 6
A24: Доп.инфо:
A25: 📌Дополнительное место с завтраком: 01.04.26 - 28.12.26 взр 2650 руб/сут, реб 1850 руб/сут 29.12.26 - 08.01.27 взр 3000 руб/сут, реб 2000 руб/сут 09.01.27 - 31.03.27 взр 2850 руб/сут, реб 1950 руб/сут 📌Дополнительное место без завтрака: 01.04.26 - 28.12.26 взр 1000 руб/сут, реб 1000 руб/сут 29.12.26 - 08.01.27 взр 1000 руб/сут, реб 1000 руб/сут 09.01.27 - 31.03.27 взр 1000 руб/сут, реб 1000 руб/сут 📌Завтраки: 01.04.26 - 28.12.26 взр 1650 руб/сут, реб 850 руб/сут 29.12.26 - 08.01.27 взр 2000 руб/сут, реб 1000 руб/сут 09.01.27 - 31.03.27 взр 1850 руб/сут, реб 950 руб/сут 📌Доплата за размещение с животными (до 15 кг и 45 см в холке) – 2500 рублей/единоразово при заселении. Допустимо проживание не более 1-го животного в номере. Обязателен вет.паспорт животного. 📌Услуга "Ранний заезд или Поздний выезд" предоставляется при 100% гарантиии доп. суток размещения по возможности отеля. Негарантированный РЗ/ПВ оформляется в отеле и предоставляется по возможности отеля. Время негарантированных услуг: РЗ с 00:00 до 02:59 - 100%, с 03:00 до 15:00 - 50%; ПВ с 12:00 до 18:00 - 50%, после 18:00 - 100%.
A26: Новогодний тариф (включительно):
A27: Период продажи: 22.07.2026 – 08.01.2027 Период проживания: 29.12.2026 – 08.01.2027 Условия бронирования: При бронировании номера в даты проживания с 30.12.25-08.01.26 необходима предоплата в размере 1-х суток и полная оплата в размере 100% до 01.12.2026. Условия аннуляции: бесплатная отмена до 00:00 дня заезда и при отмене после 00:00 часов дня заезда удерживается стоимость первых суток.
A28: Даты тарифа (включительно):
A29: Период продажи: 20.03.2026 - 30.03.2027 Период проживания: 20.03.2026 - 31.03.2027
A30: В стоимость включено:
A31: Проживание в номере выбранной категории; Завтрак по системе "Шведский стол"; Игровые пространства для досуга и отдыха детей и взрослых (Xbox, настольный футбол, аэрохоккей и бильярд); Услуги парковки автомобиля на Поляне 960 (крытая и открытая парковка); Подъём по канатной дороге с Поляны 540 на Поляну 960; Бесплатный Wi-Fi на территории всего отеля Комната для хранения горнолыжного оборудования
A32: Условия аннуляции:
A33: В случае отмены или изменения бронирования после 00:00 часов дня заезда удерживается стоимость первых суток.
... A37: Вопросы и замечения по тарифным сеткам просьба направлять в адрес Супервайзеры отдела бронирования отелей ACCOR <res.supervisor.accor@kpresort.ru>

Sheet РБ10% FIT18
A1: Ибис Стайлс Красная Поляна 4*
A2: Тариф "Раннее бронирование со скидкой 10%, завтрак включен"
A3: нетто тарифы
A4: завтраки формата "Шведский стол" | B4: 46274 | C4: 46275 | D4: 46276 | E4: 46277 | F4: 46278 | G4: 46279 | H4: 46280 | I4: 46281 | J4: 46282 | K4: 46283 | L4: 46284 | M4: 46285 | N4: 46286 | O4: 46287 | P4: 46288 | Q4: 46289 | R4: 46290 | S4: 46291 | T4: 46292 | U4: 46293 | V4: 46294 | W4: 46295 | X4: 46296 | Y4: 46297 | Z4: 46298 | AA4: 46299 | AB4: 46300 | AC4: 46301 | AD4: 46302 | AE4: 46303 | AF4: 46304 | AG4: 46305 | AH4: 46306 | AI4: 46307 | AJ4: 46308 | AK4: 46309 | AL4: 46310 | AM4: 46311 | AN4: 46312 | AO4: 46313 | AP4: 46314 | AQ4: 46315 | AR4: 46316 | AS4: 46317 | AT4: 46318 | AU4: 46319 | AV4: 46320 | AW4: 46321 | AX4: 46322 | AY4: 46323 | AZ4: 46324 | BA4: 46325 | BB4: 46326 | BC4: 46327 | BD4: 46328 | BE4: 46329 | BF4: 46330 | BG4: 46331 | BH4: 46332 | BI4: 46333 | BJ4: 46334 | BK4: 46335 | BL4: 46336 | BM4: 46337 | BN4: 46338 | BO4: 46339 | BP4: 46340 | BQ4: 46341 | BR4: 46342 | BS4: 46343 | BT4: 46344 | BU4: 46345 | BV4: 46346 | BW4: 46347 | BX4: 46348 | BY4: 46349 | BZ4: 46350 | CA4: 46351 | CB4: 46352 | CC4: 46353 | CD4: 46354 | CE4: 46355 | CF4: 46356 | CG4: 46357 | CH4: 46358 | CI4: 46359 | CJ4: 46360 | CK4: 46361 | CL4: 46362 | CM4: 46363 | CN4: 46364 | CO4: 46365 | CP4: 46366 | CQ4: 46367 | CR4: 46368 | CS4: 46369 | CT4: 46370 | CU4: 46371 | CV4: 46372 | CW4: 46373 | CX4: 46374 | CY4: 46375 | CZ4: 46376 | DA4: 46377 | DB4: 46378 | DC4: 46379 | DD4: 46380 | DE4: 46381 | DF4: 46382 | DG4: 46383 | DH4: 46384 | DI4: 46385 | DJ4: 46386 | DK4: 46387 | DL4: 46388 | DM4: 46389 | DN4: 46390 | DO4: 46391 | DP4: 46392 | DQ4: 46393 | DR4: 46394 | DS4: 46395 | DT4: 46396 | DU4: 46397 | DV4: 46398 | DW4: 46399 | DX4: 46400 | DY4: 46401 | DZ4: 46402 | EA4: 46403 | EB4: 46404 | EC4: 46405 | ED4: 46406 | EE4: 46407 | EF4: 46408 | EG4: 46409 | EH4: 46410 | EI4: 46411 | EJ4: 46412 | EK4: 46413 | EL4: 46414 | EM4: 46415 | EN4: 46416 | EO4: 46417 | EP4: 46418 | EQ4: 46419 | ER4: 46420 | ES4: 46421 | ET4: 46422 | EU4: 46423 | EV4: 46424 | EW4: 46425 | EX4: 46426 | EY4: 46427 | EZ4: 46428 | FA4: 46429 | FB4: 46430 | FC4: 46431 | FD4: 46432 | FE4: 46433 | FF4: 46434 | FG4: 46435 | FH4: 46436 | FI4: 46437 | FJ4: 46438 | FK4: 46439 | FL4: 46440 | FM4: 46441 | FN4: 46442 | FO4: 46443 | FP4: 46444 | FQ4: 46445 | FR4: 46446 | FS4: 46447 | FT4: 46448 | FU4: 46449 | FV4: 46450 | FW4: 46451 | FX4: 46452 | FY4: 46453 | FZ4: 46454 | GA4: 46455 | GB4: 46456 | GC4: 46457 | GD4: 46458 | GE4: 46459 | GF4: 46460 | GG4: 46461 | GH4: 46462 | GI4: 46463 | GJ4: 46464 | GK4: 46465 | GL4: 46466 | GM4: 46467 | GN4: 46468 | GO4: 46469 | GP4: 46470 | GQ4: 46471 | GR4: 46472 | GS4: 46473 | GT4: 46474 | GU4: 46475 | GV4: 46476 | GW4: 46477
A5: Стандартный номер - с двуспальной кроватью, Стандартный номер - с 2 односпальными кроватями
A6: 1 | B6: =ROUNDUP(BAR!B6*0.9*0.87,) -> 5364 | C6: =ROUNDUP(BAR!C6*0.9*0.87,) -> 5364 | D6: =ROUNDUP(BAR!D6*0.9*0.87,) -> 5364 | E6: =ROUNDUP(BAR!E6*0.9*0.87,) -> 5364 | F6: =ROUNDUP(BAR!F6*0.9*0.87,) -> 5129 | G6: =ROUNDUP(BAR!G6*0.9*0.87,) -> 5129 | H6: =ROUNDUP(BAR!H6*0.9*0.87,) -> 5129 | I6: =ROUNDUP(BAR!I6*0.9*0.87,) -> 5129 | ... GW6: =ROUNDUP(BAR!GW6*0.9*0.87,) -> 11158
A7: 2 | B7: =ROUNDUP(BAR!B7*0.9*0.87,) -> 6656 | C7: =ROUNDUP(BAR!C7*0.9*0.87,) -> 6656 | D7: =ROUNDUP(BAR!D7*0.9*0.87,) -> 6656 | E7: =ROUNDUP(BAR!E7*0.9*0.87,) -> 6656 | F7: =ROUNDUP(BAR!F7*0.9*0.87,) -> 6421 | G7: =ROUNDUP(BAR!G7*0.9*0.87,) -> 6421 | H7: =ROUNDUP(BAR!H7*0.9*0.87,) -> 6421 | I7: =ROUNDUP(BAR!I7*0.9*0.87,) -> 6421 | ... GW7: =ROUNDUP(BAR!GW7*0.9*0.87,) -> 12607
A8: Стандартный номер, с балконом - с двуспальной кроватью
A9: 1 | B9: =ROUNDUP(BAR!B9*0.9*0.87,) -> 6147 | C9: =ROUNDUP(BAR!C9*0.9*0.87,) -> 6147 | D9: =ROUNDUP(BAR!D9*0.9*0.87,) -> 6147 | E9: =ROUNDUP(BAR!E9*0.9*0.87,) -> 6147 | F9: =ROUNDUP(BAR!F9*0.9*0.87,) -> 5912 | G9: =ROUNDUP(BAR!G9*0.9*0.87,) -> 5912 | H9: =ROUNDUP(BAR!H9*0.9*0.87,) -> 5912 | I9: =ROUNDUP(BAR!I9*0.9*0.87,) -> 5912 | ... GW9: =ROUNDUP(BAR!GW9*0.9*0.87,) -> 11941
A10: 2 | B10: =ROUNDUP(BAR!B10*0.9*0.87,) -> 7439 | C10: =ROUNDUP(BAR!C10*0.9*0.87,) -> 7439 | D10: =ROUNDUP(BAR!D10*0.9*0.87,) -> 7439 | E10: =ROUNDUP(BAR!E10*0.9*0.87,) -> 7439 | F10: =ROUNDUP(BAR!F10*0.9*0.87,) -> 7204 | G10: =ROUNDUP(BAR!G10*0.9*0.87,) -> 7204 | H10: =ROUNDUP(BAR!H10*0.9*0.87,) -> 7204 | I10: =ROUNDUP(BAR!I10*0.9*0.87,) -> 7204 | ... GW10: =ROUNDUP(BAR!GW10*0.9*0.87,) -> 13390
A11: Стандартный номер, с видом на горы - с двуспальной кроватью
A12: 1 | B12: =ROUNDUP(BAR!B12*0.9*0.87,) -> 6539 | C12: =ROUNDUP(BAR!C12*0.9*0.87,) -> 6539 | D12: =ROUNDUP(BAR!D12*0.9*0.87,) -> 6539 | E12: =ROUNDUP(BAR!E12*0.9*0.87,) -> 6539 | F12: =ROUNDUP(BAR!F12*0.9*0.87,) -> 6304 | G12: =ROUNDUP(BAR!G12*0.9*0.87,) -> 6304 | H12: =ROUNDUP(BAR!H12*0.9*0.87,) -> 6304 | I12: =ROUNDUP(BAR!I12*0.9*0.87,) -> 6304 | ... GW12: =ROUNDUP(BAR!GW12*0.9*0.87,) -> 12333
A13: 2 | B13: =ROUNDUP(BAR!B13*0.9*0.87,) -> 7830 | C13: =ROUNDUP(BAR!C13*0.9*0.87,) -> 7830 | D13: =ROUNDUP(BAR!D13*0.9*0.87,) -> 7830 | E13: =ROUNDUP(BAR!E13*0.9*0.87,) -> 7830 | F13: =ROUNDUP(BAR!F13*0.9*0.87,) -> 7596 | G13: =ROUNDUP(BAR!G13*0.9*0.87,) -> 7596 | H13: =ROUNDUP(BAR!H13*0.9*0.87,) -> 7596 | I13: =ROUNDUP(BAR!I13*0.9*0.87,) -> 7596 | ... GW13: =ROUNDUP(BAR!GW13*0.9*0.87,) -> 13781
A14: Номер Люкс - с двуспальной кроватью
A15: 1 | B15: =ROUNDUP(BAR!B15*0.9*0.87,) -> 9671 | C15: =ROUNDUP(BAR!C15*0.9*0.87,) -> 9671 | D15: =ROUNDUP(BAR!D15*0.9*0.87,) -> 9671 | E15: =ROUNDUP(BAR!E15*0.9*0.87,) -> 9671 | F15: =ROUNDUP(BAR!F15*0.9*0.87,) -> 9436 | G15: =ROUNDUP(BAR!G15*0.9*0.87,) -> 9436 | H15: =ROUNDUP(BAR!H15*0.9*0.87,) -> 9436 | I15: =ROUNDUP(BAR!I15*0.9*0.87,) -> 9436 | ... GW15: =ROUNDUP(BAR!GW15*0.9*0.87,) -> 16248
A16: 2 | B16: =ROUNDUP(BAR!B16*0.9*0.87,) -> 10962 | C16: =ROUNDUP(BAR!C16*0.9*0.87,) -> 10962 | D16: =ROUNDUP(BAR!D16*0.9*0.87,) -> 10962 | E16: =ROUNDUP(BAR!E16*0.9*0.87,) -> 10962 | F16: =ROUNDUP(BAR!F16*0.9*0.87,) -> 10728 | G16: =ROUNDUP(BAR!G16*0.9*0.87,) -> 10728 | H16: =ROUNDUP(BAR!H16*0.9*0.87,) -> 10728 | I16: =ROUNDUP(BAR!I16*0.9*0.87,) -> 10728 | ... GW16: =ROUNDUP(BAR!GW16*0.9*0.87,) -> 17696
A17: Представительский Люкс - с двуспальной кроватью
A18: 1 | B18: =ROUNDUP(BAR!B18*0.9*0.87,) -> 12020 | C18: =ROUNDUP(BAR!C18*0.9*0.87,) -> 12020 | D18: =ROUNDUP(BAR!D18*0.9*0.87,) -> 12020 | E18: =ROUNDUP(BAR!E18*0.9*0.87,) -> 12020 | F18: =ROUNDUP(BAR!F18*0.9*0.87,) -> 11785 | G18: =ROUNDUP(BAR!G18*0.9*0.87,) -> 11785 | H18: =ROUNDUP(BAR!H18*0.9*0.87,) -> 11785 | I18: =ROUNDUP(BAR!I18*0.9*0.87,) -> 11785 | ... GW18: =ROUNDUP(BAR!GW18*0.9*0.87,) -> 17814
A19: 2 | B19: =ROUNDUP(BAR!B19*0.9*0.87,) -> 13311 | C19: =ROUNDUP(BAR!C19*0.9*0.87,) -> 13311 | D19: =ROUNDUP(BAR!D19*0.9*0.87,) -> 13311 | E19: =ROUNDUP(BAR!E19*0.9*0.87,) -> 13311 | F19: =ROUNDUP(BAR!F19*0.9*0.87,) -> 13077 | G19: =ROUNDUP(BAR!G19*0.9*0.87,) -> 13077 | H19: =ROUNDUP(BAR!H19*0.9*0.87,) -> 13077 | I19: =ROUNDUP(BAR!I19*0.9*0.87,) -> 13077 | ... GW19: =ROUNDUP(BAR!GW19*0.9*0.87,) -> 19262
A20: Пентхаус - с 2 спальнями
A21: от 1 до 4 | B21: =ROUNDUP(BAR!B21*0.9*0.87,) -> 44514 | C21: =ROUNDUP(BAR!C21*0.9*0.87,) -> 44514 | D21: =ROUNDUP(BAR!D21*0.9*0.87,) -> 44514 | E21: =ROUNDUP(BAR!E21*0.9*0.87,) -> 44514 | F21: =ROUNDUP(BAR!F21*0.9*0.87,) -> 44279 | G21: =ROUNDUP(BAR!G21*0.9*0.87,) -> 44279 | H21: =ROUNDUP(BAR!H21*0.9*0.87,) -> 44279 | I21: =ROUNDUP(BAR!I21*0.9*0.87,) -> 44279 | ... GW21: =ROUNDUP(BAR!GW21*0.9*0.87,) -> 54223
A22: Пентхаус с тремя спальнями/ Penthouse with 3 bedroom
A23: От 1 до 6
A24: ВАЖНО:
A25: Доступен для бронирования от 7 до 14 дней до заезда.
A26: Даты тарифа (включительно):
A27: Период продажи: 20.03.2026 - 30.03.2027 Период проживания: 20.03.2026 - 31.03.2027
A28: Закрытые даты (включительно):
A29: 29.12.2026 - 08.01.2027
A30: В стоимость включено:
A31: Проживание в номере выбранной категории; Завтрак по системе "Шведский стол"; Игровые пространства для досуга и отдыха детей и взрослых (Xbox, настольный футбол, аэрохоккей и бильярд); Услуги парковки автомобиля на Поляне 960 (крытая и открытая парковка); Подъём по канатной дороге с Поляны 540 на Поляну 960; Бесплатный Wi-Fi на территории всего отеля Комната для хранения горнолыжного оборудования
A32: Условия аннуляции:
A33: Для оформления бронирования необходимо внести 100% предоплату в размере полной стоимости проживания. В случае отмены или изменения бронирования после 00:00 часов дня заезда удерживается стоимость первых суток.

Sheet РБ15% FIT18
A1: Ибис Стайлс Красная Поляна 4*
A2: Тариф "Раннее бронирование со скидкой 15%, завтрак включен"
A3: нетто тарифы
A4: завтраки формата "Шведский стол" | B4: 46274 | C4: 46275 | D4: 46276 | E4: 46277 | F4: 46278 | G4: 46279 | H4: 46280 | I4: 46281 | J4: 46282 | K4: 46283 | L4: 46284 | M4: 46285 | N4: 46286 | O4: 46287 | P4: 46288 | Q4: 46289 | R4: 46290 | S4: 46291 | T4: 46292 | U4: 46293 | V4: 46294 | W4: 46295 | X4: 46296 | Y4: 46297 | Z4: 46298 | AA4: 46299 | AB4: 46300 | AC4: 46301 | AD4: 46302 | AE4: 46303 | AF4: 46304 | AG4: 46305 | AH4: 46306 | AI4: 46307 | AJ4: 46308 | AK4: 46309 | AL4: 46310 | AM4: 46311 | AN4: 46312 | AO4: 46313 | AP4: 46314 | AQ4: 46315 | AR4: 46316 | AS4: 46317 | AT4: 46318 | AU4: 46319 | AV4: 46320 | AW4: 46321 | AX4: 46322 | AY4: 46323 | AZ4: 46324 | BA4: 46325 | BB4: 46326 | BC4: 46327 | BD4: 46328 | BE4: 46329 | BF4: 46330 | BG4: 46331 | BH4: 46332 | BI4: 46333 | BJ4: 46334 | BK4: 46335 | BL4: 46336 | BM4: 46337 | BN4: 46338 | BO4: 46339 | BP4: 46340 | BQ4: 46341 | BR4: 46342 | BS4: 46343 | BT4: 46344 | BU4: 46345 | BV4: 46346 | BW4: 46347 | BX4: 46348 | BY4: 46349 | BZ4: 46350 | CA4: 46351 | CB4: 46352 | CC4: 46353 | CD4: 46354 | CE4: 46355 | CF4: 46356 | CG4: 46357 | CH4: 46358 | CI4: 46359 | CJ4: 46360 | CK4: 46361 | CL4: 46362 | CM4: 46363 | CN4: 46364 | CO4: 46365 | CP4: 46366 | CQ4: 46367 | CR4: 46368 | CS4: 46369 | CT4: 46370 | CU4: 46371 | CV4: 46372 | CW4: 46373 | CX4: 46374 | CY4: 46375 | CZ4: 46376 | DA4: 46377 | DB4: 46378 | DC4: 46379 | DD4: 46380 | DE4: 46381 | DF4: 46382 | DG4: 46383 | DH4: 46384 | DI4: 46385 | DJ4: 46386 | DK4: 46387 | DL4: 46388 | DM4: 46389 | DN4: 46390 | DO4: 46391 | DP4: 46392 | DQ4: 46393 | DR4: 46394 | DS4: 46395 | DT4: 46396 | DU4: 46397 | DV4: 46398 | DW4: 46399 | DX4: 46400 | DY4: 46401 | DZ4: 46402 | EA4: 46403 | EB4: 46404 | EC4: 46405 | ED4: 46406 | EE4: 46407 | EF4: 46408 | EG4: 46409 | EH4: 46410 | EI4: 46411 | EJ4: 46412 | EK4: 46413 | EL4: 46414 | EM4: 46415 | EN4: 46416 | EO4: 46417 | EP4: 46418 | EQ4: 46419 | ER4: 46420 | ES4: 46421 | ET4: 46422 | EU4: 46423 | EV4: 46424 | EW4: 46425 | EX4: 46426 | EY4: 46427 | EZ4: 46428 | FA4: 46429 | FB4: 46430 | FC4: 46431 | FD4: 46432 | FE4: 46433 | FF4: 46434 | FG4: 46435 | FH4: 46436 | FI4: 46437 | FJ4: 46438 | FK4: 46439 | FL4: 46440 | FM4: 46441 | FN4: 46442 | FO4: 46443 | FP4: 46444 | FQ4: 46445 | FR4: 46446 | FS4: 46447 | FT4: 46448 | FU4: 46449 | FV4: 46450 | FW4: 46451 | FX4: 46452 | FY4: 46453 | FZ4: 46454 | GA4: 46455 | GB4: 46456 | GC4: 46457 | GD4: 46458 | GE4: 46459 | GF4: 46460 | GG4: 46461 | GH4: 46462 | GI4: 46463 | GJ4: 46464 | GK4: 46465 | GL4: 46466 | GM4: 46467 | GN4: 46468 | GO4: 46469 | GP4: 46470 | GQ4: 46471 | GR4: 46472 | GS4: 46473 | GT4: 46474 | GU4: 46475 | GV4: 46476 | GW4: 46477
A5: Стандартный номер - с двуспальной кроватью, Стандартный номер - с 2 односпальными кроватями
A6: 1 | B6: =ROUNDUP('РБ15%'!B6*0.87,) -> 5067 | C6: =ROUNDUP('РБ15%'!C6*0.87,) -> 5067 | D6: =ROUNDUP('РБ15%'!D6*0.87,) -> 5067 | E6: =ROUNDUP('РБ15%'!E6*0.87,) -> 5067 | F6: =ROUNDUP('РБ15%'!F6*0.87,) -> 4845 | G6: =ROUNDUP('РБ15%'!G6*0.87,) -> 4845 | H6: =ROUNDUP('РБ15%'!H6*0.87,) -> 4845 | I6: =ROUNDUP('РБ15%'!I6*0.87,) -> 4845 | ... GW6: =ROUNDUP('РБ15%'!GW6*0.87,) -> 10539
A7: 2 | B7: =ROUNDUP('РБ15%'!B7*0.87,) -> 6286 | C7: =ROUNDUP('РБ15%'!C7*0.87,) -> 6286 | D7: =ROUNDUP('РБ15%'!D7*0.87,) -> 6286 | E7: =ROUNDUP('РБ15%'!E7*0.87,) -> 6286 | F7: =ROUNDUP('РБ15%'!F7*0.87,) -> 6064 | G7: =ROUNDUP('РБ15%'!G7*0.87,) -> 6064 | H7: =ROUNDUP('РБ15%'!H7*0.87,) -> 6064 | I7: =ROUNDUP('РБ15%'!I7*0.87,) -> 6064 | ... GW7: =ROUNDUP('РБ15%'!GW7*0.87,) -> 11906
A8: Стандартный номер, с балконом - с двуспальной кроватью
A9: 1 | B9: =ROUNDUP('РБ15%'!B9*0.87,) -> 5806 | C9: =ROUNDUP('РБ15%'!C9*0.87,) -> 5806 | D9: =ROUNDUP('РБ15%'!D9*0.87,) -> 5806 | E9: =ROUNDUP('РБ15%'!E9*0.87,) -> 5806 | F9: =ROUNDUP('РБ15%'!F9*0.87,) -> 5584 | G9: =ROUNDUP('РБ15%'!G9*0.87,) -> 5584 | H9: =ROUNDUP('РБ15%'!H9*0.87,) -> 5584 | I9: =ROUNDUP('РБ15%'!I9*0.87,) -> 5584 | ... GW9: =ROUNDUP('РБ15%'!GW9*0.87,) -> 11278
A10: 2 | B10: =ROUNDUP('РБ15%'!B10*0.87,) -> 7026 | C10: =ROUNDUP('РБ15%'!C10*0.87,) -> 7026 | D10: =ROUNDUP('РБ15%'!D10*0.87,) -> 7026 | E10: =ROUNDUP('РБ15%'!E10*0.87,) -> 7026 | F10: =ROUNDUP('РБ15%'!F10*0.87,) -> 6804 | G10: =ROUNDUP('РБ15%'!G10*0.87,) -> 6804 | H10: =ROUNDUP('РБ15%'!H10*0.87,) -> 6804 | I10: =ROUNDUP('РБ15%'!I10*0.87,) -> 6804 | ... GW10: =ROUNDUP('РБ15%'!GW10*0.87,) -> 12646
A11: Стандартный номер, с видом на горы - с двуспальной кроватью
A12: 1 | B12: =ROUNDUP('РБ15%'!B12*0.87,) -> 6176 | C12: =ROUNDUP('РБ15%'!C12*0.87,) -> 6176 | D12: =ROUNDUP('РБ15%'!D12*0.87,) -> 6176 | E12: =ROUNDUP('РБ15%'!E12*0.87,) -> 6176 | F12: =ROUNDUP('РБ15%'!F12*0.87,) -> 5954 | G12: =ROUNDUP('РБ15%'!G12*0.87,) -> 5954 | H12: =ROUNDUP('РБ15%'!H12*0.87,) -> 5954 | I12: =ROUNDUP('РБ15%'!I12*0.87,) -> 5954 | ... GW12: =ROUNDUP('РБ15%'!GW12*0.87,) -> 11648
A13: 2 | B13: =ROUNDUP('РБ15%'!B13*0.87,) -> 7395 | C13: =ROUNDUP('РБ15%'!C13*0.87,) -> 7395 | D13: =ROUNDUP('РБ15%'!D13*0.87,) -> 7395 | E13: =ROUNDUP('РБ15%'!E13*0.87,) -> 7395 | F13: =ROUNDUP('РБ15%'!F13*0.87,) -> 7174 | G13: =ROUNDUP('РБ15%'!G13*0.87,) -> 7174 | H13: =ROUNDUP('РБ15%'!H13*0.87,) -> 7174 | I13: =ROUNDUP('РБ15%'!I13*0.87,) -> 7174 | ... GW13: =ROUNDUP('РБ15%'!GW13*0.87,) -> 13016
A14: Номер Люкс - с двуспальной кроватью
A15: 1 | B15: =ROUNDUP('РБ15%'!B15*0.87,) -> 9134 | C15: =ROUNDUP('РБ15%'!C15*0.87,) -> 9134 | D15: =ROUNDUP('РБ15%'!D15*0.87,) -> 9134 | E15: =ROUNDUP('РБ15%'!E15*0.87,) -> 9134 | F15: =ROUNDUP('РБ15%'!F15*0.87,) -> 8912 | G15: =ROUNDUP('РБ15%'!G15*0.87,) -> 8912 | H15: =ROUNDUP('РБ15%'!H15*0.87,) -> 8912 | I15: =ROUNDUP('РБ15%'!I15*0.87,) -> 8912 | ... GW15: =ROUNDUP('РБ15%'!GW15*0.87,) -> 15346
A16: 2 | B16: =ROUNDUP('РБ15%'!B16*0.87,) -> 10353 | C16: =ROUNDUP('РБ15%'!C16*0.87,) -> 10353 | D16: =ROUNDUP('РБ15%'!D16*0.87,) -> 10353 | E16: =ROUNDUP('РБ15%'!E16*0.87,) -> 10353 | F16: =ROUNDUP('РБ15%'!F16*0.87,) -> 10132 | G16: =ROUNDUP('РБ15%'!G16*0.87,) -> 10132 | H16: =ROUNDUP('РБ15%'!H16*0.87,) -> 10132 | I16: =ROUNDUP('РБ15%'!I16*0.87,) -> 10132 | ... GW16: =ROUNDUP('РБ15%'!GW16*0.87,) -> 16713
A17: Представительский Люкс - с двуспальной кроватью
A18: 1 | B18: =ROUNDUP('РБ15%'!B18*0.87,) -> 11352 | C18: =ROUNDUP('РБ15%'!C18*0.87,) -> 11352 | D18: =ROUNDUP('РБ15%'!D18*0.87,) -> 11352 | E18: =ROUNDUP('РБ15%'!E18*0.87,) -> 11352 | F18: =ROUNDUP('РБ15%'!F18*0.87,) -> 11130 | G18: =ROUNDUP('РБ15%'!G18*0.87,) -> 11130 | H18: =ROUNDUP('РБ15%'!H18*0.87,) -> 11130 | I18: =ROUNDUP('РБ15%'!I18*0.87,) -> 11130 | ... GW18: =ROUNDUP('РБ15%'!GW18*0.87,) -> 16825
A19: 2 | B19: =ROUNDUP('РБ15%'!B19*0.87,) -> 12572 | C19: =ROUNDUP('РБ15%'!C19*0.87,) -> 12572 | D19: =ROUNDUP('РБ15%'!D19*0.87,) -> 12572 | E19: =ROUNDUP('РБ15%'!E19*0.87,) -> 12572 | F19: =ROUNDUP('РБ15%'!F19*0.87,) -> 12350 | G19: =ROUNDUP('РБ15%'!G19*0.87,) -> 12350 | H19: =ROUNDUP('РБ15%'!H19*0.87,) -> 12350 | I19: =ROUNDUP('РБ15%'!I19*0.87,) -> 12350 | ... GW19: =ROUNDUP('РБ15%'!GW19*0.87,) -> 18192
A20: Пентхаус - с 2 спальнями
A21: от 1 до 4 | B21: =ROUNDUP('РБ15%'!B21*0.87,) -> 42042 | C21: =ROUNDUP('РБ15%'!C21*0.87,) -> 42042 | D21: =ROUNDUP('РБ15%'!D21*0.87,) -> 42042 | E21: =ROUNDUP('РБ15%'!E21*0.87,) -> 42042 | F21: =ROUNDUP('РБ15%'!F21*0.87,) -> 41820 | G21: =ROUNDUP('РБ15%'!G21*0.87,) -> 41820 | H21: =ROUNDUP('РБ15%'!H21*0.87,) -> 41820 | I21: =ROUNDUP('РБ15%'!I21*0.87,) -> 41820 | ... GW21: =ROUNDUP('РБ15%'!GW21*0.87,) -> 51211
A22: Пентхаус с тремя спальнями/ Penthouse with 3 bedroom
A23: От 1 до 6
A24: ВАЖНО:
A25: Доступен для бронирования от 15 дней до заезда.
A26: Даты тарифа (включительно):
A27: Период продажи: 20.03.2026 - 30.03.2027 Период проживания: 20.03.2026 - 31.03.2027
A28: Закрытые даты (включительно):
A29: 29.12.2026 - 08.01.2027
A30: В стоимость включено:
A31: Проживание в номере выбранной категории; Завтрак по системе "Шведский стол"; Игровые пространства для досуга и отдыха детей и взрослых (Xbox, настольный футбол, аэрохоккей и бильярд); Услуги парковки автомобиля на Поляне 960 (крытая и открытая парковка); Подъём по канатной дороге с Поляны 540 на Поляну 960; Бесплатный Wi-Fi на территории всего отеля Комната для хранения горнолыжного оборудования
A32: Условия аннуляции:
A33: Для оформления бронирования необходимо внести 100% предоплату в размере полной стоимости проживания. В случае отмены или изменения бронирования после 00:00 часов дня заезда удерживается стоимость первых суток.

Sheet ОиК FIT18
A1: Ибис Стайлс Красная Поляна 4*
A2: тариф ОТДЫХАЙ И КАТАЙ
A3: нетто тарифы
A4: завтраки формата "Шведский стол"
A5: Стандартный номер - с двуспальной кроватью, с 2 односпальными кроватями
A6: 1
A7: 2
A8: Стандартный номер, с видом на горы - с двуспальной кроватью
A9: 1
A10: 2
A11: Стандартный номер, с балконом - с двуспальной кроватью
A12: 1
A13: 2
A14: Номер Люкс - с двуспальной кроватью
A15: 1
A16: 2
A17: Представительский Люкс - с двуспальной кроватью
A18: 1
A19: 2
A20: Пентхаус - с 2 спальнями
A21: От 1 до 4
A22: ВАЖНО:
A23: Дополнительно на каждый день проживания в стоимость заявки добавляются ски-пассы для каждого взрослого, стоимость: 09.01.2025 - 31.03.2026 включительно - 3500 руб. 01.04.2026 - 09.05.2026 включительно - 2000 руб. При размещении дополнительных гостей, также на каждый день проживания добавляются в стоимость заявки ски-пассы на каждого взрослого гостя: 09.01.2025 - 31.03.2026 включительно - 3500 руб. 01.04.2026 - 09.05.2026 включительно - 2000 руб. Детские ски-пассы приобретаются отдельно.
A24: В Тravelline тариф выгружается с учетом стоимости ски-пассов на каждого взрослого в заявке. В заявки, направляемые вручную по почте, дополнительно на каждый день проживания в стоимость добавляется стоимость ски-пассов для каждого взрослого самостоятельно.
A25: Выдача электронного купона производится при заселении на стойке регистрации. Получить ски-пассы можно в автоматах (пикап-поинтах) у канатных дорог. Возврат средств за неиспользованные ски-пассы не производится. Тариф включает ски-пассы только для взрослых гостей. Детские ски-пассы приобретаются в кассе курорта или на стойке «Чем заняться» за 1 рубль.
A26: Даты тарифа:
A27: Период продажи: 31.10.2025 - 09.05.2026 Период проживания: 09.01.2026 - 10.05.2026
A28: В стоимость включено:
A29: Проживание в номере выбранной категории со скидкой 10%; Ски-пасс "Дневной взрослый" со скидкой 50% на весь период проживания (от открытой стоимости krasnayapolyanaresort.ru);* Игровые пространства для досуга и отдыха детей и взрослых (Xbox, настольный футбол, аэрохоккей и бильярд); Услуги парковки автомобиля на Поляне 960 (крытая и открытая парковка); Подъём по канатной дороге с Поляны 540 на Поляну 960; Бесплатный Wi-Fi на территории всего отеля. Комната для хранения горнолыжного оборудования *Количество ски-пассов равно количеству ночей проживания
A30: Дополнительно в стоимость включено с 08.04.2026:
A31: Скидка 15% на все массажи и спа-процедуры во всех СПА Курорта (Mövenpick5*, Novotel Resort&Spa 5*, Rixos 5* и Marriott 5*, с 13.04.26 в отеле Panorama by Mercure 4*); Скидка 30% на меню и напитки ресторана «Вершина» (2200 м); Скидка 25% на разовый визит в СПА Novotel Resort&Spa 5* с открытым бассейном; Аренда малого банного комплекса с 9:00 до 11:00 (не более 5 гостей) - до 5 авторских процедур в подарок «Ритуал Воздуха» или «Сила Стихий»; Разовое посещение большого банного комплекса от 4 000р./взр и детский тариф со скидкой 50% от стоимости тарифа для взрослых (Посещение не входит в стоимость, оплачивается дополнительно). Подробная информация о предоставлении услуг в Службе поддержки Курорта: тел. 8 800 550 20 20 e-mail: infocenter@kpresort.ru. Услуги предложения действуют только в период проживания и предоставляются однократно, согласно условиям в купонной книге. Купонная книга выдается при заселении из расчета: 1 номер = 1 книга. Предложение ограничено и не комбинируется с другими действующими акциями отеля. НАО «Красная поляна» оставляет за собой право изменять услуги в составе пакета. Предоставление услуг может зависеть от высокой загрузки СПА и банного комплекса.
... A35: Ежегодные регламентные работы на канатных дорогах курорта Красная Поляна пройдут с 16 марта по 24 июня 2026 года. С 10 по 31 мая будут закрыты канатные дороги Центрального сектора: («Красная Поляна» 540-960 м, «Реликтовый лес» 960-1460 м, «Вершина» 1460-2200 м, «Аибга» 2200-2050 м, «Черная Пирамида» 2050-2300 м). На время регламентных работ между уровнями 540-960 м будут курсировать шаттлы курорта. С 16 марта по 24 апреля будет закрыта канатная дорога Восточного сектора К‑13 «Водопад Поликаря. С 1 апреля по 24 апреля будут закрыты канатные дороги К‑10 «Восточный лес» и К‑12 «Старт чемпиона». К‑8 «Снежная звезда»: закрыта с 1 по 24 июня.

Sheet НсЛ FIT18
A1: Ибис Стайлс Красная Поляна 4*
A2: тариф НАПОЛНИ СВОЕ ЛЕТО
A3: нетто тарифы
A4: завтраки формата "Шведский стол" | B4: 46274 | C4: 46275 | D4: 46276 | E4: 46277 | F4: 46278 | G4: 46279 | H4: 46280 | I4: 46281 | J4: 46282 | K4: 46283 | L4: 46284 | M4: 46285 | N4: 46286 | O4: 46287 | P4: 46288 | Q4: 46289 | R4: 46290 | S4: 46291 | T4: 46292 | U4: 46293 | V4: 46294 | W4: 46295
A5: Стандартный номер - с двуспальной кроватью, Стандартный номер - с 2 односпальными кроватями
A6: 1 | B6: =НсЛ!B6*0.87 -> 5364 | C6: =НсЛ!C6*0.87 -> 5364 | D6: =НсЛ!D6*0.87 -> 5364 | E6: =НсЛ!E6*0.87 -> 5364 | F6: =НсЛ!F6*0.87 -> 5129 | G6: =НсЛ!G6*0.87 -> 5129 | H6: =НсЛ!H6*0.87 -> 5129 | I6: =НсЛ!I6*0.87 -> 5129 | ... W6: =НсЛ!W6*0.87 -> 4894
A7: 2 | B7: =НсЛ!B7*0.87 -> 6656 | C7: =НсЛ!C7*0.87 -> 6656 | D7: =НсЛ!D7*0.87 -> 6656 | E7: =НсЛ!E7*0.87 -> 6656 | F7: =НсЛ!F7*0.87 -> 6421 | G7: =НсЛ!G7*0.87 -> 6421 | H7: =НсЛ!H7*0.87 -> 6421 | I7: =НсЛ!I7*0.87 -> 6421 | ... W7: =НсЛ!W7*0.87 -> 6186
A8: Стандартный номер, с балконом - с двуспальной кроватью
A9: 1 | B9: =НсЛ!B9*0.87 -> 6147 | C9: =НсЛ!C9*0.87 -> 6147 | D9: =НсЛ!D9*0.87 -> 6147 | E9: =НсЛ!E9*0.87 -> 6147 | F9: =НсЛ!F9*0.87 -> 5912 | G9: =НсЛ!G9*0.87 -> 5912 | H9: =НсЛ!H9*0.87 -> 5912 | I9: =НсЛ!I9*0.87 -> 5912 | ... W9: =НсЛ!W9*0.87 -> 5677
A10: 2 | B10: =НсЛ!B10*0.87 -> 7439 | C10: =НсЛ!C10*0.87 -> 7439 | D10: =НсЛ!D10*0.87 -> 7439 | E10: =НсЛ!E10*0.87 -> 7439 | F10: =НсЛ!F10*0.87 -> 7204 | G10: =НсЛ!G10*0.87 -> 7204 | H10: =НсЛ!H10*0.87 -> 7204 | I10: =НсЛ!I10*0.87 -> 7204 | ... W10: =НсЛ!W10*0.87 -> 6969
A11: Стандартный номер, с видом на горы - с двуспальной кроватью
A12: 1 | B12: =НсЛ!B12*0.87 -> 6538 | C12: =НсЛ!C12*0.87 -> 6538 | D12: =НсЛ!D12*0.87 -> 6538 | E12: =НсЛ!E12*0.87 -> 6538 | F12: =НсЛ!F12*0.87 -> 6303 | G12: =НсЛ!G12*0.87 -> 6303 | H12: =НсЛ!H12*0.87 -> 6303 | I12: =НсЛ!I12*0.87 -> 6303 | ... W12: =НсЛ!W12*0.87 -> 6068
A13: 2 | B13: =НсЛ!B13*0.87 -> 7830 | C13: =НсЛ!C13*0.87 -> 7830 | D13: =НсЛ!D13*0.87 -> 7830 | E13: =НсЛ!E13*0.87 -> 7830 | F13: =НсЛ!F13*0.87 -> 7595 | G13: =НсЛ!G13*0.87 -> 7595 | H13: =НсЛ!H13*0.87 -> 7595 | I13: =НсЛ!I13*0.87 -> 7595 | ... W13: =НсЛ!W13*0.87 -> 7360
A14: Номер Люкс - с двуспальной кроватью
A15: 1 | B15: =НсЛ!B15*0.87 -> 9670 | C15: =НсЛ!C15*0.87 -> 9670 | D15: =НсЛ!D15*0.87 -> 9670 | E15: =НсЛ!E15*0.87 -> 9670 | F15: =НсЛ!F15*0.87 -> 9435 | G15: =НсЛ!G15*0.87 -> 9435 | H15: =НсЛ!H15*0.87 -> 9435 | I15: =НсЛ!I15*0.87 -> 9435 | ... W15: =НсЛ!W15*0.87 -> 9200
A16: 2 | B16: =НсЛ!B16*0.87 -> 10962 | C16: =НсЛ!C16*0.87 -> 10962 | D16: =НсЛ!D16*0.87 -> 10962 | E16: =НсЛ!E16*0.87 -> 10962 | F16: =НсЛ!F16*0.87 -> 10727 | G16: =НсЛ!G16*0.87 -> 10727 | H16: =НсЛ!H16*0.87 -> 10727 | I16: =НсЛ!I16*0.87 -> 10727 | ... W16: =НсЛ!W16*0.87 -> 10492
A17: Представительский Люкс - с двуспальной кроватью
A18: 1 | B18: =НсЛ!B18*0.87 -> 12019 | C18: =НсЛ!C18*0.87 -> 12019 | D18: =НсЛ!D18*0.87 -> 12019 | E18: =НсЛ!E18*0.87 -> 12019 | F18: =НсЛ!F18*0.87 -> 11784 | G18: =НсЛ!G18*0.87 -> 11784 | H18: =НсЛ!H18*0.87 -> 11784 | I18: =НсЛ!I18*0.87 -> 11784 | ... W18: =НсЛ!W18*0.87 -> 11549
A19: 2 | B19: =НсЛ!B19*0.87 -> 13311 | C19: =НсЛ!C19*0.87 -> 13311 | D19: =НсЛ!D19*0.87 -> 13311 | E19: =НсЛ!E19*0.87 -> 13311 | F19: =НсЛ!F19*0.87 -> 13076 | G19: =НсЛ!G19*0.87 -> 13076 | H19: =НсЛ!H19*0.87 -> 13076 | I19: =НсЛ!I19*0.87 -> 13076 | ... W19: =НсЛ!W19*0.87 -> 12841
A20: Пентхаус - с 2 спальнями
A21: от 1 до 4 | B21: =НсЛ!B21*0.87 -> 44514 | C21: =НсЛ!C21*0.87 -> 44514 | D21: =НсЛ!D21*0.87 -> 44514 | E21: =НсЛ!E21*0.87 -> 44514 | F21: =НсЛ!F21*0.87 -> 44279 | G21: =НсЛ!G21*0.87 -> 44279 | H21: =НсЛ!H21*0.87 -> 44279 | I21: =НсЛ!I21*0.87 -> 44279 | ... W21: =НсЛ!W21*0.87 -> 44044
A22: ВАЖНО:
A23: Дополнительно ЕДИНОРАЗОВО в стоимость заявки добавляется стоимость за купонную книгу за каждого взрослого гостя (возраст от 12 лет), стоимость - 2650 руб. за гостя и за каждого ребенка от 0-11 лет включительно -1000 рублей за ребенка. При размещении дополнительных взрослых гостей, также ЕДИНОРАЗОВО добавляется в стоимость заявки купонная книга на каждого взрослого гостя - 2650 руб. (возраст от 12 лет) и за каждого ребенка от 0-11 лет включительно -1000 руб. Стоимость купонной книги на всех взрослых и детей просим сразу добавлять в заявку. В системе трэвэллайн тариф указан без учета стоимости купонной книги на взрослых и детей, необходимо добавлять стоимость вручную.
A24: Даты тарифа (включительно):
A25: Период продажи: 17.04.2025 - 29.09.2026 Период проживания: 01.06.2026 - 30.09.2026
A26: В стоимость включено:
A27: Проживание в номере выбранной категории; Завтрак по системе "Шведский стол"; Игровые пространства для досуга и отдыха детей и взрослых (Xbox, настольный футбол, аэрохоккей и бильярд); Услуги парковки автомобиля на Поляне 960 (крытая и открытая парковка); Подъём по канатной дороге с Поляны 540 на Поляну 960; Бесплатный Wi-Fi на территории всего отеля Комната для хранения горнолыжного оборудования
A28: В предложение «Наполни свое лето» входят бесплатно (условия предоставления услуг подробно представлены в купонной книге):
A29: ✔Трансфер на побережье Черного моря Пляж Сочи Парк Отеля - по предварительной записи для всех гостей, проживающих в номере. ✔Прогулочные билеты "Панорама Красной Поляны" Для всех гостей с 7 лет, проживающих в номере. Для детей до 6 лет вкл-но билет приобретается в кассе за 1 ₽. ✔Верёвочный парк Прохождение маршрута "Воздушный сноуборд" для взрослых (рост от 140 см) либо маршрута "Маугли" для детей (рост от 110 см до 140 см). Единоразовое посещение во время проживания для всех гостей в номере с 7 лет; ✔Хаски центр Единоразовое посещение для всех гостей, проживающих в номере; ✔Капибары и друзья Единоразовое посещение для всех гостей, проживающих в номере; ✔Скидка 30% на аренду роликов или скейтборда на 1 час. Единоразовое использование для всех гостей, проживающих в номере. Количество оборудования ограничено. Действует в пункте проката на уровне 540.
A30: Дополнительная информация:
A31: Подробная информация о предоставлении услуг в Службе поддержки Курорта: тел. 8 800 550 20 20 e-mail: infocenter@kpresort.ru 🔸 В случае размещения дополнительных гостей, не указанных в бронировании, все услуги для них приобретаются отдельно в отеле. 🔸 Пляжные полотенца предоставляются по предъявлению towel card для всех проживающих гостей. Пляжное оборудование (шезлонг, зонт) предоставляется за дополнительную плату. Количество мест ограничено. 🔸 Пляж функционирует с 01.06.2026-30.09.2026, в график могут быть внесены изменения в зависимости от погодных условий. Трансфер предоставляется ежедневно для всех гостей, проживающих в номере. 🔸 Предварительная запись на трансфер обязательна. Расписание трансфера необходимо уточнять на ресепшн отеля. 🔸Услуги предложения действуют только в период проживания и предоставляются однократно, согласно условиям в Купонной книге. Купонная книга выдается при заселении из расчета: 1 номер = 1 книга. Предложение ограничено и не комбинируется с другими действующими акциями отеля. 🔸 Возврат средств за неиспользованные услуги Купонных книг не производится. НАО «Красная поляна» оставляет за собой право изменять услуги в составе пакета. Предоставление услуг может зависеть от погодных условий и графика работы канатных дорог. 🔸 Согласно приказу МЧС от 1.09.25 г. нахождение на пляжах Федеральной территории Сириус с животными запрещено (за исключением собак-поводырей). Для трансфера -питомцы в переноске разрешены к провозу (если поездка не на пляж).
A32: Условия аннуляции:
A33: В случае отмены или изменения бронирования после 00:00 часов дня заезда удерживается стоимость первых суток.

Sheet КвГ FIT18
A1: Ибис Стайлс Красная Поляна 4*
A2: тариф КАНИКУЛЫ В ГОРАХ
A3: нетто тарифы
A4: завтраки формата "Шведский стол" | B4: 46296 | C4: 46297 | D4: 46298 | E4: 46299 | F4: 46300 | G4: 46301 | H4: 46302 | I4: 46303 | J4: 46304 | K4: 46305 | L4: 46306 | M4: 46307 | N4: 46308 | O4: 46309 | P4: 46310 | Q4: 46311 | R4: 46312 | S4: 46313 | T4: 46314 | U4: 46315 | V4: 46316 | W4: 46317 | X4: 46318 | Y4: 46319 | Z4: 46320 | AA4: 46321 | AB4: 46322 | AC4: 46323 | AD4: 46324 | AE4: 46325 | AF4: 46326 | AG4: 46327 | AH4: 46328 | AI4: 46329 | AJ4: 46330 | AK4: 46331 | AL4: 46332 | AM4: 46333 | AN4: 46334 | AO4: 46335 | AP4: 46336 | AQ4: 46337 | AR4: 46338 | AS4: 46339 | AT4: 46340 | AU4: 46341 | AV4: 46342 | AW4: 46343 | AX4: 46344 | AY4: 46345 | AZ4: 46346 | BA4: 46347 | BB4: 46348 | BC4: 46349 | BD4: 46350 | BE4: 46351 | BF4: 46352 | BG4: 46353 | BH4: 46354 | BI4: 46355 | BJ4: 46356
A5: Стандартный номер - с двуспальной кроватью, Стандартный номер - с 2 односпальными кроватями
A6: 1 | B6: =ROUNDUP(BAR!X6*0.9*0.87,) -> 4738 | C6: =ROUNDUP(BAR!Y6*0.9*0.87,) -> 4973 | D6: =ROUNDUP(BAR!Z6*0.9*0.87,) -> 4973 | E6: =ROUNDUP(BAR!AA6*0.9*0.87,) -> 4738 | F6: =ROUNDUP(BAR!AB6*0.9*0.87,) -> 4738 | G6: =ROUNDUP(BAR!AC6*0.9*0.87,) -> 4738 | H6: =ROUNDUP(BAR!AD6*0.9*0.87,) -> 4738 | I6: =ROUNDUP(BAR!AE6*0.9*0.87,) -> 4738 | ... BJ6: =ROUNDUP(BAR!CF6*0.9*0.87,) -> 4268
A7: 2 | B7: =ROUNDUP(BAR!X7*0.9*0.87,) -> 6030 | C7: =ROUNDUP(BAR!Y7*0.9*0.87,) -> 6264 | D7: =ROUNDUP(BAR!Z7*0.9*0.87,) -> 6264 | E7: =ROUNDUP(BAR!AA7*0.9*0.87,) -> 6030 | F7: =ROUNDUP(BAR!AB7*0.9*0.87,) -> 6030 | G7: =ROUNDUP(BAR!AC7*0.9*0.87,) -> 6030 | H7: =ROUNDUP(BAR!AD7*0.9*0.87,) -> 6030 | I7: =ROUNDUP(BAR!AE7*0.9*0.87,) -> 6030 | ... BJ7: =ROUNDUP(BAR!CF7*0.9*0.87,) -> 5560
A8: Стандартный номер, с видом на горы - с двуспальной кроватью
A9: 1 | B9: =ROUNDUP(BAR!X9*0.9*0.87,) -> 5286 | C9: =ROUNDUP(BAR!Y9*0.9*0.87,) -> 5521 | D9: =ROUNDUP(BAR!Z9*0.9*0.87,) -> 5521 | E9: =ROUNDUP(BAR!AA9*0.9*0.87,) -> 5286 | F9: =ROUNDUP(BAR!AB9*0.9*0.87,) -> 5286 | G9: =ROUNDUP(BAR!AC9*0.9*0.87,) -> 5286 | H9: =ROUNDUP(BAR!AD9*0.9*0.87,) -> 5286 | I9: =ROUNDUP(BAR!AE9*0.9*0.87,) -> 5286 | ... BJ9: =ROUNDUP(BAR!CF9*0.9*0.87,) -> 4816
A10: 2 | B10: =ROUNDUP(BAR!X10*0.9*0.87,) -> 6578 | C10: =ROUNDUP(BAR!Y10*0.9*0.87,) -> 6813 | D10: =ROUNDUP(BAR!Z10*0.9*0.87,) -> 6813 | E10: =ROUNDUP(BAR!AA10*0.9*0.87,) -> 6578 | F10: =ROUNDUP(BAR!AB10*0.9*0.87,) -> 6578 | G10: =ROUNDUP(BAR!AC10*0.9*0.87,) -> 6578 | H10: =ROUNDUP(BAR!AD10*0.9*0.87,) -> 6578 | I10: =ROUNDUP(BAR!AE10*0.9*0.87,) -> 6578 | ... BJ10: =ROUNDUP(BAR!CF10*0.9*0.87,) -> 6108
A11: Стандартный номер, с балконом - с двуспальной кроватью
A12: 1 | B12: =ROUNDUP(BAR!X12*0.9*0.87,) -> 5912 | C12: =ROUNDUP(BAR!Y12*0.9*0.87,) -> 6147 | D12: =ROUNDUP(BAR!Z12*0.9*0.87,) -> 6147 | E12: =ROUNDUP(BAR!AA12*0.9*0.87,) -> 5912 | F12: =ROUNDUP(BAR!AB12*0.9*0.87,) -> 5912 | G12: =ROUNDUP(BAR!AC12*0.9*0.87,) -> 5912 | H12: =ROUNDUP(BAR!AD12*0.9*0.87,) -> 5912 | I12: =ROUNDUP(BAR!AE12*0.9*0.87,) -> 5912 | ... BJ12: =ROUNDUP(BAR!CF12*0.9*0.87,) -> 5442
A13: 2 | B13: =ROUNDUP(BAR!X13*0.9*0.87,) -> 7204 | C13: =ROUNDUP(BAR!Y13*0.9*0.87,) -> 7439 | D13: =ROUNDUP(BAR!Z13*0.9*0.87,) -> 7439 | E13: =ROUNDUP(BAR!AA13*0.9*0.87,) -> 7204 | F13: =ROUNDUP(BAR!AB13*0.9*0.87,) -> 7204 | G13: =ROUNDUP(BAR!AC13*0.9*0.87,) -> 7204 | H13: =ROUNDUP(BAR!AD13*0.9*0.87,) -> 7204 | I13: =ROUNDUP(BAR!AE13*0.9*0.87,) -> 7204 | ... BJ13: =ROUNDUP(BAR!CF13*0.9*0.87,) -> 6734
A14: Номер Люкс - с двуспальной кроватью
A15: 1 | B15: =ROUNDUP(BAR!X15*0.9*0.87,) -> 8261 | C15: =ROUNDUP(BAR!Y15*0.9*0.87,) -> 8496 | D15: =ROUNDUP(BAR!Z15*0.9*0.87,) -> 8496 | E15: =ROUNDUP(BAR!AA15*0.9*0.87,) -> 8261 | F15: =ROUNDUP(BAR!AB15*0.9*0.87,) -> 8261 | G15: =ROUNDUP(BAR!AC15*0.9*0.87,) -> 8261 | H15: =ROUNDUP(BAR!AD15*0.9*0.87,) -> 8261 | I15: =ROUNDUP(BAR!AE15*0.9*0.87,) -> 8261 | ... BJ15: =ROUNDUP(BAR!CF15*0.9*0.87,) -> 7791
A16: 2 | B16: =ROUNDUP(BAR!X16*0.9*0.87,) -> 9553 | C16: =ROUNDUP(BAR!Y16*0.9*0.87,) -> 9788 | D16: =ROUNDUP(BAR!Z16*0.9*0.87,) -> 9788 | E16: =ROUNDUP(BAR!AA16*0.9*0.87,) -> 9553 | F16: =ROUNDUP(BAR!AB16*0.9*0.87,) -> 9553 | G16: =ROUNDUP(BAR!AC16*0.9*0.87,) -> 9553 | H16: =ROUNDUP(BAR!AD16*0.9*0.87,) -> 9553 | I16: =ROUNDUP(BAR!AE16*0.9*0.87,) -> 9553 | ... BJ16: =ROUNDUP(BAR!CF16*0.9*0.87,) -> 9083
A17: Представительский Люкс - с двуспальной кроватью
A18: 1 | B18: =ROUNDUP(BAR!X18*0.9*0.87,) -> 10219 | C18: =ROUNDUP(BAR!Y18*0.9*0.87,) -> 10454 | D18: =ROUNDUP(BAR!Z18*0.9*0.87,) -> 10454 | E18: =ROUNDUP(BAR!AA18*0.9*0.87,) -> 10219 | F18: =ROUNDUP(BAR!AB18*0.9*0.87,) -> 10219 | G18: =ROUNDUP(BAR!AC18*0.9*0.87,) -> 10219 | H18: =ROUNDUP(BAR!AD18*0.9*0.87,) -> 10219 | I18: =ROUNDUP(BAR!AE18*0.9*0.87,) -> 10219 | ... BJ18: =ROUNDUP(BAR!CF18*0.9*0.87,) -> 9749
A19: 2 | B19: =ROUNDUP(BAR!X19*0.9*0.87,) -> 11511 | C19: =ROUNDUP(BAR!Y19*0.9*0.87,) -> 11745 | D19: =ROUNDUP(BAR!Z19*0.9*0.87,) -> 11745 | E19: =ROUNDUP(BAR!AA19*0.9*0.87,) -> 11511 | F19: =ROUNDUP(BAR!AB19*0.9*0.87,) -> 11511 | G19: =ROUNDUP(BAR!AC19*0.9*0.87,) -> 11511 | H19: =ROUNDUP(BAR!AD19*0.9*0.87,) -> 11511 | I19: =ROUNDUP(BAR!AE19*0.9*0.87,) -> 11511 | ... BJ19: =ROUNDUP(BAR!CF19*0.9*0.87,) -> 11041
A20: Пентхаус - с 2 спальнями
A21: от 1 до 4 | B21: =ROUNDUP(BAR!X21*0.9*0.87,) -> 39973 | C21: =ROUNDUP(BAR!Y21*0.9*0.87,) -> 40208 | D21: =ROUNDUP(BAR!Z21*0.9*0.87,) -> 40208 | E21: =ROUNDUP(BAR!AA21*0.9*0.87,) -> 39973 | F21: =ROUNDUP(BAR!AB21*0.9*0.87,) -> 39973 | G21: =ROUNDUP(BAR!AC21*0.9*0.87,) -> 39973 | H21: =ROUNDUP(BAR!AD21*0.9*0.87,) -> 39973 | I21: =ROUNDUP(BAR!AE21*0.9*0.87,) -> 39973 | ... BJ21: =ROUNDUP(BAR!CF21*0.9*0.87,) -> 39503
A22: ВАЖНО:
A23: Дополнительно ЕДИНОРАЗОВО в стоимость заявки добавляется стоимость за купонную книгу за каждого взрослого гостя (возраст от 12 лет), стоимость - 2650 руб. за гостя и за каждого ребенка от 0-11 лет включительно -1000 рублей за ребенка. При размещении дополнительных взрослых гостей, также ЕДИНОРАЗОВО добавляется в стоимость заявки купонная книга на каждого взрослого гостя - 2650 руб. (возраст от 12 лет) и за каждого ребенка от 0-11 лет включительно -1000 руб. Стоимость купонной книги на всех взрослых и детей просим сразу добавлять в заявку. В системе трэвэллайн тариф указан без учета стоимости купонной книги на взрослых и детей, необходимо добавлять стоимость вручную.
A24: Даты тарифа:
A25: Период продажи: 19.08.2026 - 30.11.2026 Период проживания: 01.10.2026 - 01.12.2026
A26: Условия аннуляции:
A27: В случае отмены или изменения бронирования после 00:00 часов дня заезда удерживается стоимость первых суток.
A28: В стоимость включено:
A29: Проживание в номере выбранной категории; Завтрак по системе "Шведский стол"; Посещение СПА-центра и тренажерного зала отеля; Услуги парковки автомобиля на Поляне 960 (крытая и открытая парковка); Подъём по канатной дороге с Поляны 540 на Поляну 960; Бесплатный Wi-Fi на территории всего отеля; Комната для хранения горнолыжного оборудования Бесплатное размещение 2-х детей до 12 лет вкл-но. Бесплатно предоставляются завтраки для 2-х детей и одно дополнительное место в номерах высокой категории. Второй ребенок размещается на основных спальных местах. В категориях Классический, Улучш.Классический и Классический улучшенный номер Комфорт не устанавливаются доп.места (2-ое детей размещаются только на основных местах).
A30: По купонной книге в предложение "Каникулы в горах" входят бесплатно:
A31: • прогулочные билеты "Панорама Красной Поляны" (Для всех гостей с 7 лет, проживающих в номере. Для детей до 6 лет вкл-но билет приобретается в кассе за 1 ₽) • посещение одного маршрута в веревочном парке (единоразовое посещение для всех гостей, проживающих в номере) • посещение хаски центра (единоразовое посещение для всех гостей, проживающих в номере, дети до 4-х лет посещают парк исключительно в сопровождении родителей) • посещение парка -капибара и друзья (единоразовое посещение для всех гостей, проживающих в номере, дети до 8 лет посещают парк исключительно в сопровождении родителей) • 20% скидку на посещение Сочи Парка (единоразовое посещение для всех гостей, проживающих в номере)* • 50% скидку на посещение Аквапарка (единоразовое посещение для всех гостей, проживающих в номере)
A32: Дополнительная информация:
A33: Услуги и бонусы предложения действуют только в период проживания и предоставляются однократно, согласно условиям в купонной книге. Купонная книга выдается при заселении из расчета: 1 номер = 1 книга. Предложение ограничено и не комбинируется с другими действующими акциями отеля. НАО «Красная поляна» оставляет за собой право изменять услуги в составе пакета. Предоставление услуг может зависеть от погодных условий и графика работы канатных дорог.

Sheet ТЧК FIT18
A1: Ибис Стайлс Красная Поляна 4*
A2: ТОЧКА ПРИТЯЖЕНИЯ
A3: Открытые тарифы
A4: завтраки формата "Шведский стол" | B4: 46190 | C4: 46191 | D4: 46192 | E4: 46193 | F4: =BAR!#REF! -> #REF! | G4: =BAR!#REF! -> #REF! | H4: =BAR!#REF! -> #REF! | I4: =BAR!#REF! -> #REF! | J4: =BAR!#REF! -> #REF! | K4: =BAR!#REF! -> #REF! | L4: =BAR!#REF! -> #REF! | M4: =BAR!#REF! -> #REF! | ... BY4: =BAR!#REF! -> #REF!
A5: Стандартный номер - с двуспальной кроватью, Стандартный номер - с 2 односпальными кроватями
A6: 1 | B6: =ТЧК!B6*0.87 -> #REF! | C6: =ТЧК!C6*0.87 -> #REF! | D6: =ТЧК!D6*0.87 -> #REF! | E6: =ТЧК!E6*0.87 -> #REF! | F6: =ТЧК!#REF!*0.87 -> #REF! | G6: =ТЧК!#REF!*0.87 -> #REF! | H6: =ТЧК!#REF!*0.87 -> #REF! | I6: =ТЧК!#REF!*0.87 -> #REF! | J6: =ТЧК!#REF!*0.87 -> #REF! | K6: =ТЧК!#REF!*0.87 -> #REF! | L6: =ТЧК!#REF!*0.87 -> #REF! | M6: =ТЧК!#REF!*0.87 -> #REF! | ... Z6: =ТЧК!#REF!*0.87 -> #REF! | AA6: =ТЧК!F6*0.87 -> #REF! | AB6: =ТЧК!G6*0.87 -> #REF! | AC6: =ТЧК!H6*0.87 -> #REF! | AD6: =ТЧК!I6*0.87 -> #REF! | AE6: =ТЧК!J6*0.87 -> #REF! | AF6: =ТЧК!K6*0.87 -> #REF! | AG6: =ТЧК!L6*0.87 -> #REF! | AH6: =ТЧК!M6*0.87 -> #REF! | ... BY6: =ТЧК!BD6*0.87 -> #REF!
A7: 2 | B7: =ТЧК!B7*0.87 -> #REF! | C7: =ТЧК!C7*0.87 -> #REF! | D7: =ТЧК!D7*0.87 -> #REF! | E7: =ТЧК!E7*0.87 -> #REF! | F7: =ТЧК!#REF!*0.87 -> #REF! | G7: =ТЧК!#REF!*0.87 -> #REF! | H7: =ТЧК!#REF!*0.87 -> #REF! | I7: =ТЧК!#REF!*0.87 -> #REF! | J7: =ТЧК!#REF!*0.87 -> #REF! | K7: =ТЧК!#REF!*0.87 -> #REF! | L7: =ТЧК!#REF!*0.87 -> #REF! | M7: =ТЧК!#REF!*0.87 -> #REF! | ... Z7: =ТЧК!#REF!*0.87 -> #REF! | AA7: =ТЧК!F7*0.87 -> #REF! | AB7: =ТЧК!G7*0.87 -> #REF! | AC7: =ТЧК!H7*0.87 -> #REF! | AD7: =ТЧК!I7*0.87 -> #REF! | AE7: =ТЧК!J7*0.87 -> #REF! | AF7: =ТЧК!K7*0.87 -> #REF! | AG7: =ТЧК!L7*0.87 -> #REF! | AH7: =ТЧК!M7*0.87 -> #REF! | ... BY7: =ТЧК!BD7*0.87 -> #REF!
A8: Стандартный номер, с видом на горы - с двуспальной кроватью
A9: 1 | B9: =ТЧК!B9*0.87 -> #REF! | C9: =ТЧК!C9*0.87 -> #REF! | D9: =ТЧК!D9*0.87 -> #REF! | E9: =ТЧК!E9*0.87 -> #REF! | F9: =ТЧК!#REF!*0.87 -> #REF! | G9: =ТЧК!#REF!*0.87 -> #REF! | H9: =ТЧК!#REF!*0.87 -> #REF! | I9: =ТЧК!#REF!*0.87 -> #REF! | J9: =ТЧК!#REF!*0.87 -> #REF! | K9: =ТЧК!#REF!*0.87 -> #REF! | L9: =ТЧК!#REF!*0.87 -> #REF! | M9: =ТЧК!#REF!*0.87 -> #REF! | ... Z9: =ТЧК!#REF!*0.87 -> #REF! | AA9: =ТЧК!F9*0.87 -> #REF! | AB9: =ТЧК!G9*0.87 -> #REF! | AC9: =ТЧК!H9*0.87 -> #REF! | AD9: =ТЧК!I9*0.87 -> #REF! | AE9: =ТЧК!J9*0.87 -> #REF! | AF9: =ТЧК!K9*0.87 -> #REF! | AG9: =ТЧК!L9*0.87 -> #REF! | AH9: =ТЧК!M9*0.87 -> #REF! | ... BY9: =ТЧК!BD9*0.87 -> #REF!
A10: 2 | B10: =ТЧК!B10*0.87 -> #REF! | C10: =ТЧК!C10*0.87 -> #REF! | D10: =ТЧК!D10*0.87 -> #REF! | E10: =ТЧК!E10*0.87 -> #REF! | F10: =ТЧК!#REF!*0.87 -> #REF! | G10: =ТЧК!#REF!*0.87 -> #REF! | H10: =ТЧК!#REF!*0.87 -> #REF! | I10: =ТЧК!#REF!*0.87 -> #REF! | J10: =ТЧК!#REF!*0.87 -> #REF! | K10: =ТЧК!#REF!*0.87 -> #REF! | L10: =ТЧК!#REF!*0.87 -> #REF! | M10: =ТЧК!#REF!*0.87 -> #REF! | ... Z10: =ТЧК!#REF!*0.87 -> #REF! | AA10: =ТЧК!F10*0.87 -> #REF! | AB10: =ТЧК!G10*0.87 -> #REF! | AC10: =ТЧК!H10*0.87 -> #REF! | AD10: =ТЧК!I10*0.87 -> #REF! | AE10: =ТЧК!J10*0.87 -> #REF! | AF10: =ТЧК!K10*0.87 -> #REF! | AG10: =ТЧК!L10*0.87 -> #REF! | AH10: =ТЧК!M10*0.87 -> #REF! | ... BY10: =ТЧК!BD10*0.87 -> #REF!
A11: Стандартный номер, с балконом - с двуспальной кроватью
A12: 1 | B12: =ТЧК!B12*0.87 -> #REF! | C12: =ТЧК!C12*0.87 -> #REF! | D12: =ТЧК!D12*0.87 -> #REF! | E12: =ТЧК!E12*0.87 -> #REF! | F12: =ТЧК!#REF!*0.87 -> #REF! | G12: =ТЧК!#REF!*0.87 -> #REF! | H12: =ТЧК!#REF!*0.87 -> #REF! | I12: =ТЧК!#REF!*0.87 -> #REF! | J12: =ТЧК!#REF!*0.87 -> #REF! | K12: =ТЧК!#REF!*0.87 -> #REF! | L12: =ТЧК!#REF!*0.87 -> #REF! | M12: =ТЧК!#REF!*0.87 -> #REF! | ... Z12: =ТЧК!#REF!*0.87 -> #REF! | AA12: =ТЧК!F12*0.87 -> #REF! | AB12: =ТЧК!G12*0.87 -> #REF! | AC12: =ТЧК!H12*0.87 -> #REF! | AD12: =ТЧК!I12*0.87 -> #REF! | AE12: =ТЧК!J12*0.87 -> #REF! | AF12: =ТЧК!K12*0.87 -> #REF! | AG12: =ТЧК!L12*0.87 -> #REF! | AH12: =ТЧК!M12*0.87 -> #REF! | ... BY12: =ТЧК!BD12*0.87 -> #REF!
A13: 2 | B13: =ТЧК!B13*0.87 -> #REF! | C13: =ТЧК!C13*0.87 -> #REF! | D13: =ТЧК!D13*0.87 -> #REF! | E13: =ТЧК!E13*0.87 -> #REF! | F13: =ТЧК!#REF!*0.87 -> #REF! | G13: =ТЧК!#REF!*0.87 -> #REF! | H13: =ТЧК!#REF!*0.87 -> #REF! | I13: =ТЧК!#REF!*0.87 -> #REF! | J13: =ТЧК!#REF!*0.87 -> #REF! | K13: =ТЧК!#REF!*0.87 -> #REF! | L13: =ТЧК!#REF!*0.87 -> #REF! | M13: =ТЧК!#REF!*0.87 -> #REF! | ... Z13: =ТЧК!#REF!*0.87 -> #REF! | AA13: =ТЧК!F13*0.87 -> #REF! | AB13: =ТЧК!G13*0.87 -> #REF! | AC13: =ТЧК!H13*0.87 -> #REF! | AD13: =ТЧК!I13*0.87 -> #REF! | AE13: =ТЧК!J13*0.87 -> #REF! | AF13: =ТЧК!K13*0.87 -> #REF! | AG13: =ТЧК!L13*0.87 -> #REF! | AH13: =ТЧК!M13*0.87 -> #REF! | ... BY13: =ТЧК!BD13*0.87 -> #REF!
A14: Номер Люкс - с двуспальной кроватью
A15: 1 | B15: =ТЧК!B15*0.87 -> #REF! | C15: =ТЧК!C15*0.87 -> #REF! | D15: =ТЧК!D15*0.87 -> #REF! | E15: =ТЧК!E15*0.87 -> #REF! | F15: =ТЧК!#REF!*0.87 -> #REF! | G15: =ТЧК!#REF!*0.87 -> #REF! | H15: =ТЧК!#REF!*0.87 -> #REF! | I15: =ТЧК!#REF!*0.87 -> #REF! | J15: =ТЧК!#REF!*0.87 -> #REF! | K15: =ТЧК!#REF!*0.87 -> #REF! | L15: =ТЧК!#REF!*0.87 -> #REF! | M15: =ТЧК!#REF!*0.87 -> #REF! | ... Z15: =ТЧК!#REF!*0.87 -> #REF! | AA15: =ТЧК!F15*0.87 -> #REF! | AB15: =ТЧК!G15*0.87 -> #REF! | AC15: =ТЧК!H15*0.87 -> #REF! | AD15: =ТЧК!I15*0.87 -> #REF! | AE15: =ТЧК!J15*0.87 -> #REF! | AF15: =ТЧК!K15*0.87 -> #REF! | AG15: =ТЧК!L15*0.87 -> #REF! | AH15: =ТЧК!M15*0.87 -> #REF! | ... BY15: =ТЧК!BD15*0.87 -> #REF!
A16: 2 | B16: =ТЧК!B16*0.87 -> #REF! | C16: =ТЧК!C16*0.87 -> #REF! | D16: =ТЧК!D16*0.87 -> #REF! | E16: =ТЧК!E16*0.87 -> #REF! | F16: =ТЧК!#REF!*0.87 -> #REF! | G16: =ТЧК!#REF!*0.87 -> #REF! | H16: =ТЧК!#REF!*0.87 -> #REF! | I16: =ТЧК!#REF!*0.87 -> #REF! | J16: =ТЧК!#REF!*0.87 -> #REF! | K16: =ТЧК!#REF!*0.87 -> #REF! | L16: =ТЧК!#REF!*0.87 -> #REF! | M16: =ТЧК!#REF!*0.87 -> #REF! | ... Z16: =ТЧК!#REF!*0.87 -> #REF! | AA16: =ТЧК!F16*0.87 -> #REF! | AB16: =ТЧК!G16*0.87 -> #REF! | AC16: =ТЧК!H16*0.87 -> #REF! | AD16: =ТЧК!I16*0.87 -> #REF! | AE16: =ТЧК!J16*0.87 -> #REF! | AF16: =ТЧК!K16*0.87 -> #REF! | AG16: =ТЧК!L16*0.87 -> #REF! | AH16: =ТЧК!M16*0.87 -> #REF! | ... BY16: =ТЧК!BD16*0.87 -> #REF!
A17: Представительский Люкс - с двуспальной кроватью
A18: 1 | B18: =ТЧК!B18*0.87 -> #REF! | C18: =ТЧК!C18*0.87 -> #REF! | D18: =ТЧК!D18*0.87 -> #REF! | E18: =ТЧК!E18*0.87 -> #REF! | F18: =ТЧК!#REF!*0.87 -> #REF! | G18: =ТЧК!#REF!*0.87 -> #REF! | H18: =ТЧК!#REF!*0.87 -> #REF! | I18: =ТЧК!#REF!*0.87 -> #REF! | J18: =ТЧК!#REF!*0.87 -> #REF! | K18: =ТЧК!#REF!*0.87 -> #REF! | L18: =ТЧК!#REF!*0.87 -> #REF! | M18: =ТЧК!#REF!*0.87 -> #REF! | ... Z18: =ТЧК!#REF!*0.87 -> #REF! | AA18: =ТЧК!F18*0.87 -> #REF! | AB18: =ТЧК!G18*0.87 -> #REF! | AC18: =ТЧК!H18*0.87 -> #REF! | AD18: =ТЧК!I18*0.87 -> #REF! | AE18: =ТЧК!J18*0.87 -> #REF! | AF18: =ТЧК!K18*0.87 -> #REF! | AG18: =ТЧК!L18*0.87 -> #REF! | AH18: =ТЧК!M18*0.87 -> #REF! | ... BY18: =ТЧК!BD18*0.87 -> #REF!
A19: 2 | B19: =ТЧК!B19*0.87 -> #REF! | C19: =ТЧК!C19*0.87 -> #REF! | D19: =ТЧК!D19*0.87 -> #REF! | E19: =ТЧК!E19*0.87 -> #REF! | F19: =ТЧК!#REF!*0.87 -> #REF! | G19: =ТЧК!#REF!*0.87 -> #REF! | H19: =ТЧК!#REF!*0.87 -> #REF! | I19: =ТЧК!#REF!*0.87 -> #REF! | J19: =ТЧК!#REF!*0.87 -> #REF! | K19: =ТЧК!#REF!*0.87 -> #REF! | L19: =ТЧК!#REF!*0.87 -> #REF! | M19: =ТЧК!#REF!*0.87 -> #REF! | ... Z19: =ТЧК!#REF!*0.87 -> #REF! | AA19: =ТЧК!F19*0.87 -> #REF! | AB19: =ТЧК!G19*0.87 -> #REF! | AC19: =ТЧК!H19*0.87 -> #REF! | AD19: =ТЧК!I19*0.87 -> #REF! | AE19: =ТЧК!J19*0.87 -> #REF! | AF19: =ТЧК!K19*0.87 -> #REF! | AG19: =ТЧК!L19*0.87 -> #REF! | AH19: =ТЧК!M19*0.87 -> #REF! | ... BY19: =ТЧК!BD19*0.87 -> #REF!
A20: Пентхаус - с 2 спальнями
A21: от 1 до 4 | B21: =ТЧК!B21*0.87 -> #REF! | C21: =ТЧК!C21*0.87 -> #REF! | D21: =ТЧК!D21*0.87 -> #REF! | E21: =ТЧК!E21*0.87 -> #REF! | F21: =ТЧК!#REF!*0.87 -> #REF! | G21: =ТЧК!#REF!*0.87 -> #REF! | H21: =ТЧК!#REF!*0.87 -> #REF! | I21: =ТЧК!#REF!*0.87 -> #REF! | J21: =ТЧК!#REF!*0.87 -> #REF! | K21: =ТЧК!#REF!*0.87 -> #REF! | L21: =ТЧК!#REF!*0.87 -> #REF! | M21: =ТЧК!#REF!*0.87 -> #REF! | ... Z21: =ТЧК!#REF!*0.87 -> #REF! | AA21: =ТЧК!F21*0.87 -> #REF! | AB21: =ТЧК!G21*0.87 -> #REF! | AC21: =ТЧК!H21*0.87 -> #REF! | AD21: =ТЧК!I21*0.87 -> #REF! | AE21: =ТЧК!J21*0.87 -> #REF! | AF21: =ТЧК!K21*0.87 -> #REF! | AG21: =ТЧК!L21*0.87 -> #REF! | AH21: =ТЧК!M21*0.87 -> #REF! | ... BY21: =ТЧК!BD21*0.87 -> #REF!
A22: Даты тарифа (включительно):
A23: Период продажи: 17.06.2026 - 29.06.2026 Период проживания: 12.07.2026 - 31.08.2026
A24: Ограничения:
A25: Минимальный срок проживания - 2 ночи
A26: В стоимость включено:
A27: 🔸Скидка 20% на проживание в номере выбранной категории; 🔸Завтрак по системе "Шведский стол"; 🔸Игровые пространства для досуга и отдыха детей и взрослых (Xbox, настольный футбол, аэрохоккей и бильярд); 🔸Услуги парковки автомобиля на Поляне 960 (крытая и открытая парковка); 🔸Подъём по канатной дороге с Поляны 540 на Поляну 960; 🔸Бесплатный Wi-Fi на территории всего отеля; 🔸Прогулочный билет на все открытые канатные дороги для всех гостей в бронировании (предоставляется один раз во время проживания). 🔸Скидка 15% на меню в ресторане (-ах) отеля (на весь чек, на все время проживания)
A28: Условия аннуляции:
A29: Для оформления бронирования необходимо внести 100% предоплату в размере полной стоимости проживания. В случае отмены или изменения бронирования после 00:00 часов дня заезда удерживается стоимость первых суток.
A30: Пропуск "Сочинский национальный парк":
A31: Территория Курорта Красная поляна является особо охраняемой природной территорией "Сочинский национальный парк". При подъёме выше отметки +960 и при прогулках по экотропам Курорта, вам необходимо оформить пропуск. *Детям дошкольного и школьного возраста, гостям пенсионного возраста - приобретают льготный билет (0Р) в кассе Сочинского национального парка, на высоте 960 Купить пропуск в национальный парк https://npsochi.ru/tickets/ Ознакомиться с правилами Сочинского национального парка https://npsochi.ru/rules/

Sheet RO FIT18 
A1: Ибис Стайлс Красная Поляна 4*
A2: тариф БАЗОВЫЙ БЕЗ ЗАВТРАКА
A3: нетто тарифы
A4: Проживание без питания (Room only) | B4: =RO!#REF! -> #REF! | C4: =RO!#REF! -> #REF! | D4: =RO!#REF! -> #REF! | E4: =RO!#REF! -> #REF! | F4: =RO!#REF! -> #REF! | G4: =RO!#REF! -> #REF! | H4: =RO!#REF! -> #REF! | I4: =RO!#REF! -> #REF! | ... AJ4: =RO!#REF! -> #REF! | AK4: =RO!B4 -> #REF! | AL4: =RO!C4 -> #REF! | AM4: =RO!D4 -> #REF! | AN4: =RO!E4 -> #REF! | AO4: =RO!F4 -> #REF! | AP4: =RO!G4 -> #REF! | AQ4: =RO!H4 -> #REF! | AR4: =RO!I4 -> #REF! | ... FH4: =RO!DY4 -> 46380
A5: Стандартный номер - с двуспальной кроватью, Стандартный номер - с 2 односпальными кроватями
A6: от 1 до 2 | B6: =ROUNDUP(RO!#REF!*0.85,) -> #REF! | C6: =ROUNDUP(RO!#REF!*0.85,) -> #REF! | D6: =ROUNDUP(RO!#REF!*0.85,) -> #REF! | E6: =ROUNDUP(RO!#REF!*0.85,) -> #REF! | F6: =ROUNDUP(RO!#REF!*0.85,) -> #REF! | G6: =ROUNDUP(RO!#REF!*0.85,) -> #REF! | H6: =ROUNDUP(RO!#REF!*0.85,) -> #REF! | I6: =ROUNDUP(RO!#REF!*0.85,) -> #REF! | ... AJ6: =ROUNDUP(RO!#REF!*0.85,) -> #REF! | AK6: =ROUNDUP(RO!B6*0.85,) -> #REF! | AL6: =ROUNDUP(RO!C6*0.85,) -> #REF! | AM6: =ROUNDUP(RO!D6*0.85,) -> #REF! | AN6: =ROUNDUP(RO!E6*0.85,) -> #REF! | AO6: =ROUNDUP(RO!F6*0.85,) -> #REF! | AP6: =ROUNDUP(RO!G6*0.85,) -> #REF! | AQ6: =ROUNDUP(RO!H6*0.85,) -> #REF! | AR6: =ROUNDUP(RO!I6*0.85,) -> #REF! | ... FH6: =ROUNDUP(RO!DY6*0.85,) -> 5270
A7: Стандартный номер, с балконом - с двуспальной кроватью
A8: от 1 до 2 | B8: =ROUNDUP(RO!#REF!*0.85,) -> #REF! | C8: =ROUNDUP(RO!#REF!*0.85,) -> #REF! | D8: =ROUNDUP(RO!#REF!*0.85,) -> #REF! | E8: =ROUNDUP(RO!#REF!*0.85,) -> #REF! | F8: =ROUNDUP(RO!#REF!*0.85,) -> #REF! | G8: =ROUNDUP(RO!#REF!*0.85,) -> #REF! | H8: =ROUNDUP(RO!#REF!*0.85,) -> #REF! | I8: =ROUNDUP(RO!#REF!*0.85,) -> #REF! | ... AJ8: =ROUNDUP(RO!#REF!*0.85,) -> #REF! | AK8: =ROUNDUP(RO!B8*0.85,) -> #REF! | AL8: =ROUNDUP(RO!C8*0.85,) -> #REF! | AM8: =ROUNDUP(RO!D8*0.85,) -> #REF! | AN8: =ROUNDUP(RO!E8*0.85,) -> #REF! | AO8: =ROUNDUP(RO!F8*0.85,) -> #REF! | AP8: =ROUNDUP(RO!G8*0.85,) -> #REF! | AQ8: =ROUNDUP(RO!H8*0.85,) -> #REF! | AR8: =ROUNDUP(RO!I8*0.85,) -> #REF! | ... FH8: =ROUNDUP(RO!DY8*0.85,) -> 5865
A9: Стандартный номер, с видом на горы - с двуспальной кроватью
A10: от 1 до 2 | B10: =ROUNDUP(RO!#REF!*0.85,) -> #REF! | C10: =ROUNDUP(RO!#REF!*0.85,) -> #REF! | D10: =ROUNDUP(RO!#REF!*0.85,) -> #REF! | E10: =ROUNDUP(RO!#REF!*0.85,) -> #REF! | F10: =ROUNDUP(RO!#REF!*0.85,) -> #REF! | G10: =ROUNDUP(RO!#REF!*0.85,) -> #REF! | H10: =ROUNDUP(RO!#REF!*0.85,) -> #REF! | I10: =ROUNDUP(RO!#REF!*0.85,) -> #REF! | ... AJ10: =ROUNDUP(RO!#REF!*0.85,) -> #REF! | AK10: =ROUNDUP(RO!B10*0.85,) -> #REF! | AL10: =ROUNDUP(RO!C10*0.85,) -> #REF! | AM10: =ROUNDUP(RO!D10*0.85,) -> #REF! | AN10: =ROUNDUP(RO!E10*0.85,) -> #REF! | AO10: =ROUNDUP(RO!F10*0.85,) -> #REF! | AP10: =ROUNDUP(RO!G10*0.85,) -> #REF! | AQ10: =ROUNDUP(RO!H10*0.85,) -> #REF! | AR10: =ROUNDUP(RO!I10*0.85,) -> #REF! | ... FH10: =ROUNDUP(RO!DY10*0.85,) -> 6545
A11: Номер Люкс - с двуспальной кроватью
A12: от 1 до 2 | B12: =ROUNDUP(RO!#REF!*0.85,) -> #REF! | C12: =ROUNDUP(RO!#REF!*0.85,) -> #REF! | D12: =ROUNDUP(RO!#REF!*0.85,) -> #REF! | E12: =ROUNDUP(RO!#REF!*0.85,) -> #REF! | F12: =ROUNDUP(RO!#REF!*0.85,) -> #REF! | G12: =ROUNDUP(RO!#REF!*0.85,) -> #REF! | H12: =ROUNDUP(RO!#REF!*0.85,) -> #REF! | I12: =ROUNDUP(RO!#REF!*0.85,) -> #REF! | ... AJ12: =ROUNDUP(RO!#REF!*0.85,) -> #REF! | AK12: =ROUNDUP(RO!B12*0.85,) -> #REF! | AL12: =ROUNDUP(RO!C12*0.85,) -> #REF! | AM12: =ROUNDUP(RO!D12*0.85,) -> #REF! | AN12: =ROUNDUP(RO!E12*0.85,) -> #REF! | AO12: =ROUNDUP(RO!F12*0.85,) -> #REF! | AP12: =ROUNDUP(RO!G12*0.85,) -> #REF! | AQ12: =ROUNDUP(RO!H12*0.85,) -> #REF! | AR12: =ROUNDUP(RO!I12*0.85,) -> #REF! | ... FH12: =ROUNDUP(RO!DY12*0.85,) -> 9095
A13: Представительский Люкс - с двуспальной кроватью
A14: от 1 до 2 | B14: =ROUNDUP(RO!#REF!*0.85,) -> #REF! | C14: =ROUNDUP(RO!#REF!*0.85,) -> #REF! | D14: =ROUNDUP(RO!#REF!*0.85,) -> #REF! | E14: =ROUNDUP(RO!#REF!*0.85,) -> #REF! | F14: =ROUNDUP(RO!#REF!*0.85,) -> #REF! | G14: =ROUNDUP(RO!#REF!*0.85,) -> #REF! | H14: =ROUNDUP(RO!#REF!*0.85,) -> #REF! | I14: =ROUNDUP(RO!#REF!*0.85,) -> #REF! | ... AJ14: =ROUNDUP(RO!#REF!*0.85,) -> #REF! | AK14: =ROUNDUP(RO!B14*0.85,) -> #REF! | AL14: =ROUNDUP(RO!C14*0.85,) -> #REF! | AM14: =ROUNDUP(RO!D14*0.85,) -> #REF! | AN14: =ROUNDUP(RO!E14*0.85,) -> #REF! | AO14: =ROUNDUP(RO!F14*0.85,) -> #REF! | AP14: =ROUNDUP(RO!G14*0.85,) -> #REF! | AQ14: =ROUNDUP(RO!H14*0.85,) -> #REF! | AR14: =ROUNDUP(RO!I14*0.85,) -> #REF! | ... FH14: =ROUNDUP(RO!DY14*0.85,) -> 11220
A15: Даты тарифа (включительно):
A16: Период продажи: 25.03.2026 - 23.12.2026 Период проживания: 12.04.2026 - 24.12.2026
A17: Закрытые даты (включительно):
A18: 15.07.2026-30.11.2026
A19: В стоимость включено:
A20: Проживание в номере выбранной категории; Игровые пространства для досуга и отдыха детей и взрослых (Xbox, настольный футбол, аэрохоккей и бильярд); Услуги парковки автомобиля на Поляне 960 (крытая и открытая парковка); Подъём по канатной дороге с Поляны 540 на Поляну 960; Бесплатный Wi-Fi на территории всего отеля Комната для хранения горнолыжного оборудования
A21: Условия аннуляции:
A22: В случае отмены или изменения бронирования после 00:00 часов дня заезда удерживается стоимость первых суток.

Sheet нетто FIT18+25
A1: Ибис Стайлс Красная Поляна 4*
A2: Тариф "Базовый с завтраком"
A3: нетто тарифы
A4: завтраки формата "Шведский стол" | B4: 46274 | C4: 46275 | D4: 46276 | E4: 46277 | F4: 46278 | G4: 46279 | H4: 46280 | I4: 46281 | J4: 46282 | K4: 46283 | L4: 46284 | M4: 46285 | N4: 46286 | O4: 46287 | P4: 46288 | Q4: 46289 | R4: 46290 | S4: 46291 | T4: 46292 | U4: 46293 | V4: 46294 | W4: 46295 | X4: 46296 | Y4: 46297 | Z4: 46298 | AA4: 46299 | AB4: 46300 | AC4: 46301 | AD4: 46302 | AE4: 46303 | AF4: 46304 | AG4: 46305 | AH4: 46306 | AI4: 46307 | AJ4: 46308 | AK4: 46309 | AL4: 46310 | AM4: 46311 | AN4: 46312 | AO4: 46313 | AP4: 46314 | AQ4: 46315 | AR4: 46316 | AS4: 46317 | AT4: 46318 | AU4: 46319 | AV4: 46320 | AW4: 46321 | AX4: 46322 | AY4: 46323 | AZ4: 46324 | BA4: 46325 | BB4: 46326 | BC4: 46327 | BD4: 46328 | BE4: 46329 | BF4: 46330 | BG4: 46331 | BH4: 46332 | BI4: 46333 | BJ4: 46334 | BK4: 46335 | BL4: 46336 | BM4: 46337 | BN4: 46338 | BO4: 46339 | BP4: 46340 | BQ4: 46341 | BR4: 46342 | BS4: 46343 | BT4: 46344 | BU4: 46345 | BV4: 46346 | BW4: 46347 | BX4: 46348 | BY4: 46349 | BZ4: 46350 | CA4: 46351 | CB4: 46352 | CC4: 46353 | CD4: 46354 | CE4: 46355 | CF4: 46356 | CG4: 46357 | CH4: 46358 | CI4: 46359 | CJ4: 46360 | CK4: 46361 | CL4: 46362 | CM4: 46363 | CN4: 46364 | CO4: 46365 | CP4: 46366 | CQ4: 46367 | CR4: 46368 | CS4: 46369 | CT4: 46370 | CU4: 46371 | CV4: 46372 | CW4: 46373 | CX4: 46374 | CY4: 46375 | CZ4: 46376 | DA4: 46377 | DB4: 46378 | DC4: 46379 | DD4: 46380 | DE4: 46381 | DF4: 46382 | DG4: 46383 | DH4: 46384 | DI4: 46385 | DJ4: 46386 | DK4: 46387 | DL4: 46388 | DM4: 46389 | DN4: 46390 | DO4: 46391 | DP4: 46392 | DQ4: 46393 | DR4: 46394 | DS4: 46395 | DT4: 46396 | DU4: 46397 | DV4: 46398 | DW4: 46399 | DX4: 46400 | DY4: 46401 | DZ4: 46402 | EA4: 46403 | EB4: 46404 | EC4: 46405 | ED4: 46406 | EE4: 46407 | EF4: 46408 | EG4: 46409 | EH4: 46410 | EI4: 46411 | EJ4: 46412 | EK4: 46413 | EL4: 46414 | EM4: 46415 | EN4: 46416 | EO4: 46417 | EP4: 46418 | EQ4: 46419 | ER4: 46420 | ES4: 46421 | ET4: 46422 | EU4: 46423 | EV4: 46424 | EW4: 46425 | EX4: 46426 | EY4: 46427 | EZ4: 46428 | FA4: 46429 | FB4: 46430 | FC4: 46431 | FD4: 46432 | FE4: 46433 | FF4: 46434 | FG4: 46435 | FH4: 46436 | FI4: 46437 | FJ4: 46438 | FK4: 46439 | FL4: 46440 | FM4: 46441 | FN4: 46442 | FO4: 46443 | FP4: 46444 | FQ4: 46445 | FR4: 46446 | FS4: 46447 | FT4: 46448 | FU4: 46449 | FV4: 46450 | FW4: 46451 | FX4: 46452 | FY4: 46453 | FZ4: 46454 | GA4: 46455 | GB4: 46456 | GC4: 46457 | GD4: 46458 | GE4: 46459 | GF4: 46460 | GG4: 46461 | GH4: 46462 | GI4: 46463 | GJ4: 46464 | GK4: 46465 | GL4: 46466 | GM4: 46467 | GN4: 46468 | GO4: 46469 | GP4: 46470 | GQ4: 46471 | GR4: 46472 | GS4: 46473 | GT4: 46474 | GU4: 46475 | GV4: 46476 | GW4: 46477
A5: Стандартный номер - с двуспальной кроватью, Стандартный номер - с 2 односпальными кроватями
A6: 1 | B6: =ROUNDUP(BAR!B6*0.82,)+25 -> 5642 | C6: =ROUNDUP(BAR!C6*0.82,)+25 -> 5642 | D6: =ROUNDUP(BAR!D6*0.82,)+25 -> 5642 | E6: =ROUNDUP(BAR!E6*0.82,)+25 -> 5642 | F6: =ROUNDUP(BAR!F6*0.82,)+25 -> 5396 | G6: =ROUNDUP(BAR!G6*0.82,)+25 -> 5396 | H6: =ROUNDUP(BAR!H6*0.82,)+25 -> 5396 | I6: =ROUNDUP(BAR!I6*0.82,)+25 -> 5396 | ... GW6: =ROUNDUP(BAR!GW6*0.82,)+25 -> 11710
A7: 2 | B7: =ROUNDUP(BAR!B7*0.82,)+25 -> 6995 | C7: =ROUNDUP(BAR!C7*0.82,)+25 -> 6995 | D7: =ROUNDUP(BAR!D7*0.82,)+25 -> 6995 | E7: =ROUNDUP(BAR!E7*0.82,)+25 -> 6995 | F7: =ROUNDUP(BAR!F7*0.82,)+25 -> 6749 | G7: =ROUNDUP(BAR!G7*0.82,)+25 -> 6749 | H7: =ROUNDUP(BAR!H7*0.82,)+25 -> 6749 | I7: =ROUNDUP(BAR!I7*0.82,)+25 -> 6749 | ... GW7: =ROUNDUP(BAR!GW7*0.82,)+25 -> 13227
A8: Стандартный номер, с балконом - с двуспальной кроватью
A9: 1 | B9: =ROUNDUP(BAR!B9*0.82,)+25 -> 6462 | C9: =ROUNDUP(BAR!C9*0.82,)+25 -> 6462 | D9: =ROUNDUP(BAR!D9*0.82,)+25 -> 6462 | E9: =ROUNDUP(BAR!E9*0.82,)+25 -> 6462 | F9: =ROUNDUP(BAR!F9*0.82,)+25 -> 6216 | G9: =ROUNDUP(BAR!G9*0.82,)+25 -> 6216 | H9: =ROUNDUP(BAR!H9*0.82,)+25 -> 6216 | I9: =ROUNDUP(BAR!I9*0.82,)+25 -> 6216 | ... GW9: =ROUNDUP(BAR!GW9*0.82,)+25 -> 12530
A10: 2 | B10: =ROUNDUP(BAR!B10*0.82,)+25 -> 7815 | C10: =ROUNDUP(BAR!C10*0.82,)+25 -> 7815 | D10: =ROUNDUP(BAR!D10*0.82,)+25 -> 7815 | E10: =ROUNDUP(BAR!E10*0.82,)+25 -> 7815 | F10: =ROUNDUP(BAR!F10*0.82,)+25 -> 7569 | G10: =ROUNDUP(BAR!G10*0.82,)+25 -> 7569 | H10: =ROUNDUP(BAR!H10*0.82,)+25 -> 7569 | I10: =ROUNDUP(BAR!I10*0.82,)+25 -> 7569 | ... GW10: =ROUNDUP(BAR!GW10*0.82,)+25 -> 14047
A11: Стандартный номер, с видом на горы - с двуспальной кроватью
A12: 1 | B12: =ROUNDUP(BAR!B12*0.82,)+25 -> 6872 | C12: =ROUNDUP(BAR!C12*0.82,)+25 -> 6872 | D12: =ROUNDUP(BAR!D12*0.82,)+25 -> 6872 | E12: =ROUNDUP(BAR!E12*0.82,)+25 -> 6872 | F12: =ROUNDUP(BAR!F12*0.82,)+25 -> 6626 | G12: =ROUNDUP(BAR!G12*0.82,)+25 -> 6626 | H12: =ROUNDUP(BAR!H12*0.82,)+25 -> 6626 | I12: =ROUNDUP(BAR!I12*0.82,)+25 -> 6626 | ... GW12: =ROUNDUP(BAR!GW12*0.82,)+25 -> 12940
A13: 2 | B13: =ROUNDUP(BAR!B13*0.82,)+25 -> 8225 | C13: =ROUNDUP(BAR!C13*0.82,)+25 -> 8225 | D13: =ROUNDUP(BAR!D13*0.82,)+25 -> 8225 | E13: =ROUNDUP(BAR!E13*0.82,)+25 -> 8225 | F13: =ROUNDUP(BAR!F13*0.82,)+25 -> 7979 | G13: =ROUNDUP(BAR!G13*0.82,)+25 -> 7979 | H13: =ROUNDUP(BAR!H13*0.82,)+25 -> 7979 | I13: =ROUNDUP(BAR!I13*0.82,)+25 -> 7979 | ... GW13: =ROUNDUP(BAR!GW13*0.82,)+25 -> 14457
A14: Номер Люкс - с двуспальной кроватью
A15: 1 | B15: =ROUNDUP(BAR!B15*0.82,)+25 -> 10152 | C15: =ROUNDUP(BAR!C15*0.82,)+25 -> 10152 | D15: =ROUNDUP(BAR!D15*0.82,)+25 -> 10152 | E15: =ROUNDUP(BAR!E15*0.82,)+25 -> 10152 | F15: =ROUNDUP(BAR!F15*0.82,)+25 -> 9906 | G15: =ROUNDUP(BAR!G15*0.82,)+25 -> 9906 | H15: =ROUNDUP(BAR!H15*0.82,)+25 -> 9906 | I15: =ROUNDUP(BAR!I15*0.82,)+25 -> 9906 | ... GW15: =ROUNDUP(BAR!GW15*0.82,)+25 -> 17040
A16: 2 | B16: =ROUNDUP(BAR!B16*0.82,)+25 -> 11505 | C16: =ROUNDUP(BAR!C16*0.82,)+25 -> 11505 | D16: =ROUNDUP(BAR!D16*0.82,)+25 -> 11505 | E16: =ROUNDUP(BAR!E16*0.82,)+25 -> 11505 | F16: =ROUNDUP(BAR!F16*0.82,)+25 -> 11259 | G16: =ROUNDUP(BAR!G16*0.82,)+25 -> 11259 | H16: =ROUNDUP(BAR!H16*0.82,)+25 -> 11259 | I16: =ROUNDUP(BAR!I16*0.82,)+25 -> 11259 | ... GW16: =ROUNDUP(BAR!GW16*0.82,)+25 -> 18557
A17: Представительский Люкс - с двуспальной кроватью
A18: 1 | B18: =ROUNDUP(BAR!B18*0.82,)+25 -> 12612 | C18: =ROUNDUP(BAR!C18*0.82,)+25 -> 12612 | D18: =ROUNDUP(BAR!D18*0.82,)+25 -> 12612 | E18: =ROUNDUP(BAR!E18*0.82,)+25 -> 12612 | F18: =ROUNDUP(BAR!F18*0.82,)+25 -> 12366 | G18: =ROUNDUP(BAR!G18*0.82,)+25 -> 12366 | H18: =ROUNDUP(BAR!H18*0.82,)+25 -> 12366 | I18: =ROUNDUP(BAR!I18*0.82,)+25 -> 12366 | ... GW18: =ROUNDUP(BAR!GW18*0.82,)+25 -> 18680
A19: 2 | B19: =ROUNDUP(BAR!B19*0.82,)+25 -> 13965 | C19: =ROUNDUP(BAR!C19*0.82,)+25 -> 13965 | D19: =ROUNDUP(BAR!D19*0.82,)+25 -> 13965 | E19: =ROUNDUP(BAR!E19*0.82,)+25 -> 13965 | F19: =ROUNDUP(BAR!F19*0.82,)+25 -> 13719 | G19: =ROUNDUP(BAR!G19*0.82,)+25 -> 13719 | H19: =ROUNDUP(BAR!H19*0.82,)+25 -> 13719 | I19: =ROUNDUP(BAR!I19*0.82,)+25 -> 13719 | ... GW19: =ROUNDUP(BAR!GW19*0.82,)+25 -> 20197
A20: Пентхаус - с 2 спальнями
A21: от 1 до 4 | B21: =ROUNDUP(BAR!B21*0.82,)+25 -> 46642 | C21: =ROUNDUP(BAR!C21*0.82,)+25 -> 46642 | D21: =ROUNDUP(BAR!D21*0.82,)+25 -> 46642 | E21: =ROUNDUP(BAR!E21*0.82,)+25 -> 46642 | F21: =ROUNDUP(BAR!F21*0.82,)+25 -> 46396 | G21: =ROUNDUP(BAR!G21*0.82,)+25 -> 46396 | H21: =ROUNDUP(BAR!H21*0.82,)+25 -> 46396 | I21: =ROUNDUP(BAR!I21*0.82,)+25 -> 46396 | ... GW21: =ROUNDUP(BAR!GW21*0.82,)+25 -> 56810
A22: Пентхаус с тремя спальнями/ Penthouse with 3 bedroom
A23: От 1 до 6
A24: Доп.инфо:
A25: 📌Дополнительное место с завтраком: 01.04.26 - 28.12.26 взр 2650 руб/сут, реб 1850 руб/сут 29.12.26 - 08.01.27 взр 3000 руб/сут, реб 2000 руб/сут 09.01.27 - 31.03.27 взр 2850 руб/сут, реб 1950 руб/сут 📌Дополнительное место без завтрака: 01.04.26 - 28.12.26 взр 1000 руб/сут, реб 1000 руб/сут 29.12.26 - 08.01.27 взр 1000 руб/сут, реб 1000 руб/сут 09.01.27 - 31.03.27 взр 1000 руб/сут, реб 1000 руб/сут 📌Завтраки: 01.04.26 - 28.12.26 взр 1650 руб/сут, реб 850 руб/сут 29.12.26 - 08.01.27 взр 2000 руб/сут, реб 1000 руб/сут 09.01.27 - 31.03.27 взр 1850 руб/сут, реб 950 руб/сут 📌Доплата за размещение с животными (до 15 кг и 45 см в холке) – 2500 рублей/единоразово при заселении. Допустимо проживание не более 1-го животного в номере. Обязателен вет.паспорт животного. 📌Услуга "Ранний заезд или Поздний выезд" предоставляется при 100% гарантиии доп. суток размещения по возможности отеля. Негарантированный РЗ/ПВ оформляется в отеле и предоставляется по возможности отеля. Время негарантированных услуг: РЗ с 00:00 до 02:59 - 100%, с 03:00 до 15:00 - 50%; ПВ с 12:00 до 18:00 - 50%, после 18:00 - 100%.
A26: Новогодний тариф (включительно):
A27: Период продажи: 22.07.2026 – 08.01.2027 Период проживания: 29.12.2026 – 08.01.2027 Условия бронирования: При бронировании номера в даты проживания с 30.12.25-08.01.26 необходима предоплата в размере 1-х суток и полная оплата в размере 100% до 01.12.2026. Условия аннуляции: бесплатная отмена до 00:00 дня заезда и при отмене после 00:00 часов дня заезда удерживается стоимость первых суток.
A28: Даты тарифа (включительно):
A29: Период продажи: 20.03.2026 - 30.03.2027 Период проживания: 20.03.2026 - 31.03.2027
A30: В стоимость включено:
A31: Проживание в номере выбранной категории; Завтрак по системе "Шведский стол"; Игровые пространства для досуга и отдыха детей и взрослых (Xbox, настольный футбол, аэрохоккей и бильярд); Услуги парковки автомобиля на Поляне 960 (крытая и открытая парковка); Подъём по канатной дороге с Поляны 540 на Поляну 960; Бесплатный Wi-Fi на территории всего отеля Комната для хранения горнолыжного оборудования
A32: Условия аннуляции:
A33: В случае отмены или изменения бронирования после 00:00 часов дня заезда удерживается стоимость первых суток.
... A37: Вопросы и замечения по тарифным сеткам просьба направлять в адрес Супервайзеры отдела бронирования отелей ACCOR <res.supervisor.accor@kpresort.ru>

Sheet РБ10% FIT18+25
A1: Ибис Стайлс Красная Поляна 4*
A2: Тариф "Раннее бронирование со скидкой 10%, завтрак включен"
A3: нетто тарифы
A4: завтраки формата "Шведский стол" | B4: 46274 | C4: 46275 | D4: 46276 | E4: 46277 | F4: 46278 | G4: 46279 | H4: 46280 | I4: 46281 | J4: 46282 | K4: 46283 | L4: 46284 | M4: 46285 | N4: 46286 | O4: 46287 | P4: 46288 | Q4: 46289 | R4: 46290 | S4: 46291 | T4: 46292 | U4: 46293 | V4: 46294 | W4: 46295 | X4: 46296 | Y4: 46297 | Z4: 46298 | AA4: 46299 | AB4: 46300 | AC4: 46301 | AD4: 46302 | AE4: 46303 | AF4: 46304 | AG4: 46305 | AH4: 46306 | AI4: 46307 | AJ4: 46308 | AK4: 46309 | AL4: 46310 | AM4: 46311 | AN4: 46312 | AO4: 46313 | AP4: 46314 | AQ4: 46315 | AR4: 46316 | AS4: 46317 | AT4: 46318 | AU4: 46319 | AV4: 46320 | AW4: 46321 | AX4: 46322 | AY4: 46323 | AZ4: 46324 | BA4: 46325 | BB4: 46326 | BC4: 46327 | BD4: 46328 | BE4: 46329 | BF4: 46330 | BG4: 46331 | BH4: 46332 | BI4: 46333 | BJ4: 46334 | BK4: 46335 | BL4: 46336 | BM4: 46337 | BN4: 46338 | BO4: 46339 | BP4: 46340 | BQ4: 46341 | BR4: 46342 | BS4: 46343 | BT4: 46344 | BU4: 46345 | BV4: 46346 | BW4: 46347 | BX4: 46348 | BY4: 46349 | BZ4: 46350 | CA4: 46351 | CB4: 46352 | CC4: 46353 | CD4: 46354 | CE4: 46355 | CF4: 46356 | CG4: 46357 | CH4: 46358 | CI4: 46359 | CJ4: 46360 | CK4: 46361 | CL4: 46362 | CM4: 46363 | CN4: 46364 | CO4: 46365 | CP4: 46366 | CQ4: 46367 | CR4: 46368 | CS4: 46369 | CT4: 46370 | CU4: 46371 | CV4: 46372 | CW4: 46373 | CX4: 46374 | CY4: 46375 | CZ4: 46376 | DA4: 46377 | DB4: 46378 | DC4: 46379 | DD4: 46380 | DE4: 46381 | DF4: 46382 | DG4: 46383 | DH4: 46384 | DI4: 46385 | DJ4: 46386 | DK4: 46387 | DL4: 46388 | DM4: 46389 | DN4: 46390 | DO4: 46391 | DP4: 46392 | DQ4: 46393 | DR4: 46394 | DS4: 46395 | DT4: 46396 | DU4: 46397 | DV4: 46398 | DW4: 46399 | DX4: 46400 | DY4: 46401 | DZ4: 46402 | EA4: 46403 | EB4: 46404 | EC4: 46405 | ED4: 46406 | EE4: 46407 | EF4: 46408 | EG4: 46409 | EH4: 46410 | EI4: 46411 | EJ4: 46412 | EK4: 46413 | EL4: 46414 | EM4: 46415 | EN4: 46416 | EO4: 46417 | EP4: 46418 | EQ4: 46419 | ER4: 46420 | ES4: 46421 | ET4: 46422 | EU4: 46423 | EV4: 46424 | EW4: 46425 | EX4: 46426 | EY4: 46427 | EZ4: 46428 | FA4: 46429 | FB4: 46430 | FC4: 46431 | FD4: 46432 | FE4: 46433 | FF4: 46434 | FG4: 46435 | FH4: 46436 | FI4: 46437 | FJ4: 46438 | FK4: 46439 | FL4: 46440 | FM4: 46441 | FN4: 46442 | FO4: 46443 | FP4: 46444 | FQ4: 46445 | FR4: 46446 | FS4: 46447 | FT4: 46448 | FU4: 46449 | FV4: 46450 | FW4: 46451 | FX4: 46452 | FY4: 46453 | FZ4: 46454 | GA4: 46455 | GB4: 46456 | GC4: 46457 | GD4: 46458 | GE4: 46459 | GF4: 46460 | GG4: 46461 | GH4: 46462 | GI4: 46463 | GJ4: 46464 | GK4: 46465 | GL4: 46466 | GM4: 46467 | GN4: 46468 | GO4: 46469 | GP4: 46470 | GQ4: 46471 | GR4: 46472 | GS4: 46473 | GT4: 46474 | GU4: 46475 | GV4: 46476 | GW4: 46477
A5: Стандартный номер - с двуспальной кроватью, Стандартный номер - с 2 односпальными кроватями
A6: 1 | B6: =ROUNDUP(BAR!B6*0.9*0.87,)+25 -> 5389 | C6: =ROUNDUP(BAR!C6*0.9*0.87,)+25 -> 5389 | D6: =ROUNDUP(BAR!D6*0.9*0.87,)+25 -> 5389 | E6: =ROUNDUP(BAR!E6*0.9*0.87,)+25 -> 5389 | F6: =ROUNDUP(BAR!F6*0.9*0.87,)+25 -> 5154 | G6: =ROUNDUP(BAR!G6*0.9*0.87,)+25 -> 5154 | H6: =ROUNDUP(BAR!H6*0.9*0.87,)+25 -> 5154 | I6: =ROUNDUP(BAR!I6*0.9*0.87,)+25 -> 5154 | ... GW6: =ROUNDUP(BAR!GW6*0.9*0.87,)+25 -> 11183
